 Dungeon Crawl Stone Soup version 0.30-a0-847-g17996783a1 (webtiles) character file.

Game seed: 16639467848419230840

10051971 scionoferis the Ninja (level 27, 206/224 HPs)
             Began as a Vampire Enchanter on Feb 26, 2023.
             Was the Champion of Dithmenos.
             Escaped with the Orb
             ... and 15 runes on Mar 4, 2023!
             The game lasted 17:08:33 (170307 turns).

scionoferis the Ninja (Vampire Enchanter)         Turns: 170307, Time: 17:08:34

Health: 206/224    AC: 26    Str: 14    XL:     27
Magic:  48/63      EV: 39    Int: 28    God:    Dithmenos [******]
Gold:   13966      SH:  0    Dex: 31    Spells: 15/80 levels left

rFire   + . .      SeeInvis +    a - +12 pair of quick blades "Gyre" and "Gimble" {protect}
rCold   + + +      Faith    .    (shield currently unavailable)
rNeg    + + +      Spirit   .    K - +3 ring mail of Biotit {Rampage Regen+ MP+9}
rPois   ∞          Reflect  .    H - +2 helmet of the Orange Skies {rC+ Will+ Str+3 Dex+3}
rElec   +          Rampage  +    q - +3 cloak "Wus Vume" {Str+2 Int+3}
rCorr   +                        L - +3 pair of gauntlets of War {Slay+5}
Will    +++..                    v - +2 pair of boots of the Thistle {rElec Stlth+}
Stlth   ++++++++++               r - dreamshard necklace {*Dream Drain}
HPRegen 1.37/turn                F - ring "Namol" {rC+ Int+3 Dex+3 Slay+2 Stlth+}
MPRegen 0.38/turn                W - ring of Gealle {rF+ rC+ rCorr Dex+3 Stlth+}

@: bloodless, wreathed by umbra
A: bloodless, fangs 3, see invisible, vampiric 2, robust 1
0: Orb of Zot
}: 15/15 runes: decaying, slimy, silver, golden, iron, obsidian, icy, bone,
abyssal, demonic, glowing, magical, fiery, dark, gossamer
a: Bat Form, Revivify, Renounce Religion, Shadow Step, Shadow Form


You escaped.
You worshipped Dithmenos.
Dithmenos was exalted by your worship.
You visited 18 branches of the dungeon, and saw 88 of its levels.
You visited Pandemonium 14 times, and saw 59 of its levels.
You visited the Abyss 1 time.
You visited 1 ziggurat, and saw 15 of its levels.
You also visited: Trove, Ice Cave and Wizlab.

You collected 25206 gold pieces.
You spent 11240 gold pieces at shops.


Innate Abilities, Weirdness & Mutations

You do not regenerate when monsters are visible.
You are frail without blood (-20% HP).
You can heal yourself when you bite living creatures.
You are immune to poison.
You have razor-sharp teeth.
You have supernaturally acute eyesight. (SInv)
You are afflicted with vampirism and can become a bat while bloodless.
You are robust. (+10% HP)


   Skills:
 O Level 27 Fighting
 - Level 21.7(25.8) Short Blades
 + Level 22.0(24.9) Long Blades
 O Level 27 Ranged Weapons
 - Level 11.0 Armour
 O Level 27 Dodging
 O Level 27 Stealth
 O Level 27 Spellcasting
 - Level 6.0 Conjurations
 O Level 27 Hexes
 O Level 27 Summonings
 - Level 15.0 Translocations
 - Level 4.0 Ice Magic
 - Level 4.0 Air Magic
 - Level 4.0 Poison Magic
 - Level 17.0 Invocations
 + Level 25.4 Evocations


You had 15 spell levels left.
You knew the following spells:

 Your Spells              Type           Power      Damage    Failure   Level
a - Ensorcelled Hibernat  Hex/Ice        100%       N/A       0%          2
b - Confusing Touch       Hex            100%       N/A       0%          3
c - Summon Hydra          Summ           56%        N/A       0%          7
d - Discord               Hex            56%        N/A       1%          8
e - Dazzling Flash        Conj/Hex       100%       N/A       0%          3
f - Apportation           Tloc           100%       N/A       0%          1
g - Summon Horrible Thin  Summ           56%        N/A       1%          8
h - Summon Mana Viper     Hex/Summ       100%       N/A       0%          5
i - Enfeeble              Hex            56%        N/A       0%          7
j - Portal Projectile     Hex/Tloc       100%       N/A       0%          3
k - Blink                 Tloc           100%       N/A       0%          2
l - Dragon's Call         Summ           56%        N/A       1%          9
m - Vhi's Electric Charg  Tloc/Air       100%       N/A       1%          3
n - Manifold Assault      Tloc           89%        N/A       1%          4

Your spell library contained the following spells:

 Spells                   Type           Power      Damage    Failure   Level
 Slow                     Hex            100%       N/A       0%          1
 Summon Small Mammal      Summ           100%       N/A       0%          1
 Call Imp                 Summ           100%       N/A       0%          2
 Lesser Beckoning         Tloc           100%       N/A       0%          2
 Call Canine Familiar     Summ           100%       N/A       0%          3
 Gell's Gravitas          Tloc           89%        N/A       0%          3
 Inner Flame              Hex/Fire       85%        N/A       0%          3
 Teleport Other           Tloc           89%        N/A       0%          3
 Tukima's Dance           Hex            100%       N/A       0%          3
 Cause Fear               Hex            56%        N/A       0%          4
 Fulminant Prism          Conj/Hex       46%        3d21      0%          4
 Summon Forest            Summ/Tloc      50%        N/A       0%          5
 Summon Cactus Giant      Summ           56%        N/A       0%          6
 Monstrous Menagerie      Summ           56%        N/A       0%          7
 Beastly Appendage        Tmut           74%        N/A       1%          1
 Foxfire                  Conj/Fire      100%       2x1d9     1%          1
 Freeze                   Ice            100%       1d10      1%          1
 Magic Dart               Conj           100%       1d8       1%          1
 Necrotise                Necr           100%       1d9       1%          1
 Sandblast                Erth           74%        2d16      1%          1
 Shock                    Conj/Air       100%       1d9       1%          1
 Sting                    Tmut/Pois      100%       1d8       1%          1
 Cigotuvi's Dreadful Rot  Necr/Pois/Air  100%       N/A       1%          2
 Passwall                 Tmut/Erth      30%        N/A       1%          2
 Poisonous Vapours        Pois/Air       100%       N/A       1%          2
 Scorch                   Fire           74%        2d9       1%          2
 Static Discharge         Conj/Air       100%       2-7/arc   1%          2
 Sublimation of Blood     Necr           37%        N/A       1%          2
 Wereblood                Tmut           37%        N/A       1%          2
 Frozen Ramparts          Ice            100%       1d16      1%          3
 Hailstorm                Conj/Ice       60%        3d13      1%          3
 Kindle Blastsparks       Fire/Tloc/Air  100%       2d18      1%          3
 Mephitic Cloud           Conj/Pois/Air  59%        N/A       1%          3
 Ozocubu's Armour         Ice            57%        N/A       1%          3
 Spider Form              Tmut/Pois      49%        N/A       1%          3
 Stone Arrow              Conj/Erth      100%       3d13      1%          3
 Swiftness                Air            57%        N/A       1%          3
 Anguish                  Hex/Necr       42%        N/A       1%          4
 Animate Armour           Summ/Erth      100%       N/A       1%          4
 Iskenderun's Mystic Bla  Conj/Tloc      77%        2d15      1%          4
 Leda's Liquefaction      Hex/Erth       42%        N/A       1%          4
 Passage of Golubria      Tloc           89%        N/A       1%          4
 Summon Ice Beast         Ice/Summ       90%        N/A       1%          4
 Summon Lightning Spire   Summ/Air       90%        N/A       1%          4
 Metabolic Englaciation   Hex/Ice        45%        N/A       1%          5
 Silence                  Hex/Air        45%        N/A       1%          5
 Yara's Violent Unravell  Hex/Tmut       42%        3d17      1%          5
 Dispersal                Tloc           44%        N/A       1%          6
 Malign Gateway           Summ/Tloc      50%        N/A       1%          7
 Spellforged Servitor     Conj/Summ      46%        N/A       1%          7
 Ignite Poison            Fire/Tmut/Pois 45%        N/A       2%          3
 Airstrike                Air            28%        2d(5-21)  2%          4
 Olgreb's Toxic Radiance  Pois           57%        N/A       2%          4
 Iskenderun's Battlesphe  Conj           63%        2d11      2%          5
 Vampiric Draining        Necr           37%        2d8       3%          3
 Flame Wave               Conj/Fire      53%        2d13      3%          4
 Sticky Flame             Conj/Fire      53%        2d7       3%          4
 Arcjolt                  Conj/Air       30%        1d40      4%          5
 Freezing Cloud           Conj/Ice/Air   29%        6-21      4%          5
 Lightning Bolt           Conj/Air       30%        1d47      4%          5
 Haunt                    Necr/Summ      42%        N/A       4%          7
 Ice Form                 Ice/Tmut       49%        N/A       5%          4
 Fireball                 Conj/Fire      26%        3d12      10%         5
 Irradiate                Conj/Tmut      26%        3d20      10%         5
 Animate Dead             Necr           37%        N/A       12%         4
 Dispel Undead            Necr           37%        3d15      12%         4
 Petrify                  Tmut/Erth      37%        N/A       12%         4
 Alistair's Intoxication  Tmut/Pois      32%        N/A       14%         5
 Disjunction              Tloc           44%        N/A       17%         8
 Conjure Ball Lightning   Conj/Air       30%        3x3d10    24%         6
 Agony                    Necr           37%        N/A       32%         5
 Blade Hands              Tmut           18%        N/A       32%         5
 Borgnjor's Vile Clutch   Necr/Erth      18%        N/A       32%         5
 Lee's Rapid Deconstruct  Erth           18%        3d11*     32%         5
 Iron Shot                Conj/Erth      26%        9d6       47%         6
 Starburst                Conj/Fire      26%        6d8       47%         6
 Eringya's Noxious Bog    Tmut/Pois      24%        N/A       63%         6
 Simulacrum               Ice/Necr       24%        N/A       63%         6
 Orb of Destruction       Conj           31%        9d10      65%         7
 Death Channel            Necr           18%        N/A       88%         6
 Statue Form              Tmut/Erth      24%        N/A       88%         6
 Ozocubu's Refrigeration  Ice            28%        4d13      89%         7
 Storm Form               Tmut/Air       24%        N/A       99%         7
 Dragon Form              Tmut           18%        N/A       100%        7
 Ignition                 Fire           18%        3d7       100%        8
 Infestation              Necr           18%        N/A       100%        8
 Lehudib's Crystal Spear  Conj/Erth      26%        10d7      100%        8
 Maxwell's Capacitive Co  Air            28%        ∞         100%        8
 Fire Storm               Conj/Fire      26%        8d7       100%        9
 Polar Vortex             Ice            28%        N/A       100%        9
 Shatter                  Erth           18%        3d17*     100%        9
 Necromutation            Tmut/Necr      Unusable   N/A       N/A         8

Inventory:

Hand Weapons
 a - the +12 pair of quick blades "Gyre" and "Gimble" (weapon) {protect}
   (You found it on level 5 of the Dungeon)
 b - the +8 arbalest "Fompamp" {penet, rN+ Str+2}
   (You found it in Pandemonium)

   Str:       It affects your strength (+2).
   rN:        It protects you from negative energy.
 s - the +6 sword of Cerebov {flame}
   (You took it off Cerebov in Pandemonium)
 t - a +9 triple crossbow of electrocution
   (You found it on level 5 of the Pits of Slime)
 A - a +9 antimagic longbow
   (You took it off a demonspawn warmonger in Pandemonium)
Missiles
 C - 5 throwing nets (quivered)
 N - 12 curare-tipped darts
Armour
 q - the +3 cloak "Wus Vume" (worn) {Str+2 Int+3}
   (You found it on level 3 of the Depths)

   Str:       It affects your strength (+2).
   Int:       It affects your intelligence (+3).
 v - the +2 pair of boots of the Thistle (worn) {rElec Stlth+}
   (You found it in Pandemonium)

   rElec:     It insulates you from electricity.
   Stlth:     It makes you more stealthy.
 B - the orb of Dispater {+Damnation *Corrode AC+5}
   (You took it off Dispater on level 7 of the Iron City of Dis)

   +Damnation: It grants the ability to hurl damnation at the cost of health and
   magic, with strength depending on Evocations skill.
   AC:        It affects your AC (+5).
   *Corrode:  It may corrode you when you take damage.
 H - the +2 helmet of the Orange Skies (worn) {rC+ Will+ Str+3 Dex+3}
   (You found it on level 5 of the Vaults)

   Str:       It affects your strength (+3).
   Dex:       It affects your dexterity (+3).
   rC:        It protects you from cold.
   Will:      It increases your willpower.
 K - the +3 ring mail of Biotit (worn) {Rampage Regen+ MP+9}
   (You found it on level 4 of the Lair of Beasts)

   MP:        It affects your magic capacity (+9).
   Regen:     It increases your rate of health regeneration.
   Rampage:   It bestows one free step when moving towards enemies.
 L - the +3 pair of gauntlets of War (worn) {Slay+5}
   (You acquired it on level 7 of the Iron City of Dis)

   Slay:      It affects your accuracy & damage with ranged weapons and melee
   (+5).
 O - a +2 pair of boots of flying
   (You acquired it on level 4 of the Swamp)
Jewellery
 r - the dreamshard necklace (around neck) {*Dream Drain}
   (You found it on level 8 of a ziggurat)

   [amulet of nothing]

   *Dream:    It shatters if its wearer takes lethal or near-lethal damage,
   preventing the blow and releasing protective dreams that heal and fight for
   the wearer.
   Drain:     It drains your maximum health when unequipped.
 F - the ring "Namol" (left hand) {rC+ Int+3 Dex+3 Slay+2 Stlth+}
   (You found it in Pandemonium)

   [ring of protection from cold]

   Int:       It affects your intelligence (+3).
   Dex:       It affects your dexterity (+3).
   Slay:      It affects your accuracy & damage with ranged weapons and melee
   (+2).
   rC:        It protects you from cold.
   Stlth:     It makes you more stealthy.
 W - the ring of Gealle (right hand) {rF+ rC+ rCorr Dex+3 Stlth+}
   (You took it off a deep elf death mage on level 3 of the Elven Halls)

   [ring of resist corrosion]

   Dex:       It affects your dexterity (+3).
   rF:        It protects you from fire.
   rC:        It protects you from cold.
   rCorr:     It protects you from acid and corrosion.
   Stlth:     It makes you more stealthy.
 Y - the amulet "Fipaarchuj" {Faith rN+ Slay+6}
   (You took it off a deep elf master archer on level 3 of the Elven Halls)

   [amulet of faith]

   It allows you to gain divine favour quickly.
   Slay:      It affects your accuracy & damage with ranged weapons and melee
   (+6).
   rN:        It protects you from negative energy.
Wands
 w - a wand of paralysis (81)
   (You found it on level 13 of the Dungeon)
 D - a wand of acid (41)
   (You found it on level 9 of the Dungeon)
 Q - a wand of digging (34)
   (You found it on level 15 of the Dungeon)
 X - a wand of iceblast (95)
   (You found it on level 10 of the Dungeon)
Scrolls
 e - a scroll of brand weapon
 g - 15 scrolls of magic mapping
 h - 12 scrolls of fear
 n - a scroll of enchant weapon
 o - 21 scrolls of fog
 y - 53 scrolls of teleportation
 E - 9 scrolls of silence
 J - 4 scrolls of summoning
 R - 26 scrolls of vulnerability
 U - 7 scrolls of blinking
 V - 14 scrolls of poison
Potions
 c - 13 potions of haste
 d - 11 potions of invisibility
 f - 12 potions of resistance
 i - 25 potions of might
 j - 12 potions of mutation
 k - 18 potions of heal wounds
 p - 16 potions of brilliance
 u - 9 potions of cancellation
 x - 25 potions of ambrosia
 z - 45 potions of curing
 I - 19 potions of flight
 M - 9 potions of magic
Miscellaneous
 l - a phantom mirror
   (You found it on level 2 of the Lair of Beasts)
 m - a condenser vane
   (You found it on level 2 of the Lair of Beasts)
 G - a lightning rod (4/4)
   (You found it on level 11 of the Dungeon)
 P - the horn of Geryon
   (You took it off Geryon in the Vestibule of Hell)
 S - a figurine of a ziggurat
 T - a box of beasts
   (You found it on level 2 of the Depths)

Dungeon Overview and Level Annotations

Branches:
Dungeon (15/15)            Temple (1/1) D:4            Lair (5/5) D:10
  Swamp (4/4) Lair:2       Spider (4/4) Lair:2        Slime (5/5) Lair:4
    Orc (2/2) D:11            Elf (3/3) Orc:2        Vaults (5/5) D:13
  Crypt (3/3) Vaults:3       Tomb (3/3) Crypt:3      Depths (4/4) D:15
   Hell (visited)             Dis (7/7) Hell            Geh (7/7) Hell
    Coc (7/7) Hell            Tar (7/7) Hell            Zot (5/5) Depths:4
  IceCv (visited)          WizLab (visited)

Altars:
Ashenzari
Cheibriados
Dithmenos
Fedhas
Gozag
Hepliaklqana
Kikubaaqudgha
Makhleb
Nemelex Xobeh
Okawaru
Qazlal
Ru
Sif Muna
Trog
Uskayaw
Vehumet
Wu Jian
Xom
Yredelemnul
Jiyva

Shops:
D:7 !?:   D:10 [   Orc:1 *[   Orc:2 [[=:!   Elf:3 (   Vaults:1 (=*   Vaults:3 =
Vaults:4 [[   Vaults:5 !?!:   Depths:1 :=:

Portals:
Hell: Depths:1 Depths:2 Depths:3 Depths:4
Abyss: Lair:2 Depths:1 Depths:3 Depths:4
Pandemonium: Depths:2

...#
#.......###+#####.######.
...# #.......###.[.#
#........ ...#
#...........#'# #.#####..
####
###'#########.###.#####..
#≈# #.# ###
#((.#......... ≈≈######
#.# ##.###..(##..#.....
≈≈~....####.#
#...#(((.(#..#.....
≈≈≈~........#
#...#(((((#..#..#..
≈≈≈~##.######
#.@.'.(8..#..#..#..
≈≈≈~.#.##
#...#((...#.....#..
≈≈≈≈....#
#...#.((.(#..#†....
≈≈~#.#..####
##.###...##.....#..
≈≈≈..#.....#
#####(.(##.###.#..
≈≈~###.###.# #..##.###.#
#.#.. ≈≈......##.#
#..##'###.###.#..
######..##.#
#..#........#.#.. #
#..##.# #....#.####.#.#..


There were no monsters in sight!


Message History

The caustic shrike barely misses you.
You hit the caustic shrike but do no damage. x2
You puncture the caustic shrike! Your bite misses the caustic shrike.
You hit the caustic shrike but do no damage.
Your shadow hits the caustic shrike with a quick blade.
The caustic shrike completely misses you.
You hit the caustic shrike.
You hit the caustic shrike but do no damage.
The caustic shrike claws you but does no damage.
You puncture the caustic shrike! You bite the caustic shrike.
You draw the caustic shrike's blood!
You feel better.
You hit the caustic shrike. You barely miss the caustic shrike.
You bite the caustic shrike, but do no damage.
You hit the caustic shrike.
Your shadow hits the caustic shrike but does no damage.
The caustic shrike completely misses you.
You puncture the caustic shrike! Your bite misses the caustic shrike.
You puncture the caustic shrike! You puncture the caustic shrike!
You barely miss the caustic shrike. The caustic shrike claws you!!
You are splashed with acid.
You resist.
You impale the caustic shrike!!
You kill the caustic shrike!
Dithmenos accepts your kill.
You see here a caustic shrike corpse.
You start resting.
HP restored.
You open the door.
An iron dragon comes into view.
A crystal echidna comes into view.
There is an open door here.
You rampage towards the iron dragon!
The helpless iron dragon fails to defend itself.
You bite the iron dragon, and draw its blood!
You perforate the iron dragon like a sieve!!!!!!
Your weapon exudes an aura of protection.
You kill the iron dragon!
Dithmenos accepts your kill.
The helpless crystal echidna fails to defend itself.
You skewer the crystal echidna like a kebab!!!!!!
You destroy the crystal echidna!
Dithmenos accepts your kill.
There is an open door here.
You open the door.
An iron dragon comes into view.
A crystal echidna comes into view.
There is an open door here.
You rampage towards the iron dragon!
The helpless iron dragon fails to defend itself.
You bite the iron dragon, and draw its blood!
You spit the iron dragon like a pig!!!!!!!
Your weapon exudes an aura of protection.
You kill the iron dragon!
Dithmenos accepts your kill.
The helpless crystal echidna fails to defend itself.
You stick the crystal echidna like a pincushion!!!!!!
You destroy the crystal echidna!
Dithmenos accepts your kill.
Save game and exit?
Welcome back, scionoferis the Vampire Enchanter.
Dithmenos says: Spread the eternal night.
Press ? for a list of commands and other information.
You open the door.
A Hell Sentinel and an iron golem come into view.
An iron golem and Serpent of Hell come into view.
There is an open door here.
Press: ? - help, v - describe, . - travel
Here: the Serpent of Hell (asleep, umbra)
The floor.
Aiming: Shadow Step
Press: ? - help, Dir - move target, f - Serpent of Hell
Aim: the Serpent of Hell (asleep, umbra)
You step into the Serpent of Hell's shadow.
A caustic shrike and a Hell Sentinel come into view.
The helpless Serpent of Hell fails to defend itself.
You perforate the Serpent of Hell like a sieve!!!!!!
Your weapon exudes an aura of protection.
You kill the Serpent of Hell!
Dithmenos accepts your kill.
The helpless caustic shrike fails to defend itself.
You bite the caustic shrike, and draw its blood!
You feel better.
You stick the caustic shrike like a pincushion!!!!!!
You kill the caustic shrike!
Dithmenos accepts your kill.
You see here a caustic shrike corpse.
You rampage towards the Hell Sentinel!
The helpless Hell Sentinel fails to defend itself.
You spit the Hell Sentinel like a pig!!!!!!
You kill the Hell Sentinel!
Dithmenos accepts your kill.
Aiming: Shadow Step
Press: ? - help, Dir - move target, f - iron golem
Aim: an iron golem (dormant, umbra)
You step into the iron golem's shadow.
The helpless iron golem fails to defend itself.
You skewer the iron golem like a kebab!!!!!!
You destroy the iron golem!
Dithmenos accepts your kill.
You rampage towards the iron golem!
The helpless iron golem fails to defend itself.
You skewer the iron golem like a kebab!!!!!!
You destroy the iron golem!
Dithmenos accepts your kill.
The helpless Hell Sentinel fails to defend itself.
You stick the Hell Sentinel like a pincushion!!!!!!
You kill the Hell Sentinel!
Dithmenos accepts your kill.
You start resting.
HP restored.
You start resting.
Magic restored.
An iron golem comes into view.
An iron giant comes into view. It is wielding a +0 giant spiked club.
You rampage towards the iron giant!
You rampage towards the iron golem!
The helpless iron golem fails to defend itself.
You perforate the iron golem like a sieve!!!!!!
Your weapon exudes an aura of protection.
You destroy the iron golem!
Dithmenos accepts your kill.
You rampage towards the iron giant!
The helpless iron giant fails to defend itself.
You bite the iron giant, and draw its blood!
You skewer the iron giant like a kebab!!!!!!
You kill the iron giant!
Dithmenos accepts your kill.
A juggernaut comes into view.
An iron golem comes into view.
You rampage towards the iron golem!
A crystal echidna comes into view.
The helpless iron golem fails to defend itself.
You perforate the iron golem like a sieve!!!!!!
Your weapon exudes an aura of protection.
You destroy the iron golem!
Dithmenos accepts your kill.
The juggernaut shouts!
You rampage towards the juggernaut!
The juggernaut hits you!! The juggernaut hits you!
Cast which spell? (? or * to list)
Aiming: Enfeeble (safe; 0% risk of failure)
Press: ? - help, Shift-Dir - straight line, f - juggernaut
Aim: a juggernaut (umbra, will inflict weakness, chance to daze and blind: 62%)
The juggernaut is enfeebled!
The crystal echidna throws volley of spikes at you.
The volley of spikes misses you.
You puncture the juggernaut!
You catch the helpless juggernaut completely off-guard!
You bite the juggernaut, and draw its blood!
You feel better.
You stick the juggernaut like a pincushion!!!!
Your shadow hits the juggernaut but does no damage.
You catch the helpless juggernaut completely off-guard!
You bite the juggernaut, and draw its blood!
You feel better.
You stick the juggernaut like a pincushion!!!!
You kill the juggernaut!
Dithmenos accepts your kill.
The crystal echidna throws crystal bolt at you.
The crystal bolt misses you. The crystal bolt burns you. You resist.
Training target 15.0 for Translocations reached!
Your Translocations skill increases to level 15!
The crystal echidna completely misses you.
You completely miss the crystal echidna.
You closely miss the crystal echidna.
Your shadow hits the crystal echidna but does no damage.
You puncture the crystal echidna!
You bite the crystal echidna, but do no damage.
You hit the crystal echidna but do no damage.
You puncture the crystal echidna! You impale the crystal echidna!!
You hit the crystal echidna but do no damage.
You puncture the crystal echidna!
Your shadow hits the crystal echidna but does no damage.
The crystal echidna throws crystal bolt at you.
The crystal bolt freezes you. You resist.
You puncture the crystal echidna!
You bite the crystal echidna, but do no damage.
You impale the crystal echidna!!
You destroy the crystal echidna!
Dithmenos accepts your kill.
You start resting.
HP restored.
You start resting.
Magic restored.
You feel clever all of a sudden.
You fade into invisibility!
You feel yourself speed up.
You open the large door.
Dispater and a Hell Sentinel come into view.
Dispater is wearing the orb of Dispater {+Damnation *Corrode AC+5}.
Found 79 gold pieces.
Aiming: Shadow Step
Press: ? - help, Dir - move target, f - Dispater
Aim: Dispater, wearing the orb of Dispater {+Damnation *Corrode AC+5} (asleep, umbra)
You step into Dispater's shadow.
A caustic shrike comes into view.
Found 136 gold pieces, a condenser vane and a runed trident.
The helpless Dispater fails to defend themself.
You perforate Dispater like a sieve!!!!!!
Your weapon exudes an aura of protection.
You hit Dispater but do no damage.
Your shadow barely misses Dispater.
The Hell Sentinel roars!
The Hell Sentinel gestures at you. The iron shot hits you!!!
Dispater gestures.
The caustic shrike screeches!
You completely miss Dispater. You puncture Dispater! You hit Dispater.
You hit Dispater but do no damage.
Press: ? - help, v - describe, . - travel
Here: Dispater, wearing the orb of Dispater {+Damnation *Corrode AC+5} (almost dead, umbra)
The floor.
Unknown command.
Casting: Enfeeble (safe; 0% risk of failure)
Confirm with . or Enter, or press ? or * to list all spells.
You feel a surge of power!
You call out to the draconic realm, and the dragon horde roars back!
A dragon arrives to answer your call! The Hell Sentinel misses you.
The Hell Sentinel hits you but does no damage.
Dispater gestures at you.
The sphere of damnation explodes!
The damnation engulfs you!!
The damnation engulfs Dispater.
Dispater completely resists.
The damnation engulfs the Hell Sentinel.
The Hell Sentinel completely resists.
The Hell Sentinel gestures at you.
The sphere of damnation explodes!
The damnation engulfs the Hell Sentinel.
The Hell Sentinel completely resists.
The damnation engulfs the Hell Sentinel.
The Hell Sentinel completely resists.
The damnation engulfs you!!
You emit a cloud of dark smoke.
The damnation engulfs Dispater.
Dispater completely resists.
Casting: Dragon's Call (dangerous; 1% risk of failure)
Confirm with . or Enter, or press ? or * to list all spells.
Okay, then.
Dispater shouts, "Give in, thou plume-plucked onion-eyed simpleton!"
You hit Dispater but do no damage. x2
You hit Dispater but do no damage. You bite Dispater, but do no damage.
You hit Dispater but do no damage.
Your shadow hits Dispater but does no damage.
Dispater shouts, "Surrender, thou horrid hasty-witted surfacer!"
Found a glowing scimitar.
A dragon arrives to answer your call! Dispater gestures at you.
The sphere of damnation explodes!
The damnation engulfs you! The Hell Sentinel gestures at you.
The sphere of damnation explodes!
The damnation engulfs the Hell Sentinel.
The Hell Sentinel completely resists.
The damnation engulfs Dispater.
Dispater completely resists.
The damnation engulfs you!!
Your quicksilver dragon breathes dispelling energy at the Hell Sentinel.
The bolt of dispelling energy hits the Hell Sentinel!!
Blink to where?
Press: ? - help, Dir - move target
As you read the scroll of blinking, it crumbles to dust.
You hear the wailing of the damned!
You hear a roar!
Okay, then.
You feel much better. A dragon arrives to answer your call!
You hear a roar!
You strike the helpless caustic shrike from behind!
You bite the caustic shrike, and draw its blood!
You feel better.
You stick the caustic shrike like a pincushion!!!!
You hit the caustic shrike.
Your shadow hits the caustic shrike with a quick blade.
You hit the caustic shrike.
You kill the caustic shrike!
Dithmenos accepts your kill.
You feel much better.
You feel much better.
You feel much better. A dragon arrives to answer your call!
Press: ? - help, v - describe, . - travel A large open door.
This square is wreathed by an umbra.
Unknown command.
Throw: 5 throwing nets
Press: ? - help, Q - select action, (/) - cycle Shift-Dir - straight line, f - Dispater
Aim: Dispater, wearing the orb of Dispater {+Damnation *Corrode AC+5} (almost dead, not watching you, ally target, umbra, 92% to hit)
You throw a throwing net. The throwing net hits Dispater.
Dispater is caught in the net!
Dispater is almost dead.
Your storm dragon barely misses the Hell Sentinel. x2
Your storm dragon tramples the Hell Sentinel but does no damage.
Dispater struggles against the net.
Your storm dragon bites the Hell Sentinel.
Your storm dragon claws the Hell Sentinel but does no damage.
Your storm dragon tramples the Hell Sentinel!
The Hell Sentinel holds its ground!
A dragon arrives to answer your call!
Your fire dragon bites the Hell Sentinel!
Your fire dragon barely misses the Hell Sentinel.
Your fire dragon tramples the Hell Sentinel but does no damage.
Your storm dragon bites the Hell Sentinel but does no damage.
Your storm dragon claws the Hell Sentinel.
Your storm dragon tramples the Hell Sentinel!
The Hell Sentinel holds its ground!
The Hell Sentinel hits your golden dragon!
The Hell Sentinel hits your golden dragon!!
Dispater struggles against the net.
There is a large open door here.
You catch the helpless Dispater completely off-guard!
You perforate Dispater like a sieve!!!!
Your weapon exudes an aura of protection.
You kill Dispater!
Dithmenos accepts your kill.
The Hell Sentinel disappears in a puff of smoke! x3
Your golden dragon completely misses the Hell Sentinel.
Your golden dragon claws the Hell Sentinel!
Your golden dragon tramples the Hell Sentinel but does no damage.
Your storm dragon bites the Hell Sentinel.
Your storm dragon claws the Hell Sentinel but does no damage.
Your storm dragon tramples the Hell Sentinel but does no damage.
The Hell Sentinel barely misses you.
The Hell Sentinel completely misses you.
Things that are here:
the orb of Dispater {+Damnation *Corrode AC+5}; a throwing net You hit the Hell Sentinel but do no damage.
You puncture the Hell Sentinel!
Found a staff of death.
You hit the Hell Sentinel but do no damage.
You bite the Hell Sentinel, but do no damage.
You puncture the Hell Sentinel!
Your shadow hits the Hell Sentinel but does no damage.
You hit the Hell Sentinel but do no damage. x2
Your shadow hits the Hell Sentinel with a quick blade.
You hit the Hell Sentinel but do no damage.
You bite the Hell Sentinel, but do no damage.
You hit the Hell Sentinel but do no damage.
Your storm dragon bites the Hell Sentinel!
Your storm dragon claws the Hell Sentinel but does no damage.
Your storm dragon tramples the Hell Sentinel but does no damage.
You hit the Hell Sentinel but do no damage.
You bite the Hell Sentinel, but do no damage.
You hit the Hell Sentinel but do no damage.
Your shadow hits the Hell Sentinel but does no damage.
A dragon arrives to answer your call!
The Hell Sentinel hits your storm dragon.
The Hell Sentinel hits your storm dragon!
You hit the Hell Sentinel.
You bite the Hell Sentinel, but do no damage.
You hit the Hell Sentinel but do no damage.
Casting: Dragon's Call (dangerous; 1% risk of failure)
Confirm with . or Enter, or press ? or * to list all spells.
Aiming: Enfeeble (safe; 0% risk of failure)
Press: ? - help, Shift-Dir - straight line, f - Hell Sentinel
Aim: a Hell Sentinel (heavily wounded, ally target, umbra, will inflict weakness and antimagic)
You feel a surge of power!
The Hell Sentinel partially resists.
The Hell Sentinel is enfeebled!
Your golden dragon bites the Hell Sentinel.
Your golden dragon claws the Hell Sentinel.
Your golden dragon tramples the Hell Sentinel!!
The Hell Sentinel holds its ground!
Your fire dragon bites the Hell Sentinel!
Your fire dragon claws the Hell Sentinel but does no damage.
Your fire dragon tramples the Hell Sentinel but does no damage.
Your storm dragon bites the Hell Sentinel but does no damage.
Your storm dragon claws the Hell Sentinel!
Your storm dragon tramples the Hell Sentinel but does no damage.
Your storm dragon bites the Hell Sentinel.
Your storm dragon claws the Hell Sentinel but does no damage.
Your storm dragon tramples the Hell Sentinel!
The Hell Sentinel holds its ground!
The Hell Sentinel closely misses your storm dragon.
The Hell Sentinel completely misses your storm dragon.
You hit the Hell Sentinel but do no damage. x2
You puncture the Hell Sentinel!
You hit the Hell Sentinel but do no damage.
Your storm dragon bites the Hell Sentinel.
Your storm dragon claws the Hell Sentinel!
The Hell Sentinel dies!
Dithmenos accepts your kill.
You swap places.
You now have 13788 gold pieces (gained 37).
You now have 13811 gold pieces (gained 23).
Your fire dragon disappears in a puff of smoke!
You now have 13850 gold pieces (gained 39).
Your iron dragon disappears in a puff of smoke!
Your storm dragon disappears in a puff of smoke!
You now have 13881 gold pieces (gained 31).
You now have 13924 gold pieces (gained 43).
You now have 13966 gold pieces (gained 42).
Found a box of beasts.
You see here a condenser vane.
Found a runed scimitar, a lightning rod (4/4) and an iron rune of Zot.
You see here a staff of death.
You see here a box of beasts.
Your extra speed is starting to run out.
You see here a +0 scimitar of freezing.
Found a faintly glowing crystal amulet and a ring of willpower.
You see here a lightning rod (4/4).
Your storm dragon disappears in a puff of smoke!
You pick up the iron rune and feel its power.
You have collected all the runes!
Now go and win!
Press } to see all the runes you have collected.
You feel a little less clever now.
B - the amulet of Luemacie {Faith Harm Will+ rCorr Dex+7} You drop the amulet of Luemacie {Faith Harm Will+ rCorr Dex+7}.
You feel yourself slow down.
You see here a ring of willpower.
You see here a +2 scimitar of draining.
You see here a +6 trident of venom.
You flicker for a moment.
C - 5 throwing nets (gained 1)
You see here the orb of Dispater {+Damnation *Corrode AC+5}.
You flicker back into view.
There is a large open door here.
You see here the orb of Dispater {+Damnation *Corrode AC+5}.
B - the orb of Dispater {+Damnation *Corrode AC+5} The roar of the dragon horde subsides.
You can once more reach out to the dragon horde.
There is a large open door here.
You see here a caustic shrike corpse.
There is an open door here.
There is an open door here.
You see here a +0 giant club.
You see here a +4 flail of protection.
There is an open door here.
You see here a +0 flail.
There is an open door, spattered with blood here.
There is an open door here.
You see here a +1 morningstar of distortion.
There is an open door here.
You see here a +1 heavy dire flail.
Done exploring.
Unknown command.
There is a gateway leading out of Dis here.
You go up through the gate.
Welcome back to the Vestibule of Hell!
There is a gateway to the Iron City of Dis, spattered with blood here.
You see here a +0 dire flail.
Unknown command.
(D) Dungeon (T) Temple (L) Lair (S) Swamp (N) Spider Nest (M) Slime Pits (O) Orcish Mines (E) Elven Halls (V) Vaults (C) Crypt (W) Tomb (U) Depths (H) Hell (I) Dis (G) Gehenna (X) Cocytus (Y) Tartarus (Z) Zot
Where to? (Enter - Dis:7 @ (x,y), ? - help)
What level of the Realm of Zot? (default 1, ? - help)
You see here the ring "Zuufoek" {Fire rCorr Int+5 Dex+2}.
There is an open gate here.
There is a large open door here.
You see here a +0 scythe of venom.
There is an open gate here.
You see here a +0 troll leather armour.
There is a gateway back to the Dungeon here.
Thank you for visiting Hell.
Please come again soon.
You go up through the gate.
Welcome back to the Depths!
There is a gateway to Hell here.
There is a stone staircase leading down here.
You climb downwards.
There is a stone staircase leading up here.
Things that are here:
a +0 chain mail; a +3 scimitar of distortion
Things that are here:
a +0 robe; a +1 dagger of venom
There is a stone staircase leading down here.
You climb downwards.
There is a stone staircase leading up here.
There is a stone staircase leading down here.
You climb downwards.
There is a stone staircase leading up here.
There is an open door here.
There is a gate to the Realm of Zot here.
You go down through the gate.
Welcome back to the Realm of Zot!
There is a gate leading back out of this place here.
There is an open door here.
There is a fountain of blood here.
There is a dry fountain here.
There is an open door here.
There is an open door here.
There is a stone staircase leading down here.
You climb downwards.
There is a stone staircase leading up here.
There is a stone staircase leading down here.
You climb downwards.
There is a stone staircase leading up here.
There is a stone staircase leading down, spattered with blood here.
You see here a +0 battleaxe.
You climb downwards.
There is a stone staircase leading up here.
There is an open door, spattered with blood here.
There is an open door here.
There is an open door here.
There is an open door here.
There is a stone staircase leading down here.
You climb downwards.
Level annotation: 1 exclusion
There is a stone staircase leading up here.
You see here a +0 trident.
You see here a +11 club.
Things that are here:
+0 storm dragon scales; a +0 hand axe Really walk into a travel-excluded area?
You see here the Orb of Zot.
Okay, then.
Unknown command.
Press: ? - help, v - describe, . - travel, g - get item Item here: the Orb of Zot.
The floor.
This square is wreathed by an umbra.
Removed exclusion.
You feel yourself speed up.
You pick up the Orb of Zot!
The Orb lets out a hideous shriek!
The lords of Pandemonium are not amused.
Beware!
Now all you have to do is get back out of the dungeon!
Unknown command.
An orange demon comes into view.
Really walk into that permanent teleport trap?
You enter a permanent teleport trap!
Your surroundings suddenly seem different.
A blizzard demon comes into view.
The blizzard demon waves its arms in wide circles.
The air twists around and strikes you.
You see here a +0 trident.
A demonspawn black sun comes into view. It is wielding a +0 demon whip.
Things that are here:
a +0 cloak; a +0 long sword
There is a stone staircase leading up here.
You climb upwards.
There is a stone staircase leading down here.
(D) Dungeon (T) Temple (L) Lair (S) Swamp (N) Spider Nest (M) Slime Pits (O) Orcish Mines (E) Elven Halls (V) Vaults (C) Crypt (W) Tomb (U) Depths (H) Hell (I) Dis (G) Gehenna (X) Cocytus (Y) Tartarus (Z) Zot
Where to? (Enter - Zot:5 @ (x,y), ? - help)
What level of the Dungeon? (default 15, ? - help)
Your extra speed is starting to run out.
There is a stone staircase leading up here.
You climb upwards.
There is a stone staircase leading down here.
You feel yourself slow down.
You see here a +0 falchion.
There is an open door here.
There is a stone staircase leading up here.
You climb upwards.
There is a stone staircase leading down here.
A cherub comes into view.
It is wielding a +0 falchion of flaming.
You miss the cherub. You hit the cherub.
Your weapon exudes an aura of protection.
You miss the cherub. The cherub blocks your attack.
Your shadow hits the cherub but does no damage.
You closely miss the cherub. The cherub blocks your attack.
You hit the cherub. Your bite misses the cherub. You hit the cherub.
You hit the cherub. You bite the cherub, but do no damage.
You puncture the cherub! The cherub misses you. The cherub barely misses you.
You miss the cherub. The cherub blocks your attack.
You miss the cherub. You puncture the cherub!
Your shadow hits the cherub but does no damage.
You puncture the cherub! Your bite misses the cherub. You puncture the cherub!
The cherub barely misses you. The cherub completely misses you.
You hit the cherub but do no damage. You bite the cherub, but do no damage.
You impale the cherub!!
You kill the cherub!
Dithmenos accepts your kill.
Items here: )) [[.
(D) Dungeon (T) Temple (L) Lair (S) Swamp (N) Spider Nest (M) Slime Pits (O) Orcish Mines (E) Elven Halls (V) Vaults (C) Crypt (W) Tomb (U) Depths (H) Hell (I) Dis (G) Gehenna (X) Cocytus (Y) Tartarus (Z) Zot
Where to? (Enter - D:1 @ (x,y), ? - help)
What level of the Dungeon? (default 15, ? - help)
A daeva comes into view.
It is wielding a +3 scimitar of holy wrath and wearing the +0 tower shield of the Lion {rC+}.
Press: ? - help, v - describe, . - travel
Here: a daeva, wielding a +3 scimitar of holy wrath and wearing the +0 tower shield of the Lion {rC+} The floor.
Aiming: Paralyse
Press: ? - help, Shift-Dir - straight line, f - daeva
Aim: a daeva, wielding a +3 scimitar of holy wrath and wearing the +0 tower shield of the Lion {rC+} (chance to affect: 4%)
Okay, then.
Unknown command.
Okay, then.
Unknown command.
Casting: Enfeeble (safe; 0% risk of failure)
Confirm with . or Enter, or press ? or * to list all spells.
Aiming: Enfeeble (safe; 0% risk of failure)
Press: ? - help, Shift-Dir - straight line, f - daeva
Aim: a daeva, wielding a +3 scimitar of holy wrath and wearing the +0 tower shield of the Lion {rC+} (will inflict weakness and antimagic, chance to daze and blind: 44%)
Okay, then.
Unknown command.
You rampage towards the daeva!
You hit the daeva but do no damage.
Your weapon exudes an aura of protection.
The daeva blocks your attack.
Your shadow hits the daeva but does no damage.
You impale the daeva!! Your bite misses the daeva. You impale the daeva!!
You puncture the daeva! x2; The daeva blocks your shadow's attack.
You puncture the daeva! You hit the daeva.
The daeva calls down the wrath of the Shining One upon you.
The Shining One smites you! The daeva blocks your attack.
You puncture the daeva! You hit the daeva. Your bite misses the daeva.
You impale the daeva!!
You kill the daeva!
Dithmenos accepts your kill.
Things that are here:
a +3 scimitar of holy wrath; the +0 tower shield of the Lion {rC+}
(D) Dungeon (T) Temple (L) Lair (S) Swamp (N) Spider Nest (M) Slime Pits (O) Orcish Mines (E) Elven Halls (V) Vaults (C) Crypt (W) Tomb (U) Depths (H) Hell (I) Dis (G) Gehenna (X) Cocytus (Y) Tartarus (Z) Zot
Where to? (Enter - D:1 @ (x,y), ? - help)
What level of the Dungeon? (default 15, ? - help) HP restored.
A Hell Sentinel comes into view.
The Hell Sentinel moves out of view.
You see here a +0 dire flail.
You see here a +0 flail of protection.
There is a stone staircase leading up here.
You climb upwards.
There is a stone staircase leading down here.
(D) Dungeon (T) Temple (L) Lair (S) Swamp (N) Spider Nest (M) Slime Pits (O) Orcish Mines (E) Elven Halls (V) Vaults (C) Crypt (W) Tomb (U) Depths (H) Hell (I) Dis (G) Gehenna (X) Cocytus (Y) Tartarus (Z) Zot
Where to? (Enter - D:1 @ (x,y), ? - help)
What level of the Dungeon? (default 15, ? - help)
There is an open door here.
There is an open door here.
A Hell Sentinel comes into view.
Casting: Enfeeble (safe; 0% risk of failure)
Confirm with . or Enter, or press ? or * to list all spells.
Aiming: Enfeeble (safe; 0% risk of failure)
Press: ? - help, Shift-Dir - straight line, f - Hell Sentinel
Aim: a Hell Sentinel (umbra, will inflict weakness and antimagic)
The Hell Sentinel partially resists.
The Hell Sentinel is enfeebled!
You rampage towards the Hell Sentinel!
You hit the Hell Sentinel.
Your weapon exudes an aura of protection.
You bite the Hell Sentinel, but do no damage.
You hit the Hell Sentinel but do no damage.
Your shadow hits the Hell Sentinel but does no damage.
You hit the Hell Sentinel but do no damage.
You puncture the Hell Sentinel!
Your shadow hits the Hell Sentinel but does no damage.
You puncture the Hell Sentinel!
You hit the Hell Sentinel but do no damage.
Your shadow hits the Hell Sentinel but does no damage.
You hit the Hell Sentinel but do no damage. x2
The Hell Sentinel gestures at you.
The sphere of damnation explodes!
The damnation engulfs you!!
The damnation engulfs the Hell Sentinel.
The Hell Sentinel completely resists.
You puncture the Hell Sentinel!
You hit the Hell Sentinel but do no damage.
Your shadow hits the Hell Sentinel but does no damage.
You hit the Hell Sentinel but do no damage.
You puncture the Hell Sentinel!
You hit the Hell Sentinel but do no damage. x2
The Hell Sentinel completely misses you. x2
You hit the Hell Sentinel but do no damage.
You bite the Hell Sentinel, but do no damage.
You barely miss the Hell Sentinel.
Your shadow hits the Hell Sentinel but does no damage.
You hit the Hell Sentinel but do no damage. x2
Your shadow hits the Hell Sentinel but does no damage.
You hit the Hell Sentinel.
You hit the Hell Sentinel but do no damage.
The Hell Sentinel hits you. The Hell Sentinel misses you.
You hit the Hell Sentinel. x2
You impale the Hell Sentinel!! You bite the Hell Sentinel.
You hit the Hell Sentinel but do no damage.
Your shadow hits the Hell Sentinel but does no damage.
A Brimstone Fiend comes into view.
You puncture the Hell Sentinel!
You bite the Hell Sentinel, but do no damage.
You hit the Hell Sentinel but do no damage.
You puncture the Hell Sentinel! x2; The Hell Sentinel falters for a moment.
You hit the Hell Sentinel.
You bite the Hell Sentinel, but do no damage.
You hit the Hell Sentinel but do no damage.
Your shadow hits the Hell Sentinel but does no damage.
You puncture the Hell Sentinel!
You kill the Hell Sentinel!
Dithmenos accepts your kill.
You puncture the Brimstone Fiend! You hit the Brimstone Fiend.
The Brimstone Fiend barely misses you.
The Brimstone Fiend completely misses you.
The Brimstone Fiend closely misses you.
You closely miss the Brimstone Fiend. You puncture the Brimstone Fiend!
Casting: Enfeeble (safe; 0% risk of failure)
Confirm with . or Enter, or press ? or * to list all spells.
Aiming: Enfeeble (safe; 0% risk of failure)
Press: ? - help, Shift-Dir - straight line, f - Brimstone Fiend
Aim: a Brimstone Fiend (lightly wounded, umbra, will inflict weakness and antimagic)
The Brimstone Fiend partially resists.
The Brimstone Fiend is enfeebled!
The Brimstone Fiend completely misses you.
The Brimstone Fiend barely misses you.
The Brimstone Fiend completely misses you.
You hit the Brimstone Fiend but do no damage. x2
Your shadow hits the Brimstone Fiend but does no damage.
You barely miss the Brimstone Fiend.
You bite the Brimstone Fiend, but do no damage.
You hit the Brimstone Fiend but do no damage.
The Brimstone Fiend barely misses you. The Brimstone Fiend misses you.
The Brimstone Fiend completely misses you.
You puncture the Brimstone Fiend! x2
Your shadow barely misses the Brimstone Fiend.
You hit the Brimstone Fiend. x2
You hit the Brimstone Fiend but do no damage.
You impale the Brimstone Fiend!!
Your shadow hits the Brimstone Fiend but does no damage.
The Brimstone Fiend hits you but does no damage. x2
The Brimstone Fiend completely misses you.
You puncture the Brimstone Fiend!
You bite the Brimstone Fiend, but do no damage.
You hit the Brimstone Fiend. You impale the Brimstone Fiend!!
You kill the Brimstone Fiend!
Dithmenos accepts your kill.
There is an open door here.
There is a gate leading back out of this place here.
You go up through the gate.
Welcome back to the Depths!
There is a gate to the Realm of Zot here.
(D) Dungeon (T) Temple (L) Lair (S) Swamp (N) Spider Nest (M) Slime Pits (O) Orcish Mines (E) Elven Halls (V) Vaults (C) Crypt (W) Tomb (U) Depths (H) Hell (I) Dis (G) Gehenna (X) Cocytus (Y) Tartarus (Z) Zot
Where to? (Enter - D:1 @ (x,y), ? - help)
What level of the Dungeon? (default 15, ? - help)
There is an open door here.
An Executioner comes into view.
The Executioner gives a hideous shriek!
The Executioner gestures.
The Executioner seems to speed up.
The Executioner completely misses you. The Executioner closely misses you.
The Executioner barely misses you. The Executioner hits you.
The Executioner completely misses you. The Executioner hits you.
There is a stone staircase leading up here.
You puncture the Executioner!
Your weapon exudes an aura of protection.
Your bite misses the Executioner. You impale the Executioner!!
You hit the Executioner but do no damage.
You bite the Executioner, but do no damage.
You hit the Executioner.
Your shadow hits the Executioner with a quick blade.
The Executioner completely misses you. x2
The Executioner hits you but does no damage.
You hit the Executioner. You barely miss the Executioner.
The Executioner completely misses you. x3
You puncture the Executioner! Your bite misses the Executioner.
You puncture the Executioner!
You kill the Executioner!
Dithmenos accepts your kill.
You climb upwards.
There is a stone staircase leading down here.
(D) Dungeon (T) Temple (L) Lair (S) Swamp (N) Spider Nest (M) Slime Pits (O) Orcish Mines (E) Elven Halls (V) Vaults (C) Crypt (W) Tomb (U) Depths (H) Hell (I) Dis (G) Gehenna (X) Cocytus (Y) Tartarus (Z) Zot
Where to? (Enter - D:1 @ (x,y), ? - help)
What level of the Dungeon? (default 15, ? - help) Magic restored.
HP restored.
An Orb Guardian comes into view.
You puncture the Orb Guardian!
Your weapon exudes an aura of protection.
You completely miss the Orb Guardian.
Your shadow hits the Orb Guardian but does no damage.
You puncture the Orb Guardian! x2; The Orb Guardian completely misses you.
You puncture the Orb Guardian! You bite the Orb Guardian.
You hit the Orb Guardian but do no damage.
You closely miss the Orb Guardian.
You hit the Orb Guardian but do no damage.
The Orb Guardian hits you but does no damage.
You puncture the Orb Guardian! You impale the Orb Guardian!!
You puncture the Orb Guardian!
You kill the Orb Guardian!
Dithmenos accepts your kill.
(D) Dungeon (T) Temple (L) Lair (S) Swamp (N) Spider Nest (M) Slime Pits (O) Orcish Mines (E) Elven Halls (V) Vaults (C) Crypt (W) Tomb (U) Depths (H) Hell (I) Dis (G) Gehenna (X) Cocytus (Y) Tartarus (Z) Zot
Where to? (Enter - D:1 @ (x,y), ? - help)
What level of the Dungeon? (default 15, ? - help)
You see here a +0 helmet.
An Orb Guardian comes into view.
There is a stone staircase leading up here.
You climb upwards.
There is a stone staircase leading down here.
(D) Dungeon (T) Temple (L) Lair (S) Swamp (N) Spider Nest (M) Slime Pits (O) Orcish Mines (E) Elven Halls (V) Vaults (C) Crypt (W) Tomb (U) Depths (H) Hell (I) Dis (G) Gehenna (X) Cocytus (Y) Tartarus (Z) Zot
Where to? (Enter - D:1 @ (x,y), ? - help)
What level of the Dungeon? (default 15, ? - help)
A tormentor comes into view.
Items here: ( )) [.
There is a stone staircase leading up, spattered with blood here.
You puncture the tormentor!
Your weapon exudes an aura of protection.
You bite the tormentor. You hit the tormentor. You hit the tormentor.
You bite the tormentor. You barely miss the tormentor.
Your shadow hits the tormentor but does no damage.
You puncture the tormentor!
You kill the tormentor!
Dithmenos accepts your kill.
You climb upwards.
There is a stone staircase leading down here.
(D) Dungeon (T) Temple (L) Lair (S) Swamp (N) Spider Nest (M) Slime Pits (O) Orcish Mines (E) Elven Halls (V) Vaults (C) Crypt (W) Tomb (U) Depths (H) Hell (I) Dis (G) Gehenna (X) Cocytus (Y) Tartarus (Z) Zot
Where to? (Enter - D:1 @ (x,y), ? - help)
What level of the Dungeon? (default 15, ? - help)
There is a staircase back to the Dungeon here.
You climb upwards.
Welcome back to the Dungeon!
There is a staircase to the Depths here.
You see here the +7 sceptre of Asmodeus.
There is an open door here.
You see here a +0 shortbow.
You see here a +0 dagger.
There is an open door here.
There is a stone staircase leading up here.
You climb upwards.
There is a stone staircase leading down here.
You see here 4 large rocks.
There is a stone staircase leading up here.
You climb upwards.
There is a stone staircase leading down here.
There is a stone staircase leading up here.
You climb upwards.
There is a stone staircase leading down here.
There is an escape hatch in the floor here.
There is a stone staircase leading up here.
You climb upwards.
An Orb Guardian comes into view.
There is a stone staircase leading down here.
You hit the Orb Guardian.
Your weapon exudes an aura of protection.
You hit the Orb Guardian. You puncture the Orb Guardian!
You bite the Orb Guardian, but do no damage.
You puncture the Orb Guardian! The Orb Guardian completely misses you.
You puncture the Orb Guardian! You impale the Orb Guardian!!
Your shadow hits the Orb Guardian but does no damage.
You puncture the Orb Guardian!
You hit the Orb Guardian but do no damage.
You puncture the Orb Guardian! You bite the Orb Guardian.
You hit the Orb Guardian.
Your shadow hits the Orb Guardian but does no damage.
The Orb Guardian closely misses you.
You impale the Orb Guardian!!
You kill the Orb Guardian!
Dithmenos accepts your kill.
(D) Dungeon (T) Temple (L) Lair (S) Swamp (N) Spider Nest (M) Slime Pits (O) Orcish Mines (E) Elven Halls (V) Vaults (C) Crypt (W) Tomb (U) Depths (H) Hell (I) Dis (G) Gehenna (X) Cocytus (Y) Tartarus (Z) Zot
Where to? (Enter - D:1 @ (x,y), ? - help)
What level of the Dungeon? (default 1, ? - help)
There is a stone staircase leading down here.
Things that are here:
a +0 scale mail; a +3 spear of venom
There is a stone staircase leading up here.
You climb upwards.
There is a stone staircase leading down here.
There is a stone staircase leading up here.
You climb upwards.
There is a stone staircase leading down here.
There is a stone staircase leading up here.
You climb upwards.
There is a stone staircase leading down here.
There is a stone staircase leading up here.
You climb upwards.
There is a stone staircase leading down here.
There is a stone staircase leading up here.
You climb upwards.
There is a stone staircase leading down here.
There is an escape hatch in the ceiling here.
A mysterious force pulls you upwards. The hatch slams shut behind you.
There is a stone staircase leading up here.
You climb upwards.
There is a stone staircase leading down here.
There is a stone staircase leading up here.
You climb upwards.
A Brimstone Fiend comes into view.
There is a stone staircase leading down here.
Casting: Enfeeble (safe; 0% risk of failure)
Confirm with . or Enter, or press ? or * to list all spells.
Aiming: Enfeeble (safe; 0% risk of failure)
Press: ? - help, Shift-Dir - straight line, f - Brimstone Fiend
Aim: a Brimstone Fiend (umbra, will inflict weakness and antimagic)
The Brimstone Fiend partially resists.
The Brimstone Fiend is enfeebled!
The Brimstone Fiend falters for a moment.
The Brimstone Fiend misses you. The Brimstone Fiend closely misses you.
The Brimstone Fiend hits you but does no damage.
You puncture the Brimstone Fiend!
Your weapon exudes an aura of protection.
You bite the Brimstone Fiend.
You completely miss the Brimstone Fiend.
You impale the Brimstone Fiend!!
You hit the Brimstone Fiend but do no damage.
Your shadow hits the Brimstone Fiend but does no damage.
You puncture the Brimstone Fiend! x2
Your shadow hits the Brimstone Fiend but does no damage.
You hit the Brimstone Fiend. You impale the Brimstone Fiend!!
You kill the Brimstone Fiend!
Dithmenos accepts your kill.
No target in view!
(D) Dungeon (T) Temple (L) Lair (S) Swamp (N) Spider Nest (M) Slime Pits (O) Orcish Mines (E) Elven Halls (V) Vaults (C) Crypt (W) Tomb (U) Depths (H) Hell (I) Dis (G) Gehenna (X) Cocytus (Y) Tartarus (Z) Zot
Where to? (Enter - D:1 @ (x,y), ? - help)
What level of the Dungeon? (default 1, ? - help) Magic restored.
There is a stone staircase leading up here.
You climb upwards.
There is a stone staircase leading down here.
There is a stone staircase leading up here.
You climb upwards.
A cacodemon and a demonspawn corrupter come into view.
The demonspawn corrupter is wielding a +0 vampiric demon whip.
There is a stone staircase leading down here.
Unknown command.
Casting: Enfeeble (safe; 0% risk of failure)
Confirm with . or Enter, or press ? or * to list all spells.
Aiming: Enfeeble (safe; 0% risk of failure)
Press: ? - help, Shift-Dir - straight line, f - demonspawn corrupter
Aim: a demonspawn corrupter, wielding a +0 vampiric demon whip and wearing a +0 scale mail (wandering, hasn't noticed you, umbra, will inflict weakness, chance to daze and blind: 96%)
The demonspawn corrupter is enfeebled!
You rampage towards the demonspawn corrupter!
A demonspawn corrupter comes into view. It is wielding a +0 great sword.
You completely miss the demonspawn corrupter.
You puncture the demonspawn corrupter!
Your weapon exudes an aura of protection.
You catch the helpless demonspawn corrupter completely off-guard!
You bite the demonspawn corrupter, and draw its blood!
You stick the demonspawn corrupter like a pincushion!!!!
You kill the demonspawn corrupter!
Dithmenos accepts your kill.
Casting: Enfeeble (safe; 0% risk of failure)
Confirm with . or Enter, or press ? or * to list all spells.
Aiming: Enfeeble (safe; 0% risk of failure)
Press: ? - help, Shift-Dir - straight line, f - demonspawn corrupter
Aim: a demonspawn corrupter, wielding a +0 great sword and wearing a +0 ring mail (umbra, will inflict weakness, chance to daze and blind: 96%)
The demonspawn corrupter is enfeebled!
The cacodemon gestures at you. The bolt of energy misses you.
You rampage towards the demonspawn corrupter!
You catch the helpless demonspawn corrupter completely off-guard!
You bite the demonspawn corrupter, and draw its blood!
You spit the demonspawn corrupter like a pig!!!!
You kill the demonspawn corrupter!
Dithmenos accepts your kill.
Your base Long Blades skill increases to level 22!
An Orb Guardian comes into view.
Things that are here:
a +0 great sword; a +0 ring mail; a demonspawn corpse
Casting: Enfeeble (safe; 0% risk of failure)
Confirm with . or Enter, or press ? or * to list all spells.
Aiming: Enfeeble (safe; 0% risk of failure)
Press: ? - help, Shift-Dir - straight line, f - cacodemon
Aim: a cacodemon (umbra, will inflict weakness and antimagic, chance to daze and blind: 27%)
The cacodemon partially resists.
The cacodemon is enfeebled!
You rampage towards the cacodemon!
You hit the cacodemon. You impale the cacodemon!!
The cacodemon falters for a moment.
You hit the cacodemon but do no damage. You puncture the cacodemon!
You hit the cacodemon. You hit the cacodemon but do no damage.
You barely miss the cacodemon. You impale the cacodemon!!
Your shadow hits the cacodemon with a quick blade.
The cacodemon misses you. x2
You closely miss the cacodemon. You impale the cacodemon!!
Your shadow barely misses the cacodemon.
You puncture the cacodemon! You hit the cacodemon.
Your shadow hits the cacodemon with a quick blade.
You barely miss the cacodemon. You bite the cacodemon.
You hit the cacodemon but do no damage.
Your shadow hits the cacodemon but does no damage.
The cacodemon falters for a moment.
You puncture the cacodemon!
You bite the cacodemon, but do no damage.
You puncture the cacodemon! You puncture the cacodemon!
You kill the cacodemon!
Dithmenos accepts your kill.
You puncture the Orb Guardian!
You bite the Orb Guardian, but do no damage.
You puncture the Orb Guardian!
Your shadow hits the Orb Guardian but does no damage.
The Orb Guardian completely misses you.
You puncture the Orb Guardian! x2
You hit the Orb Guardian but do no damage.
You puncture the Orb Guardian!
The Orb Guardian hits you but does no damage.
You puncture the Orb Guardian! You hit the Orb Guardian.
You impale the Orb Guardian!!
You kill the Orb Guardian!
Dithmenos accepts your kill.
You open the door.
A Brimstone Fiend comes into view.
Casting: Enfeeble (safe; 0% risk of failure)
Confirm with . or Enter, or press ? or * to list all spells.
Aiming: Enfeeble (safe; 0% risk of failure)
Press: ? - help, Shift-Dir - straight line, f - Brimstone Fiend
Aim: a Brimstone Fiend (umbra, will inflict weakness and antimagic)
The Brimstone Fiend partially resists.
The Brimstone Fiend is enfeebled!
The Brimstone Fiend gestures at you.
The sphere of damnation explodes!
The damnation engulfs you!!
There is an open door here.
The Brimstone Fiend completely misses you. x2
The Brimstone Fiend closely misses you.
You see here a stone.
You puncture the Brimstone Fiend!
Your weapon exudes an aura of protection.
You hit the Brimstone Fiend but do no damage.
You hit the Brimstone Fiend but do no damage.
Your bite misses the Brimstone Fiend. You puncture the Brimstone Fiend!
You hit the Brimstone Fiend but do no damage.
You puncture the Brimstone Fiend!
You hit the Brimstone Fiend but do no damage.
You completely miss the Brimstone Fiend.
Your shadow closely misses the Brimstone Fiend.
The Brimstone Fiend misses you.
The Brimstone Fiend completely misses you.
The Brimstone Fiend hits you but does no damage.
You hit the Brimstone Fiend.
You bite the Brimstone Fiend, but do no damage.
You hit the Brimstone Fiend but do no damage.
Your shadow hits the Brimstone Fiend but does no damage.
You barely miss the Brimstone Fiend. You puncture the Brimstone Fiend!
You hit the Brimstone Fiend but do no damage.
You barely miss the Brimstone Fiend. The Brimstone Fiend misses you. x2
The Brimstone Fiend closely misses you.
You completely miss the Brimstone Fiend.
You hit the Brimstone Fiend.
You hit the Brimstone Fiend but do no damage. x2
You hit the Brimstone Fiend.
You bite the Brimstone Fiend, but do no damage.
You hit the Brimstone Fiend but do no damage.
The Brimstone Fiend completely misses you. x3
You hit the Brimstone Fiend but do no damage.
You impale the Brimstone Fiend!!
You hit the Brimstone Fiend but do no damage.
You impale the Brimstone Fiend!!
You kill the Brimstone Fiend!
Dithmenos accepts your kill.
You see here 3 stones.
There is an open door here.
There is a staircase leading out of the dungeon here.
Unknown command.
You have escaped!

Skill      XL: |  1  2  3  4  5  6  7  8  9 10 11 12 13 14 15 16 17 18 19 20 21 22 23 24 25 26 27 |
---------------+----------------------------------------------------------------------------------+-----
Long Blades    | 1 2 3 4 6 7 8 10 11 12 22 | 22.0
Fighting       | 1 2 3 4 5 6 7 8 9 10 12 14 15 16 17 18 27 | 27.0
Stealth        | 5 6 9 10 16 21 22 27 | 27.0
Ice Magic      | 1 2 3 4 |  4.0
Dodging        | 3 4 5 8 10 12 15 18 19 20 21 22 27 | 27.0
Hexes          | 6 7 9 13 14 16 18 20 21 22 27 | 27.0
Short Blades   | 3 5 7 10 21 | 21.7
Spellcasting   | 4 5 7 8 10 11 12 13 14 16 27 | 27.0
Evocations     | 2 4 6 7 10 11 12 15 17 25 | 25.4
Invocations    | 2 4 5 7 9 11 12 17 | 17.0
Conjurations   | 3 5 6 |  6.0
Air Magic      | 2 4 |  4.0
Poison Magic   | 2 4 |  4.0
Armour         | 4 6 11 | 11.0
Summonings     | 7 11 14 15 16 18 19 27 | 27.0
Translocations | 15 | 15.0
Ranged Weapons | 27 | 27.0

Action                     |  1- 3 |  4- 6 |  7- 9 | 10-12 | 13-15 | 16-18 | 19-21 | 22-24 | 25-27 || total
---------------------------+-------+-------+-------+-------+-------+-------+-------+-------+-------++-------
  Melee: Dagger            |    90 |   162 |     9 |       |       |       |       |    12 |       ||   273
         Bite              |     6 |    14 |    15 |    50 |   199 |   182 |   337 |   443 |  2751 ||  3997
         Punch             |     1 |     2 |       |       |       |       |       |       |       ||     3
         Pair of quick bla |       |       |   150 |   513 |  1233 |  1209 |  1541 |  1860 | 11154 || 17660
         Great sword       |       |       |       |       |       |    18 |    13 |       |       ||    31
         Flamberge         |       |       |       |       |       |       |       |       |    22 ||    22
   Fire: Longbow           |       |       |       |     3 |       |       |       |       |    13 ||    16
         Hand crossbow     |       |       |       |       |       |       |       |     2 |    90 ||    92
         Arbalest          |       |       |       |       |       |       |       |       |  3250 ||  3250
         Triple crossbow   |       |       |       |       |       |       |       |       |    63 ||    63
  Throw: Dart              |       |       |     1 |     5 |    10 |     3 |     2 |     3 |    15 ||    39
         Throwing net      |       |       |       |       |       |     3 |       |     3 |     9 ||    15
   Cast: Ensorcelled Hiber |       |    13 |     2 |     1 |    53 |    25 |     6 |     6 |       ||   106
         Tukima's Dance    |       |     3 |       |     7 |     7 |       |     2 |     3 |       ||    22
         Confusing Touch   |       |       |       |       |     6 |    21 |    12 |    11 |       ||    50
         Mephitic Cloud    |       |       |       |       |     3 |       |     5 |       |       ||     8
         Dazzling Flash    |       |       |       |       |     2 |     3 |       |       |       ||     5
         Summon Mana Viper |       |       |       |       |       |       |     2 |       |     1 ||     3
         Enfeeble          |       |       |       |       |       |       |     1 |     2 |   545 ||   548
         Discord           |       |       |       |       |       |       |       |     5 |    40 ||    45
         Summon Cactus Gia |       |       |       |       |       |       |       |     2 |       ||     2
         Summon Hydra      |       |       |       |       |       |       |       |    29 |    81 ||   110
         Dragon's Call     |       |       |       |       |       |       |       |       |    57 ||    57
         Summon Horrible T |       |       |       |       |       |       |       |       |    41 ||    41
         Apportation       |       |       |       |       |       |       |       |       |    29 ||    29
         Blink             |       |       |       |       |       |       |       |       |    21 ||    21
         Portal Projectile |       |       |       |       |       |       |       |       |     5 ||     5
         Vhi's Electric Ch |       |       |       |       |       |       |       |       |     3 ||     3
 Invoke: Shadow Step       |       |       |       |       |     1 |     3 |    16 |    12 |    43 ||    75
         Shadow Form       |       |       |       |       |       |       |       |       |     1 ||     1
Ability: Exsanguinate      |     1 |       |       |       |       |       |       |       |     2 ||     3
         Revivify          |       |       |       |       |       |       |       |     1 |     1 ||     2
  Evoke: Phantom mirror    |       |       |       |       |       |     1 |     1 |     1 |     3 ||     6
         Wand              |       |       |       |       |       |       |       |       |    13 ||    13
         Condenser vane    |       |       |       |       |       |       |       |       |     2 ||     2
         Horn of Geryon    |       |       |       |       |       |       |       |       |     5 ||     5
         Box of beasts     |       |       |       |       |       |       |       |       |     2 ||     2
    Use: Scroll            |       |     5 |     4 |     5 |     7 |     9 |     8 |    10 |    70 ||   118
         Potion            |       |       |       |     1 |     1 |       |     2 |     2 |    80 ||    86
   Stab: Sleeping          |    11 |    27 |    24 |    39 |    96 |   192 |   132 |   194 |   561 ||  1276
         Distracted        |       |       |       |     2 |    10 |    18 |    18 |    36 |   353 ||   437
         Confused          |       |       |       |       |    23 |    34 |    27 |    14 |       ||    98
         Held in net/web   |       |       |       |       |       |     6 |       |     5 |    26 ||    37
         Invisible         |       |       |       |       |       |     5 |       |       |   464 ||   469
         Petrifying        |       |       |       |       |       |       |       |       |     2 ||     2
         Paralysed         |       |       |       |       |       |       |       |       |     2 ||     2
 Armour: Robe              |    22 |    31 |     9 |    45 |   105 |       |       |     1 |       ||   213
         Acid dragon scale |       |       |       |     9 |     5 |     5 |       |       |       ||    19
         Leather armour    |       |       |       |       |     7 |       |       |       |    39 ||    46
         Ring mail         |       |       |       |       |       |   166 |   135 |   295 |  1555 ||  2151
         Quicksilver drago |       |       |       |       |       |    17 |   118 |       |   107 ||   242
  Dodge: Dodged            |    53 |    89 |    48 |   172 |   655 |   596 |   680 |   689 |  7769 || 10751

Levels and vault maps discovered:
D:1:      minmay_arrival_shattered_statue, layout_basic,
          nicolae_ecumenical_lake_church, kennysheep_small_spiral
D:2:      layout_loops_cross, minmay_goblin_kobold_house, uniq_jessica,
          uniq_natasha
D:3:      layout_rooms
D:4:      layout_basic, pdpol_wu_jian_five_deadly_venoms,
          mainiacjoe_overflow_concentric_impassable,
          minmay_temple_entry_large_hall
D:5:      minmay_chambers_of_fours, layout_basic, nemelex_altar_shiori,
          bh_walls_and_bars, uniq_grinder
D:6:      layout_basic, gammafunk_temple_overflow_elements, grunt_decor_cap
D:7:      minmay_klotski, layout_layer_cave, serial_shops, shop,
          kennysheep_little_box, nicolae_shop_stone, uniq_pikel
D:8:      layout_rooms
D:9:      layout_basic, ashenzari_altar_1, dk_noncrumbling_4
D:10:     layout_basic, mainiacjoe_overflow_big_doors, david_lair_generic,
          serial_shops, nicolae_square_shop, minmay_joined_circles
D:11:     layout_rooms, david_orc_3, kennysheep_generic_room_7
D:12:     nicolae_cairo_tiling, layout_basic, uniq_nessos, uniq_fannar
D:13:     layout_rooms, david_vaults_1, minmay_misc_feat_cross
D:14:     cheibrodos_monumental, layout_cave_pools, skrybe_limestone_x,
          uniq_kirke
D:15:     grunt_enter_depths_magical_seal, layout_basic
Temple:   nicolae_temple_bog_church
Lair:1:   layout_roguey, special_room [special_room_bee]
Lair:2:   layout_cave_pods, nicolae_swamp_entry_spooky,
          spider_nest_entry_rubble, gammafunk_ghost_abyssal_escape
Lair:3:   layout_cave_pods, eino_house_with_fridge
Lair:4:   beargit_carnivore_pack, layout_layer_cave, dpeg_slime_entry_corner,
          gammafunk_ghost_ooze, grunt_megastairs_5
Lair:5:   minmay_lair_end_frog_pond, layout_misc_corridors, uniq_sonja
Swamp:1:  nicolae_swamp_long_stream, layout_falls_marsh, ebering_ghost_xom,
          nicolae_swamp_tree_isthmus, swamp_pool5, uniq_roxanne
Swamp:2:  layout_basic_swamp, hangedman_swamp_ruin_wall, swamp_pool1
Swamp:3:  layout_falls_marsh, evilmike_swamp_ruin_house_2
Swamp:4:  swamp_vile, layout_basic_swamp, portal_ice_cave_entry_ice_statue_two
Spider:1: layout_spider_delve
Spider:2: layout_spider_delve, special_room
Spider:3: layout_spider_delve, gammafunk_ghost_grave, uniq_bai_suzhen
Spider:4: hellmonk_spider_rune_endless_swarm, nicolae_spider_world_wide_web
Slime:1:  layout_caves, nicolae_slime_ancient_tower_intersection,
          cheibrodos_slime_lost_civilization_4
Slime:2:  layout_caves, nicolae_slime_getting_an_eyeful
Slime:3:  layout_caves, cheibrodos_slime_lost_civilization_7
Slime:4:  layout_caves, nicolae_slime_rock_hall_of_fame
Slime:5
Orc:1:    layout_caves, serial_shops, nicolae_shop_hallway_stairs, shop, shop
Orc:2:    hellmonk_orc_salted, layout_caves, serial_shops,
          nicolae_shop_advertising_works [nicolae_subvault_shop_adworks]
Elf:1:    kennysheep_blocky_room, layout_loops_ring, minmay_elf_necromancy,
          nicolae_shop_vocational, uniq_agnes
Elf:2:    elven_hall_of_blades_hangedman_original
          [nicolae_blade_entry_antechamber], layout_loops_cross
Elf:3:    minmay_elf_hall_statues, layout_geoelf_castle, basic_altar,
          serial_shops, shop, uniq_asterion
Vaults:1: ontoclasm_vaults_twist, v_alt_pattern_3, vaults_dpeg_doors,
          ontoclasm_vaults_hangar, nicolae_vaults_fighting_squares,
          grunt_vaults_hallway_short, vaults_standard_mumra_enter_the_diamond,
          vaults_room_stairs_pillars, nicolae_vaults_little_squares_4,
          nicolae_vaults_big_ls, layout_vaults_maze_bifur, serial_shops, shop,
          shop, nicolae_shop_statue_plus
Vaults:2: nicolae_vaults_puzzle_piece, nicolae_vaults_little_ls,
          vaults_room_pools, hangedman_vaults_impose, grunt_vaults_funnel,
          ontoclasm_vaults_chip, v_misc_5, vaults_dpeg_encased_lava,
          dpeg_vaults_monster_row, layout_vaults_ring
Vaults:3: nicolae_vaults_display_case, vaults_dpeg_ring,
          vaults_room_grunt_arrival_ludios, vaults_room_hallway,
          minmay_crypt_entry_simple_plaza, nicolae_vaults_little_squares_4,
          hangedman_vaults_locks, nicolae_vaults_shelves_hall,
          nicolae_vaults_asterisk, vaults_room_hallway, v_misc_18,
          nicolae_vaults_shelves_hall, v_misc_19, layout_vaults_big_room,
          serial_shops, nicolae_shop_crystal, nicolae_trove_entry_columns,
          uniq_donald
Vaults:4: v_rooms_4, dpeg_vaults_monster_box, v_misc_11, v_misc_18,
          nicolae_vaults_statue_guard, v_alt_pattern_2,
          nicolae_vaults_rhombus_5, nicolae_vaults_three_branches,
          layout_vaults_omnigrid, serial_shops, shop
Vaults:5: serial_shops
Crypt:1:  layout_misc_corridors, basic_altar, uniq_xtahua, uniq_josephina
Crypt:2:  layout_chaotic_city, mu_enter_wizlab_3
Crypt:3:  due_elkab, layout_chaotic_city, uniq_mennas
Tomb:1
Tomb:2
Tomb:3
Depths:1: minmay_tri_box, layout_basic, fountainhead, abyss_entry, hell_entry,
          nicolae_hepliaklqana_monster_ancestors, firewood_loft,
          minmay_shop_grove
Depths:2: minmay_the_grid_square_5x5_3x3 [minmay_the_grid_square_5x5_inner_i,
          minmay_the_grid_square_5x5_tie,
          minmay_the_grid_square_5x5_almost_minimal,
          minmay_the_grid_square_5x5_empty,
          minmay_the_grid_square_5x5_megaprize_crossed,
          minmay_the_grid_square_5x5_checkered_statues,
          minmay_the_grid_square_5x5_minivault, minmay_the_grid_square_5x5_mess,
          minmay_the_grid_square_5x5_tetrominoes], layout_cave_pools,
          minmay_misc_feat_columns, rand_demon_pan_entry_7, hell_entry,
          hangedman_glass_teeth, statue_in_the_mist_lemuel
Depths:3: minmay_cut_squares, layout_long_grid, nicolae_elyvilon_peaceful_grove,
          abyss_entry_crystal, serial_bayou, serial_bayou_shore_b,
          serial_bayou_lagoon_a, serial_bayou_shore_b, serial_bayou_shore_b,
          serial_bayou_crossing, lightli_too_deep, uniq_margery
Depths:4: evilmike_zot_entry_diamond, layout_gridville, enter_ziggurat_f,
          hellmouth_3, abyss_entry
Hell
Dis:1:    layout_subdivisions
Dis:2:    layout_subdivisions
Dis:3:    layout_jigsaw
Dis:4:    layout_jigsaw
Dis:5:    layout_regular_city, lemuel_dis_dragons
Dis:6:    nicolae_dis_metal_hellway, layout_subdivisions
Dis:7:    dis_grunt_layers
Geh:1:    layout_gehenna_pools_box
Geh:2:    layout_gehenna_pools_box, nicolae_geh_lavax
Geh:3:    layout_gehenna_pools_box
Geh:4:    layout_gehenna_pools_box
Geh:5:    layout_gehenna_pools_basic, hangedman_elemental_grid_stream
Geh:6:    layout_gehenna_pools_box
Geh:7:    geh_grunt
Coc:1:    layout_cocytus_water_paths
Coc:2:    layout_cocytus_delve
Coc:3:    layout_cocytus_water_paths
Coc:4:    layout_ice_bergs
Coc:5:    layout_cocytus_water_paths
Coc:6:    layout_cocytus_delve
Coc:7:    coc_dpeg
Tar:1:    layout_honeycomb
Tar:2:    layout_cathedral_of_symmetry
Tar:3:    layout_grid_maze
Tar:4:    layout_catacombs
Tar:5:    layout_grid_maze, nicolae_tar_grid_combs
Tar:6:    layout_grid_maze
Tar:7:    tar_minmay_river
Zot:1:    layout_basic, gammafunk_ghost_arena, grunt_megastairs_1
Zot:2:    layout_basic, zot_minivault_7
Zot:3:    layout_cathedral_of_symmetry, st_stairs_9, lemuel_elevator,
          grunt_megastairs_2, uniq_tiamat
Zot:4:    nicolae_zot_stationary_front, layout_gridville, uniq_parghit
Zot:5:    layout_misc_corridors

Notes
Turn   | Place    | Note
-------+----------+-------------------------------------------
     0 | D:1      | scionoferis the Vampire Enchanter began the quest for the
                  | Orb.
     0 | D:1      | Reached XP level 1. HP: 13/13 MP: 3/3
    54 | D:1      | Found a faded altar of an unknown god.
   195 | D:1      | Reached XP level 2. HP: 14/16 MP: 5/5
   199 | D:1      | Learned a level 2 spell: Ensorcelled Hibernation
   238 | D:1      | Reached skill level 1 in Long Blades
  1063 | D:2      | Gained mutation: You are afflicted with vampirism and can
                  | become a bat while bloodless. [Vampire growth]
  1063 | D:2      | Reached XP level 3. HP: 13/20 MP: 6/6
  1180 | D:2      | Noticed Natasha
  1195 | D:2      | Killed Natasha
  1196 | D:2      | Reached skill level 1 in Fighting
  1196 | D:2      | Reached skill level 2 in Long Blades
  1196 | D:2      | Reached skill level 5 in Stealth
  1196 | D:2      | Reached skill level 1 in Ice Magic
  1196 | D:2      | Reached XP level 4. HP: 9/25 MP: 7/7
  1410 | D:2      | Noticed Natasha
  1422 | D:2      | Killed Natasha
  1423 | D:2      | Reached skill level 3 in Dodging
  1464 | D:2      | Noticed Natasha
  1470 | D:2      | Killed Natasha
  1628 | D:2      | Reached XP level 5. HP: 27/29 MP: 8/8
  1694 | D:2      | Noticed Jessica
  1701 | D:2      | Killed Jessica
  2385 | D:4      | Noticed a phantom
  2420 | D:4      | Found a radiant altar of Vehumet.
  2425 | D:4      | Noticed an ogre
  2438 | D:4      | Found a staircase to the Ecumenical Temple.
  2448 | Temple   | Entered the Ecumenical Temple
  2778 | D:4      | Killed a phantom
  2779 | D:4      | Reached skill level 3 in Long Blades
  2779 | D:4      | Reached skill level 2 in Ice Magic
  2779 | D:4      | Reached XP level 6. HP: 35/35 MP: 9/9
  2999 | D:4      | Reached skill level 2 in Fighting
  2999 | D:4      | Reached skill level 6 in Stealth
  3084 | D:4      | Learned a level 3 spell: Confusing Touch
  3088 | D:4      | Learned a level 3 spell: Tukima's Dance
  3633 | D:4      | Reached skill level 4 in Long Blades
  3676 | D:4      | Found an ornate altar of the Wu Jian Council.
  3827 | D:4      | Reached XP level 7. HP: 36/40 MP: 3/10
  3939 | D:4      | Reached skill level 4 in Dodging
  4078 | D:5      | Entered Level 5 of the Dungeon
  4078 | D:5      | Found the +12 pair of quick blades "Gyre" and "Gimble"
                  | {protect}
  4122 | D:5      | Noticed Grinder
  4190 | D:5      | Reached skill level 5 in Hexes
  4334 | D:5      | Reached skill level 2 in Short Blades
  4334 | D:5      | Reached skill level 3 in Ice Magic
  4408 | D:5      | Reached skill level 3 in Fighting
  4443 | D:5      | Reached skill level 3 in Short Blades
  4450 | D:5      | Found a sparkling altar of Nemelex Xobeh.
  4513 | D:5      | Killed Grinder
  4514 | D:5      | Reached skill level 6 in Hexes
  4514 | D:5      | Reached XP level 8. HP: 46/46 MP: 11/11
  4522 | D:5      | Reached skill level 4 in Short Blades
  4670 | D:5      | Reached skill level 5 in Dodging
  4712 | D:5      | Reached skill level 4 in Ice Magic
  4819 | D:5      | Reached skill level 5 in Short Blades
  4940 | D:6      | Reached skill level 4 in Fighting
  4940 | D:6      | Reached skill level 7 in Hexes
  5058 | D:6      | Reached XP level 9. HP: 52/52 MP: 12/12
  5244 | D:6      | Reached skill level 6 in Short Blades
  5548 | D:6      | Reached skill level 6 in Dodging
  5620 | D:6      | Found a sacrificial altar of Ru.
  5698 | D:7      | Found Peorat's Book Emporium.
  5829 | D:7      | Reached skill level 8 in Hexes
  5835 | D:7      | Noticed Pikel
  5860 | D:7      | Reached skill level 7 in Short Blades
  5872 | D:7      | Killed Pikel
  5873 | D:7      | Reached skill level 5 in Fighting
  5873 | D:7      | Reached skill level 7 in Dodging
  6048 | D:7      | Found Vapsisuc's Distillery.
  6053 | D:7      | Bought a potion of curing for 45 gold pieces
  6053 | D:7      | Bought a potion of heal wounds for 75 gold pieces
  6233 | D:7      | Reached skill level 9 in Hexes
  6249 | D:7      | Found Huirphalet's Magic Scroll Shoppe.
  6254 | D:7      | Bought 2 scrolls of noise for 22 gold pieces
  6254 | D:7      | Bought a scroll of identify for 22 gold pieces
  7092 | D:8      | Reached skill level 8 in Dodging
  7105 | D:8      | Reached XP level 10. HP: 47/59 MP: 13/13
  7286 | D:7      | Reached skill level 10 in Hexes
  7301 | D:7      | Noticed a centaur warrior
  7301 | D:7      | Noticed a centaur warrior
  7322 | D:7      | Killed a centaur warrior
  7323 | D:7      | Reached skill level 9 in Dodging
  7323 | D:7      | Reached skill level 11 in Hexes
  7468 | D:7      | Killed a centaur warrior
  7619 | D:7      | Noticed a two-headed ogre
  7622 | D:7      | Reached skill level 12 in Hexes
  7639 | D:7      | Killed a two-headed ogre
  7640 | D:7      | Reached skill level 10 in Dodging
  7640 | D:7      | Reached skill level 13 in Hexes
  8369 | D:9      | Reached XP level 11. HP: 63/63 MP: 14/14
  8731 | D:9      | Reached skill level 14 in Hexes
  8782 | D:9      | Found a broken altar of Ashenzari.
  8874 | D:10     | Entered Level 10 of the Dungeon
  8948 | D:10     | Found Leytt's Armour Shop.
  8983 | D:10     | Reached skill level 7 in Stealth
  9309 | D:10     | Reached skill level 5 in Long Blades
  9309 | D:10     | Reached skill level 3 in Spellcasting
  9327 | D:10     | Noticed a two-headed ogre
  9331 | D:10     | Killed a two-headed ogre
  9388 | D:10     | Reached skill level 8 in Stealth
  9388 | D:10     | Reached skill level 1 in Evocations
  9675 | D:10     | Found an iron altar of Okawaru.
  9680 | D:10     | Found a shadowy altar of Dithmenos.
  9684 | D:10     | Became a worshipper of Dithmenos the Shadowed
  9712 | D:10     | Found a staircase to the Lair.
  9729 | D:10     | Reached skill level 6 in Fighting
  9827 | D:10     | Reached skill level 4 in Spellcasting
  9827 | D:10     | Reached skill level 1 in Invocations
  9967 | D:11     | Noticed a two-headed ogre
  9978 | D:11     | Killed a two-headed ogre
  9979 | D:11     | Reached skill level 2 in Evocations
 10092 | D:11     | Reached skill level 6 in Long Blades
 10262 | D:11     | Found a staircase to the Orcish Mines.
 10270 | D:11     | Reached skill level 9 in Stealth
 10270 | D:11     | Reached skill level 2 in Invocations
 10303 | D:11     | Reached * piety under Dithmenos
 10687 | D:12     | Reached XP level 12. HP: 71/71 MP: 18/18
 10753 | D:12     | Noticed Nessos
 10768 | D:12     | Killed Nessos
 10769 | D:12     | Reached skill level 3 in Evocations
 10873 | D:12     | Noticed Fannar
 10901 | D:12     | Killed Fannar
 10902 | D:12     | Reached skill level 3 in Invocations
 11309 | D:12     | Reached skill level 10 in Stealth
 11309 | D:12     | Reached skill level 5 in Spellcasting
 11644 | D:10     | Learned a level 4 spell: Fulminant Prism
 11649 | Lair:1   | Entered Level 1 of the Lair of Beasts
 11743 | Lair:1   | Reached ** piety under Dithmenos
 11753 | Lair:1   | Reached skill level 7 in Fighting
 11759 | Lair:1   | Reached skill level 1 in Conjurations
 12392 | Lair:2   | Found a hole to the Spider Nest.
 12406 | Lair:2   | Reached skill level 7 in Long Blades
 12569 | Lair:2   | Reached skill level 4 in Evocations
 12576 | Lair:2   | Reached skill level 2 in Conjurations
 12656 | Lair:2   | Found a one-way gate to the infinite horrors of the Abyss.
 12656 | Lair:2   | Noticed Fitul's ghost (journeyman DjHW)
 12700 | Lair:2   | Found a transporter.
 13023 | Lair:2   | Reached skill level 4 in Invocations
 13131 | Lair:2   | Found a transporter.
 13182 | Lair:2   | Noticed a hell hog
 13204 | Lair:2   | Found a staircase to the Swamp.
 13204 | Lair:2   | Noticed a ghost crab
 13227 | Lair:2   | Killed a ghost crab
 13603 | Lair:3   | Reached skill level 3 in Conjurations
 13801 | Lair:3   | Noticed a seven-headed hydra
 13808 | Lair:3   | Killed a seven-headed hydra
 13809 | Lair:3   | Reached XP level 13. HP: 77/77 MP: 21/21
 13955 | Lair:3   | Reached *** piety under Dithmenos
 14190 | Lair:3   | Reached skill level 6 in Spellcasting
 14755 | Lair:4   | Reached skill level 5 in Evocations
 14870 | Lair:4   | Reached skill level 4 in Conjurations
 14910 | Lair:4   | Reached skill level 8 in Long Blades
 14941 | Lair:4   | Reached skill level 5 in Invocations
 14962 | Lair:4   | Reached skill level 8 in Fighting
 14966 | Lair:4   | Learned a level 3 spell: Dazzling Flash
 15134 | Lair:4   | Reached **** piety under Dithmenos
 15319 | Lair:4   | Found a runed translucent gate.
 15320 | Lair:4   | Found a runed translucent gate.
 15320 | Lair:4   | Found a runed translucent gate.
 15320 | Lair:4   | Noticed an azure jelly
 15333 | Lair:4   | Noticed a rockslime
 15333 | Lair:4   | Noticed an acid blob
 15335 | Lair:4   | Noticed a quicksilver ooze
 15337 | Lair:4   | Noticed an acid blob
 15337 | Lair:4   | Noticed an acid blob
 15337 | Lair:4   | Noticed bmack86's ghost (journeyman MiFi)
 15337 | Lair:4   | Noticed an acid blob
 15337 | Lair:4   | Noticed an azure jelly
 15338 | Lair:4   | Noticed an acid blob
 15338 | Lair:4   | Noticed an acid blob
 15525 | Lair:4   | Identified a potion of resistance
 15790 | Lair:4   | Found a staircase to the Slime Pits.
 16118 | Lair:4   | Found a viscous altar of Jiyva.
 16159 | Lair:5   | Entered Level 5 of the Lair of Beasts
 16163 | Lair:5   | Reached skill level 5 in Conjurations
 16336 | Lair:5   | Reached skill level 6 in Evocations
 16420 | Lair:5   | Reached skill level 7 in Spellcasting
 16788 | Lair:5   | Reached XP level 14. HP: 73/84 MP: 24/24
 16794 | Lair:5   | Reached ***** piety under Dithmenos
 16845 | Lair:5   | Reached skill level 6 in Invocations
 16964 | Lair:5   | Reached skill level 6 in Conjurations
 16982 | Lair:5   | Reached skill level 9 in Long Blades
 17427 | Lair:5   | Noticed Sonja
 17439 | Lair:5   | Reached skill level 9 in Fighting
 17446 | Lair:5   | Killed Sonja
 18275 | D:7      | Bought a scroll of magic mapping for 82 gold pieces
 18434 | D:13     | Reached skill level 8 in Spellcasting
 18562 | D:13     | Reached skill level 7 in Invocations
 18949 | D:13     | Found a gate to the Vaults.
 19175 | D:14     | Reached skill level 10 in Long Blades
 19263 | D:14     | Noticed a stone giant
 19280 | D:14     | Killed a stone giant
 19443 | D:14     | You fall into a shaft and drop 1 floor!
 19443 | D:15     | Entered Level 15 of the Dungeon
 19498 | D:14     | Noticed Kirke
 19590 | Orc:1    | Entered Level 1 of the Orcish Mines
 19616 | Orc:1    | Found Uniuczuth's Assorted Antiques.
 20034 | D:11     | Upgraded the game from 0.30-a0-808-g6e0788376e to
                  | 0.30-a0-824-g6c64550be9
 20123 | D:7      | Bought a book of Minor Magic for 288 gold pieces
 20128 | D:7      | Learned a level 3 spell: Mephitic Cloud
 20286 | Orc:1    | Reached skill level 1 in Air Magic
 20286 | Orc:1    | Reached skill level 1 in Poison Magic
 20351 | Orc:1    | Found Ahar's Armour Boutique.
 20371 | Orc:1    | Bought 2 lumpy orange potions for 59 gold pieces
 20494 | Orc:2    | Entered Level 2 of the Orcish Mines
 20550 | Orc:2    | Reached ****** piety under Dithmenos
 20640 | Orc:2    | Found a staircase to the Elven Halls.
 20875 | Orc:2    | Noticed an orc warlord
 20888 | Orc:2    | Killed an orc warlord
 20889 | Orc:2    | Reached skill level 2 in Air Magic
 20906 | Orc:1    | Reached skill level 2 in Poison Magic
 21242 | Orc:2    | Found Zepn's Jewellery Shop.
 21258 | Orc:2    | Noticed an orc warlord
 21272 | Orc:2    | Reached XP level 15. HP: 92/92 MP: 24/27
 21290 | Orc:2    | Reached skill level 3 in Air Magic
 21408 | Orc:2    | Reached skill level 3 in Poison Magic
 21506 | Orc:2    | Found Inel's Book Shoppe.
 21533 | Orc:2    | Reached skill level 4 in Air Magic
 21536 | Orc:2    | Reached skill level 4 in Poison Magic
 21587 | Orc:2    | Found Ydayrra's Armour Shoppe.
 21663 | Orc:2    | Found Sedongez's Distillery.
 21776 | Orc:2    | Found Annecs's Antique Armour Shoppe.
 21781 | Orc:2    | Reached skill level 10 in Fighting
 22363 | D:14     | Reached skill level 8 in Invocations
 22371 | D:13     | Reached skill level 9 in Spellcasting
 22462 | D:14     | Reached skill level 8 in Short Blades
 23073 | D:14     | Killed Kirke
 23386 | D:15     | Reached skill level 9 in Short Blades
 23625 | D:15     | Reached skill level 9 in Invocations
 23777 | D:15     | Reached skill level 10 in Spellcasting
 24194 | D:15     | Found a staircase to the Depths.
 24966 | Lair:2   | Killed Fitul's ghost
 24967 | Lair:2   | Reached skill level 10 in Short Blades
 25561 | Lair:4   | Killed a rockslime
 25691 | Lair:4   | Killed an acid blob
 25928 | Lair:4   | Reached XP level 16. HP: 96/97 MP: 30/30
 25964 | Lair:4   | Reached skill level 11 in Stealth
 25983 | Lair:4   | Identified the +7 broad axe "Diapruf" {elec, rPois}
 25988 | Lair:4   | Identified the +3 ring mail of Biotit {Rampage Regen+ MP+9}
 26002 | Lair:4   | Killed an acid blob
 26137 | Lair:4   | Killed an acid blob
 26190 | Lair:4   | Killed an acid blob
 26309 | Lair:4   | Killed bmack86's ghost
 26310 | Lair:4   | Reached skill level 12 in Stealth
 26459 | Lair:4   | Killed an acid blob
 26460 | Lair:4   | Reached skill level 10 in Invocations
 26538 | Lair:4   | Killed an acid blob
 26880 | Spider:1 | Entered Level 1 of the Spider Nest
 26998 | Spider:1 | Reached skill level 13 in Stealth
 27086 | Spider:1 | Reached skill level 1 in Armour
 27637 | Spider:1 | Reached skill level 2 in Armour
 27971 | Spider:2 | Reached skill level 14 in Stealth
 28444 | Spider:2 | Reached skill level 15 in Stealth
 28456 | Spider:1 | Reached skill level 3 in Armour
 28565 | Spider:2 | Reached skill level 11 in Long Blades
 28649 | Spider:3 | Noticed Bai Suzhen
 28748 | Spider:3 | Reached skill level 16 in Stealth
 28755 | Spider:3 | Reached skill level 11 in Invocations
 28902 | Spider:3 | Found a runed translucent door.
 28903 | Spider:3 | Noticed cforsyth's ghost (adept KoBr)
 28911 | Spider:3 | Killed cforsyth's ghost
 28930 | Spider:3 | Reached skill level 4 in Armour
 29313 | Spider:3 | Reached XP level 17. HP: 102/102 MP: 31/31
 29441 | Spider:3 | Killed Bai Suzhen
 29442 | Spider:3 | Reached skill level 17 in Stealth
 29798 | Orc:2    | Bought heavily runed quicksilver dragon scales for 2080
                  | gold pieces
 29798 | Orc:2    | Identified the quicksilver dragon scales of the Morning
                  | {rN+ Will+ Dex+2} (You bought it in a shop on level 2 of
                  | the Orcish Mines)
 30071 | Spider:4 | Entered Level 4 of the Spider Nest
 30670 | Spider:4 | Reached skill level 18 in Stealth
 30713 | Spider:4 | Reached skill level 5 in Armour
 30817 | Spider:4 | Reached skill level 12 in Long Blades
 31261 | Spider:4 | Reached skill level 19 in Stealth
 31494 | Spider:4 | Reached skill level 12 in Invocations
 31540 | Spider:4 | Reached skill level 6 in Armour
 31574 | Spider:4 | Got a gossamer rune of Zot
 31842 | Swamp:1  | Entered Level 1 of the Swamp
 31871 | Swamp:1  | Reached skill level 20 in Stealth
 31873 | Swamp:1  | Identified the +4 long sword of Misery {elec, Str+3}
 31874 | Swamp:1  | Identified Roxanne's Volume of Modification
 31874 | Swamp:1  | Noticed Roxanne
 32102 | Swamp:1  | Found a runed translucent door.
 32102 | Swamp:1  | Found a shimmering altar of Xom.
 32102 | Swamp:1  | Noticed Iich's ghost (adept HOFi)
 32112 | Swamp:1  | Killed Iich's ghost
 32454 | Swamp:1  | Killed Roxanne
 32733 | Swamp:2  | Reached skill level 21 in Stealth
 32802 | Swamp:2  | Reached skill level 7 in Evocations
 32924 | Swamp:2  | Reached XP level 18. HP: 108/108 MP: 32/32
 33769 | Swamp:3  | Reached skill level 11 in Fighting
 33878 | Swamp:4  | Entered Level 4 of the Swamp
 33920 | Swamp:4  | Found a frozen archway.
 33947 | IceCv    | Entered an ice cave
 34040 | IceCv    | Identified a +0 leather armour of resistance
 34078 | IceCv    | Reached skill level 22 in Stealth
 34079 | IceCv    | Reached skill level 8 in Evocations
 34234 | IceCv    | Noticed a shard shrike
 34248 | IceCv    | Killed a shard shrike
 34567 | Swamp:4  | Identified a scroll of acquirement
 34568 | Swamp:4  | Acquired a +1 pair of boots of flying
 34846 | Swamp:4  | Reached skill level 9 in Evocations
 34867 | Swamp:4  | Reached skill level 12 in Fighting
 35166 | Swamp:4  | Got a decaying rune of Zot
 35446 | Elf:1    | Entered Level 1 of the Elven Halls
 35507 | Elf:1    | Noticed Agnes
 35528 | Elf:1    | Killed Agnes
 35529 | Elf:1    | Reached skill level 10 in Evocations
 35543 | Elf:1    | Learned a level 4 spell: Cause Fear
 36099 | Elf:1    | Got Ciyts's Annotations on Bodies
 36174 | Elf:1    | Found Niaf's Vocational Training.
 36515 | Elf:2    | Reached XP level 19. HP: 118/118 MP: 28/33
 36600 | Elf:2    | Reached skill level 13 in Fighting
 36680 | Elf:2    | Found a runed translucent gate.
 36681 | Elf:2    | Found a runed translucent gate.
 36682 | Elf:2    | Found a runed translucent gate.
 36956 | Elf:2    | Reached skill level 15 in Hexes
 37138 | Elf:3    | Entered Level 3 of the Elven Halls
 37193 | Elf:3    | Found Geinu's Weapon Emporium.
 37519 | Elf:3    | Found a shimmering blue altar of Sif Muna.
 38277 | D:7      | Bought a book of Beasts for 608 gold pieces
 38284 | D:7      | Learned a level 5 spell: Summon Mana Viper
 38525 | Elf:3    | Reached skill level 1 in Summonings
 38759 | Elf:3    | Reached skill level 11 in Evocations
 38805 | Elf:3    | Reached skill level 2 in Summonings
 38864 | Elf:3    | Noticed Asterion
 38867 | Elf:3    | Killed Asterion
 38885 | Elf:3    | Reached skill level 3 in Summonings
 39045 | Elf:3    | Reached skill level 4 in Summonings
 39053 | Elf:3    | Reached skill level 16 in Hexes
 39079 | Elf:3    | Identified the amulet "Fipaarchuj" {Faith rN+ Slay+6}
 39228 | Elf:3    | Identified the +6 broad axe of Pynuruy {flame, rPois rN+}
 39257 | Elf:3    | Reached skill level 5 in Summonings
 39506 | Elf:3    | Identified the ring of Gealle {rF+ rC+ rCorr Dex+3 Stlth+}
 39511 | Elf:3    | Identified the amulet of Sunuepix {RegenMP Harm Str+2 Dex+2
                  | Stlth-}
 39539 | Elf:3    | Identified the +5 mace of Doom {elec, Str+6}
 39555 | Elf:3    | Identified the ring of Myviamu {+Blink rC+ Will+ Dex+2}
 39830 | Elf:2    | Reached skill level 6 in Summonings
 40267 | Elf:2    | Reached skill level 14 in Fighting
 40592 | Vaults:1 | Entered Level 1 of the Vaults
 40592 | Vaults:1 | Found Taleur's Jewellery Emporium.
 40592 | Vaults:1 | Found Adiss's Assorted Antiques.
 40707 | Vaults:1 | Reached skill level 7 in Summonings
 40785 | Vaults:1 | Identified the +3 flail of the Aged Planets {vamp, Contam
                  | Will+ Dex+4 SInv}
 40819 | Vaults:1 | Reached XP level 20. HP: 127/127 MP: 34/34
 41019 | Vaults:1 | Reached skill level 12 in Evocations
 41066 | Vaults:1 | Reached skill level 8 in Summonings
 41551 | Vaults:1 | Found Cuppe's Antique Weapon Shoppe.
 41989 | Vaults:2 | Reached skill level 9 in Summonings
 41995 | Vaults:2 | Reached skill level 11 in Dodging
 42388 | Vaults:2 | Reached skill level 10 in Summonings
 43464 | Vaults:3 | Reached skill level 11 in Summonings
 43478 | Vaults:3 | Reached skill level 12 in Dodging
 43501 | Vaults:3 | Reached skill level 15 in Fighting
 43589 | Vaults:3 | Found Jaistyps's Jewellery Emporium.
 43648 | Vaults:3 | Noticed a curse skull
 43676 | Vaults:3 | HP: 6/129 [large slime creature (20)]
 43679 | Vaults:3 | Found a staircase to the Crypt.
 43796 | Vaults:3 | Identified the +0 plate armour "Jakis" {Will++ Dex+2
                  | Slay-2}
 44365 | Vaults:3 | Found a portal to a secret trove of treasure.
 44489 | Vaults:3 | Killed a curse skull
 44547 | Vaults:3 | Noticed Donald
 44560 | Vaults:3 | Reached XP level 21. HP: 134/134 MP: 35/35
 44570 | Vaults:3 | Killed Donald
 44582 | Vaults:3 | Reached skill level 12 in Summonings
 45035 | Vaults:4 | Reached skill level 13 in Dodging
 45295 | Vaults:4 | Reached skill level 13 in Summonings
 45591 | Vaults:4 | Reached skill level 14 in Dodging
 45773 | Vaults:4 | Found Tuoj's Antique Armour Shoppe.
 45963 | Vaults:4 | Found Xicoots's Armour Shoppe.
 46013 | Vaults:4 | Reached skill level 14 in Summonings
 46536 | Vaults:4 | Bought a crude robe for 239 gold pieces
 46536 | Vaults:4 | Identified the +2 robe of the Equator {Dex+3} (You bought
                  | it in a shop on level 4 of the Vaults)
 46777 | D:7      | Bought a book of Maledictions for 416 gold pieces
 46786 | D:7      | Learned a level 7 spell: Enfeeble
 46999 | Crypt:1  | Entered Level 1 of the Crypt
 47083 | Crypt:1  | Noticed Xtahua
 47085 | Crypt:1  | Killed Xtahua
 47105 | Crypt:1  | Identified the ring of Daisies {Ice Fly rN+ Stlth+}
 47105 | Crypt:1  | Noticed Josephina
 47131 | Crypt:1  | HP: 4/134 [Josephina/seracfall (29)]
 47424 | Crypt:1  | Reached skill level 15 in Dodging
 47475 | Crypt:1  | Found an ancient bone altar of Kikubaaqudgha.
 47667 | Crypt:1  | Killed Josephina
 48200 | Crypt:2  | Found a magical portal.
 48218 | WizLab   | Entered Iskenderun's Mystic Tower
 48518 | WizLab   | Reached XP level 22. HP: 113/140 MP: 36/36
 48669 | WizLab   | Identified a +0 robe of the Archmagi
 48916 | WizLab   | Reached skill level 16 in Dodging
 48916 | WizLab   | Reached skill level 17 in Hexes
 48918 | WizLab   | Got Iskenderun's Papyrus of Hurting
 48926 | WizLab   | Learned a level 6 spell: Summon Cactus Giant
 49782 | Crypt:2  | Identified the +1 leather armour "Trusted Companion" {rF-
                  | rC+ rN++}
 50079 | Crypt:2  | Reached skill level 15 in Summonings
 50573 | Crypt:3  | Entered Level 3 of the Crypt
 50745 | Crypt:3  | Found a staircase to the Tomb.
 50912 | Crypt:3  | Reached skill level 17 in Dodging
 51083 | Crypt:3  | Identified the +2 robe of Defiance {Drain Will+ Str+3
                  | Dex+3}
 51124 | Crypt:3  | Noticed Mennas
 51380 | Crypt:3  | Reached skill level 18 in Hexes
 52507 | Crypt:3  | Killed Mennas
 52808 | Crypt:3  | Reached skill level 11 in Spellcasting
 52932 | Crypt:3  | Noticed Jory
 52959 | Crypt:3  | Killed Jory
 53092 | Crypt:3  | Found the +7 sceptre of Torment {pain, torment}
 53099 | Crypt:3  | Identified +2 pearl dragon scales
 53383 | Depths:1 | Entered Level 1 of the Depths
 53450 | Depths:1 | Noticed a caustic shrike
 53458 | Depths:1 | Killed a caustic shrike
 53663 | Depths:1 | Identified the +8 short sword "Irhuwno" {freeze, rC++}
 53800 | Depths:1 | Found a gateway to Hell.
 53842 | Depths:1 | Reached skill level 18 in Dodging
 53948 | Depths:1 | Found Rutwoanapu's Book Boutique.
 53948 | Depths:1 | Found Beleudgh's Jewellery Shoppe.
 53949 | Depths:1 | Found Zeitiy's Book Boutique.
 54028 | Depths:1 | Found a hazy altar of Hepliaklqana.
 54034 | Depths:1 | Reached XP level 23. HP: 144/144 MP: 38/38
 54189 | Depths:1 | Identified the +8 battleaxe of the Hills {flame, rPois
                  | Dex+5}
 54677 | Depths:2 | Reached skill level 19 in Hexes
 54846 | Depths:2 | Reached skill level 16 in Summonings
 55034 | Depths:2 | Identified the amulet "Gegeapn" {Acrobat rF- Dex+3 Stlth+}
 55531 | Depths:2 | Found a one-way gate leading to the halls of Pandemonium.
 55735 | Depths:3 | Reached skill level 19 in Dodging
 55746 | Depths:3 | Noticed a juggernaut
 55768 | Depths:3 | HP: 10/144 [juggernaut (5)]
 55776 | Depths:3 | HP: 4/144 [spriggan defender/+2 lajatang of pain (9)]
 56013 | Depths:3 | Identified the +3 cloak "Wus Vume" {Str+2 Int+3}
 56036 | Depths:3 | Noticed Margery
 56061 | Depths:3 | HP: 5/144 [juggernaut (62)]
 56072 | Depths:3 | Killed a juggernaut
 56298 | D:15     | Learned a level 8 spell: Discord
 56539 | Depths:3 | Killed Margery
 56540 | Depths:3 | Reached skill level 12 in Spellcasting
 57183 | Depths:3 | Identified the +8 chain mail of Patience {rN+ Will+}
 57485 | Depths:4 | Entered Level 4 of the Depths
 57777 | Depths:4 | Reached skill level 20 in Hexes
 58094 | Depths:4 | Found a gate to the Realm of Zot.
 58113 | Depths:4 | Reached XP level 24. HP: 117/152 MP: 39/39
 58366 | Depths:4 | Identified the +6 flail of Nakeh {flame, Fragile Int+4}
 58411 | Depths:4 | Found a one-way gateway to a ziggurat.
 58432 | Depths:4 | Reached skill level 20 in Dodging
 58577 | Depths:4 | Learned a level 7 spell: Summon Hydra
 58893 | Slime:1  | Entered Level 1 of the Pits of Slime
 60033 | Slime:2  | Upgraded the game from 0.30-a0-824-g6c64550be9 to
                  | 0.30-a0-830-gfe289a77b0
 60406 | Slime:3  | Reached skill level 17 in Summonings
 60420 | Slime:3  | Reached skill level 16 in Fighting
 61200 | Slime:4  | Reached skill level 13 in Spellcasting
 61377 | Slime:5  | Entered Level 5 of the Pits of Slime
 63177 | Slime:5  | Found a viscous altar of Jiyva.
 63177 | Slime:5  | Noticed the Royal Jelly
 63178 | Slime:5  | Found the +9 staff of Olgreb {rPois∞}
 63184 | Slime:5  | Killed the Royal Jelly
 63776 | Slime:5  | Identified the ring "Fumeus Xyfe" {rPois rF+}
 63840 | Slime:5  | Got a slimy rune of Zot
 65037 | Zot:1    | Entered Level 1 of the Realm of Zot
 65053 | Zot:1    | Got the Atlas of Infinity
 65160 | Zot:1    | Noticed a curse toe
 65162 | Zot:1    | Killed a curse toe
 65170 | Zot:1    | Noticed an orb of fire
 65187 | Zot:1    | HP: 3/193 [orb of fire/bolt of fire (25)]
 65193 | Zot:1    | HP: 5/193 [green draconian monk[a purple draconian shifter]
                  | (2)]
 65343 | Depths:4 | Reached skill level 18 in Summonings
 65608 | Elf:1    | Bought a manual of Evocations for 1520 gold pieces
 66237 | Zot:1    | Killed an orb of fire
 66422 | Zot:1    | Found a transporter.
 66435 | Zot:1    | Reached skill level 21 in Hexes
 66611 | Zot:1    | Noticed a curse toe
 66643 | Zot:1    | Reached XP level 25. HP: 196/199 MP: 40/40
 66651 | Zot:1    | Noticed Dawneret's ghost (master GnFi)
 66651 | Zot:1    | Found the +10 morningstar "Eos" {elec, Halo rElec}
 66655 | Zot:1    | Found a transporter.
 66743 | Zot:1    | HP: 18/196 [storm dragon (16)]
 66745 | Zot:1    | HP: 4/196 [storm dragon (15)]
 67101 | Zot:1    | Killed Dawneret's ghost
 67522 | Zot:1    | Reached skill level 21 in Dodging
 67618 | Zot:1    | Killed a curse toe
 67631 | Zot:1    | Identified the ring of Lesser Demons {rF+ rC+ rN+}
 67791 | Depths:4 | Voluntarily entered the Abyss.
 67923 | Abyss:1  | Found a corrupted altar of Lugonu.
 68087 | Abyss:1  | Reached skill level 13 in Evocations
 68575 | Abyss:3  | Found a corrupted altar of Lugonu.
 68614 | Abyss:3  | Found a corrupted altar of Lugonu.
 68622 | Abyss:3  | Got an abyssal rune of Zot
 68749 | Depths:4 | You pass through the gate.
 68749 | Depths:4 | Escaped the Abyss
 68813 | Zot:2    | Reached skill level 14 in Spellcasting
 68937 | Zot:2    | Noticed a curse toe
 69409 | Zot:2    | Reached skill level 17 in Fighting
 69530 | Zot:2    | Identified the +1 robe of Midwinter {Drain rCorr Dex+3}
 69797 | Zot:2    | Reached skill level 14 in Evocations
 69808 | Zot:2    | Reached skill level 22 in Hexes
 69969 | Zot:2    | Killed a curse toe
 70683 | Zot:3    | You are sucked into a shaft and drop 1 floor!
 70730 | Zot:4    | Noticed Parghit
 70732 | Zot:4    | Killed Parghit
 70917 | Zot:3    | Reached skill level 15 in Evocations
 70958 | Zot:3    | Reached XP level 26. HP: 107/209 MP: 33/41
 71094 | Zot:3    | Found the +4 dragonskin cloak
 71094 | Zot:3    | Noticed Tiamat
 71654 | Zot:3    | Reached skill level 22 in Dodging
 71660 | Zot:3    | Reached skill level 15 in Spellcasting
 71857 | Zot:3    | Killed Tiamat
 72253 | Zot:4    | Noticed a curse toe
 72255 | Zot:4    | Killed a curse toe
 72325 | Zot:4    | Identified the +4 chain mail of Kokhois {rN+ Str-3 Int+4
                  | SInv}
 72901 | Zot:4    | Reached skill level 16 in Evocations
 72921 | Zot:4    | Reached skill level 18 in Fighting
 73315 | Vaults:5 | Entered Level 5 of the Vaults
 73322 | Vaults:5 | Noticed a dread lich
 73329 | Vaults:5 | Identified the +2 helmet of the Orange Skies {rC+ Will+
                  | Str+3 Dex+3}
 73333 | Vaults:5 | Killed a dread lich
 73334 | Vaults:5 | Reached skill level 19 in Summonings
 73549 | Vaults:5 | Reached skill level 17 in Evocations
 73657 | Vaults:5 | Noticed an ancient lich
 73673 | Vaults:5 | Killed an ancient lich
 73677 | Vaults:5 | Identified the +6 mace "Puemnal" {flame, rC+ Dex+4}
 73685 | Vaults:5 | Identified the amulet of Teodutag {Acrobat Str+4}
 73732 | Vaults:5 | Reached skill level 16 in Spellcasting
 73734 | Vaults:5 | Identified the +9 scimitar of Wyrd {antimagic, rElec rC+
                  | Str+4 Dex+3}
 73855 | Vaults:5 | Found Ulappuollu's Book Shoppe.
 73855 | Vaults:5 | Noticed an ancient lich
 73862 | Vaults:5 | Killed an ancient lich
 73864 | Vaults:5 | Got the Enchiridion on the Deathly Xenolith
 73865 | Vaults:5 | Identified the +6 arbalest of Wemahua {heavy, rCorr}
 74159 | Vaults:5 | Found Melouphe's Magic Scroll Shoppe.
 74244 | Vaults:5 | Noticed an ancient lich
 74259 | Vaults:5 | Killed an ancient lich
 74282 | Vaults:5 | Noticed a dread lich
 74295 | Vaults:5 | Killed a dread lich
 74341 | Vaults:5 | Found Zeulo's Distillery.
 74400 | Vaults:5 | Identified the +5 flail of Excruciating Pain {pain, rF++
                  | rC+ Str+2}
 74403 | Vaults:5 | Got a silver rune of Zot
 74433 | Vaults:5 | Identified the ring "Zuufoek" {Fire rCorr Int+5 Dex+2}
 74504 | Vaults:5 | Identified the +1 chain mail of the Abyss {rElec}
 74706 | Vaults:5 | Found Muusm's Distillery.
 74893 | Vaults:5 | Reached XP level 27. HP: 217/217 MP: 43/43
 74942 | Vaults:5 | Reached skill level 20 in Summonings
 75217 | Elf:1    | Bought a manual of Invocations for 1520 gold pieces
 75540 | Tomb:1   | Entered Level 1 of the Tomb of the Ancients
 75663 | Tomb:1   | Reached skill level 18 in Evocations
 76014 | Tomb:1   | Noticed a royal mummy
 76026 | Tomb:1   | Killed a royal mummy
 76288 | Tomb:1   | Noticed a royal mummy
 76305 | Tomb:1   | Killed a royal mummy
 76447 | Tomb:1   | Reached skill level 17 in Spellcasting
 76852 | Depths:1 | Bought an Inescapable Atlas for 544 gold pieces
 76856 | Depths:1 | Learned a level 2 spell: Blink
 76904 | Hell     | Entered the Vestibule of Hell
 76904 | Hell     | Noticed Geryon
 76910 | Hell     | Killed Geryon
 76911 | Hell     | Reached skill level 13 in Invocations
 76931 | Hell     | Reached skill level 1 in Translocations
 77154 | Hell     | Reached skill level 2 in Translocations
 77184 | Hell     | Found a gateway to the Iron City of Dis.
 77309 | Hell     | Found a gateway to the decaying netherworld of Tartarus.
 77333 | Hell     | Reached skill level 3 in Translocations
 77538 | Hell     | Found a gateway to the ashen valley of Gehenna.
 77703 | Hell     | Reached skill level 4 in Translocations
 77744 | Hell     | Learned a level 9 spell: Dragon's Call
 77822 | Hell     | Found a gateway to the freezing wastes of Cocytus.
 78272 | Pan      | Entered Pandemonium
 78279 | Pan      | Gained mutation: Your body sometimes deteriorates upon
                  | taking damage. [a cacodemon]
 78467 | Pan      | Found an exit through the horrors of the Abyss.
 78480 | Pan      | Reached skill level 14 in Invocations
 78528 | Pan      | Gained mutation: You are occasionally teleported next to
                  | monsters. [a neqoxec]
 78529 | Pan      | Gained mutation: You are weak. (Str -2) [a neqoxec]
 78549 | Pan      | Lost mutation: Your body sometimes deteriorates upon taking
                  | damage. [potion of mutation]
 78549 | Pan      | Lost mutation: You are weak. (Str -2) [potion of mutation]
 78549 | Pan      | Gained mutation: You are frail. (-10% HP) [potion of
                  | mutation]
 78549 | Pan      | Gained mutation: You have a somewhat thin skeletal
                  | structure. (Dex +2, Stealth+) [potion of mutation]
 78550 | Pan      | Lost mutation: You are frail. (-10% HP) [potion of
                  | mutation]
 78550 | Pan      | Lost mutation: You have a somewhat thin skeletal structure.
                  | (Dex +2, Stealth+) [potion of mutation]
 78550 | Pan      | Lost mutation: You are occasionally teleported next to
                  | monsters. [potion of mutation]
 78550 | Pan      | Gained mutation: Potions are less effective at restoring
                  | your health. [potion of mutation]
 78550 | Pan      | Gained mutation: Your magical capacity is low. (-10% MP)
                  | [potion of mutation]
 78869 | Pan      | Noticed Foitzale the pandemonium lord
 78884 | Pan      | Killed Foitzale the pandemonium lord
 78903 | Pan      | Reached skill level 5 in Translocations
 78921 | Pan      | Gained mutation: Potions cannot restore your health. [a
                  | neqoxec]
 79153 | Pan      | Found an exit through the horrors of the Abyss.
 79526 | Pan      | Noticed Kesyelag the pandemonium lord
 79532 | Pan      | Reached skill level 21 in Summonings
 79737 | Pan      | Killed Kesyelag the pandemonium lord
 79738 | Pan      | Reached skill level 15 in Invocations
 80193 | Pan      | Reached skill level 18 in Spellcasting
 80729 | Pan      | Reached skill level 16 in Invocations
 81079 | Pan      | Found an exit through the horrors of the Abyss.
 81311 | Pan      | Found a runed translucent door.
 81869 | Pan      | Noticed Ihomeato the pandemonium lord
 81872 | Pan      | Killed Ihomeato the pandemonium lord
 82150 | Pan      | Reached skill level 22 in Summonings
 82171 | Pan      | Noticed Herazas the pandemonium lord
 82180 | Pan      | Killed Herazas the pandemonium lord
 83173 | Pan      | Noticed Xishran the pandemonium lord
 83197 | Pan      | Killed Xishran the pandemonium lord
 83211 | Pan      | Reached skill level 17 in Invocations
 83251 | Pan      | Reached skill level 13 in Long Blades
 83329 | Pan      | Identified the +2 pair of boots of the Thistle {rElec
                  | Stlth+}
 83331 | Pan      | Identified the +8 arbalest "Fompamp" {penet, rN+ Str+2}
 83343 | Pan      | Got a demonic rune of Zot
 83356 | Pan      | Got the Thoughts on Conjuring and Kindling
 83366 | Pan      | Learned a level 3 spell: Vhi's Electric Charge
 84007 | Pan      | Learned a level 1 spell: Apportation
 84640 | Pan      | Identified a scarf of resistance
 84907 | Pan      | Reached skill level 23 in Summonings
 85257 | Pan      | Noticed Kitaujiv the pandemonium lord
 85272 | Pan      | Killed Kitaujiv the pandemonium lord
 85711 | Pan      | Reached skill level 14 in Long Blades
 86086 | Pan      | Found an exit through the horrors of the Abyss.
 86120 | Pan      | Noticed Kaasoc the pandemonium lord
 86121 | Pan      | Killed Kaasoc the pandemonium lord
 86533 | Pan      | Entered the realm of Gloorx Vloq.
 86533 | Pan      | Noticed Gloorx Vloq
 86539 | Pan      | Killed Gloorx Vloq
 86641 | Pan      | Reached skill level 24 in Summonings
 86642 | Pan      | Noticed a curse skull
 86651 | Pan      | Killed a curse skull
 86724 | Pan      | Noticed a curse skull
 86731 | Pan      | Killed a curse skull
 87059 | Pan      | Got a dark rune of Zot
 87172 | Pan      | Reached skill level 15 in Long Blades
 87192 | Pan      | Found an exit through the horrors of the Abyss.
 87738 | Pan      | Found an exit through the horrors of the Abyss.
 87846 | Pan      | Noticed Xeeth the pandemonium lord
 88200 | Pan      | Killed Xeeth the pandemonium lord
 88544 | Pan      | Reached skill level 25 in Summonings
 89176 | Depths:2 | You pass through the gate.
 89176 | Depths:2 | Escaped Pandemonium
 89412 | Vaults:3 | You paid a toll of a +6 demon whip to enter a treasure
                  | trove
 89413 | Trove    | Entered a treasure trove
 89441 | Trove    | Identified the +1 robe of the Nine Beds {Rampage Str+3}
 89443 | Trove    | Identified the ring of Dicoug {Ice Will+ rCorr Stlth+}
 89445 | Trove    | Identified the ring "Mypahu" {rN+ Will+ rCorr}
 89453 | Trove    | Identified the +1 helmet of the Bells {Int+7 Dex-5}
 89457 | Trove    | Identified the +2 quick blade "Emufyem" {protect, rPois
                  | Stlth+}
 89461 | Trove    | Identified the +5 ice dragon scales of the Amoeba {rF- rC++
                  | Int+2 Stlth+}
 89916 | Pan      | Entered Pandemonium
 89976 | Pan      | Reached skill level 1 in Ranged Weapons
 89983 | Pan      | Noticed Ecatis the pandemonium lord
 90003 | Pan      | Killed Ecatis the pandemonium lord
 90176 | Pan      | Reached skill level 2 in Ranged Weapons
 90408 | Pan      | Reached skill level 3 in Ranged Weapons
 90593 | Pan      | Reached skill level 16 in Long Blades
 90610 | Pan      | Found an exit through the horrors of the Abyss.
 90967 | Pan      | Found an exit through the horrors of the Abyss.
 91289 | Pan      | Reached skill level 4 in Ranged Weapons
 91600 | Pan      | Noticed Cacut the pandemonium lord
 91615 | Pan      | Killed Cacut the pandemonium lord
 91621 | Pan      | Reached skill level 5 in Ranged Weapons
 91940 | Pan      | Entered the realm of Cerebov.
 92239 | Pan      | Identified the +3 quarterstaff of Darkness {heavy, rPois
                  | Str+2}
 92249 | Pan      | Reached skill level 6 in Ranged Weapons
 92312 | Pan      | Identified a scarf of resistance
 92647 | Pan      | Found the +6 sword of Cerebov {flame}
 92647 | Pan      | Noticed Cerebov
 93172 | Pan      | Got a fiery rune of Zot
 93477 | Pan      | Reached skill level 7 in Ranged Weapons
 93752 | Pan      | Found the +6 sword of Cerebov {flame}
 93752 | Pan      | Noticed Cerebov
 94133 | Pan      | Found an exit through the horrors of the Abyss.
 94238 | Pan      | Identified the +3 glaive "Hophoiv" {flame, SInv}
 94287 | Pan      | Noticed Souqug the pandemonium lord
 94290 | Pan      | Reached skill level 8 in Ranged Weapons
 94304 | Pan      | Killed Souqug the pandemonium lord
 94305 | Pan      | Reached skill level 17 in Long Blades
 94551 | Depths:2 | You pass through the gate.
 94551 | Depths:2 | Escaped Pandemonium
 94785 | Vaults:5 | Bought a scroll of summoning for 123 gold pieces
 94963 | D:10     | Learned a level 3 spell: Portal Projectile
 95133 | Pan      | Entered Pandemonium
 95188 | Pan      | Found the +6 sword of Cerebov {flame}
 95188 | Pan      | Noticed Cerebov
 95375 | Pan      | Identified a +2 robe of the Archmagi
 95414 | Pan      | Reached skill level 9 in Ranged Weapons
 95750 | Pan      | Noticed Pairph Ikuy the pandemonium lord
 95775 | Pan      | Killed Pairph Ikuy the pandemonium lord
 95826 | Pan      | Reached skill level 10 in Ranged Weapons
 96319 | Pan      | Identified the +1 battleaxe "Jeucsooz" {flame, rF++ rN+}
 96584 | Pan      | Found an exit through the horrors of the Abyss.
 96793 | Pan      | Reached skill level 11 in Ranged Weapons
 96947 | Pan      | Noticed Vuteul the pandemonium lord
 96950 | Pan      | Killed Vuteul the pandemonium lord
 96975 | Pan      | Got the Treatise on Flaming Wicked Ceremonies
 97192 | Pan      | Identified the +5 short sword "Aggeamaf" {heavy, Drain
                  | Str+3}
 97378 | Pan      | Reached skill level 12 in Ranged Weapons
 97669 | Pan      | Noticed Bips the pandemonium lord
 97686 | Pan      | Killed Bips the pandemonium lord
 97840 | Pan      | Identified the +11 great sword of the Battered Ziggurats
                  | {drain, *Noise +Blink rC+}
 97855 | Pan      | Gained mutation: You have a somewhat thin skeletal
                  | structure. (Dex +2, Stealth+) [a neqoxec]
 97858 | Pan      | Gained mutation: You are dopey. (Int -2) [a neqoxec]
 97953 | Pan      | Upgraded the game from 0.30-a0-830-gfe289a77b0 to
                  | 0.30-a0-840-ga523dec638
 98066 | Pan      | Gained mutation: Your body sometimes deteriorates upon
                  | taking damage. [a neqoxec]
 98076 | Pan      | Reached skill level 13 in Ranged Weapons
 98171 | Pan      | Identified the +3 rapier of the Enchanting Gods {pain,
                  | rCorr}
 98271 | Pan      | Noticed Ajakal the pandemonium lord
 98272 | Pan      | Killed Ajakal the pandemonium lord
 98516 | Depths:2 | You pass through the gate.
 98516 | Depths:2 | Escaped Pandemonium
 98878 | Pan      | Entered the realm of Lom Lobon.
 98878 | Pan      | Entered Pandemonium
 99229 | Pan      | Found an exit through the horrors of the Abyss.
 99308 | Pan      | Found the +6 sword of Cerebov {flame}
 99308 | Pan      | Noticed Cerebov
 99443 | Pan      | Reached skill level 14 in Ranged Weapons
 99739 | Pan      | Noticed Lom Lobon
 99755 | Pan      | Killed Lom Lobon
 99786 | Pan      | Got a magical rune of Zot
100029 | Pan      | Entered the realm of Mnoleg.
100087 | Pan      | Reached skill level 15 in Ranged Weapons
100506 | Pan      | Found an exit through the horrors of the Abyss.
101109 | Pan      | Noticed Mnoleg
101117 | Pan      | Killed Mnoleg
101118 | Pan      | Reached skill level 16 in Ranged Weapons
101121 | Pan      | Paralysed by a floating eye for 4 turns
101274 | Pan      | Identified the ring of Agoaras {MP+9 Str+3 Int-2 Dex+2}
101485 | Pan      | Got a glowing rune of Zot
101604 | Pan      | Gained mutation: You are very dopey. (Int -4) [a neqoxec]
101770 | Pan      | Found an exit through the horrors of the Abyss.
101995 | Pan      | Gained mutation: Your spells are a little easier to cast,
                  | but a little less powerful. [a cacodemon]
102187 | Pan      | Noticed Vifit the pandemonium lord
102191 | Pan      | Killed Vifit the pandemonium lord
102332 | Depths:2 | You pass through the gate.
102332 | Depths:2 | Escaped Pandemonium
102337 | Depths:2 | Lost mutation: Your spells are a little easier to cast, but
                  | a little less powerful. [potion of mutation]
102337 | Depths:2 | Lost mutation: Your body sometimes deteriorates upon taking
                  | damage. [potion of mutation]
102337 | Depths:2 | Lost mutation: Potions cannot restore your health. [potion
                  | of mutation]
102337 | Depths:2 | Gained mutation: You are weak. (Str -2) [potion of
                  | mutation]
102337 | Depths:2 | Gained mutation: You have large cloven feet. [potion of
                  | mutation]
102337 | Depths:2 | Gained mutation: You have hidden genetic potential. [potion
                  | of mutation]
102341 | Pan      | Entered Pandemonium
102463 | Pan      | Reached skill level 26 in Summonings
102500 | Pan      | Reached skill level 17 in Ranged Weapons
102554 | Pan      | Found an exit through the horrors of the Abyss.
103123 | Pan      | Noticed Loloaf the pandemonium lord
103480 | Pan      | Killed Loloaf the pandemonium lord
104003 | Pan      | Lost mutation: You have large cloven feet. [potion of
                  | mutation]
104003 | Pan      | Lost mutation: You have hidden genetic potential. [potion
                  | of mutation]
104003 | Pan      | Lost mutation: Potions are less effective at restoring your
                  | health. [potion of mutation]
104003 | Pan      | Gained mutation: You have a pair of small antennae on your
                  | head. [potion of mutation]
104003 | Pan      | Gained mutation: Your spells are a little harder to cast,
                  | but a little more powerful. [potion of mutation]
104003 | Pan      | Lost mutation: You are very dopey. (Int -4) [potion of
                  | mutation]
104004 | Pan      | Lost mutation: You have a somewhat thin skeletal structure.
                  | (Dex +2, Stealth+) [potion of mutation]
104004 | Pan      | Lost mutation: Your spells are a little harder to cast, but
                  | a little more powerful. [potion of mutation]
104004 | Pan      | Gained mutation: You are very dopey. (Int -4) [potion of
                  | mutation]
104004 | Pan      | Gained mutation: You are partially covered in iridescent
                  | scales. (AC +2) [potion of mutation]
104004 | Pan      | Lost mutation: You are weak. (Str -2) [potion of mutation]
104005 | Pan      | Lost mutation: Your magical capacity is low. (-10% MP)
                  | [potion of mutation]
104005 | Pan      | Lost mutation: You have a pair of small antennae on your
                  | head. [potion of mutation]
104005 | Pan      | Lost mutation: You are partially covered in iridescent
                  | scales. (AC +2) [potion of mutation]
104005 | Pan      | Gained mutation: You have hidden genetic potential. [potion
                  | of mutation]
104100 | Pan      | Found an exit through the horrors of the Abyss.
104190 | Pan      | Found an opulent altar of Gozag.
104190 | Pan      | Found Kivoadawn's Quality Elixirs.
104190 | Pan      | Noticed a dread lich
104292 | Pan      | Found an opulent altar of Gozag.
104299 | Pan      | Noticed a dread lich
104317 | Pan      | Killed a dread lich
104329 | Pan      | Reached skill level 18 in Long Blades
104395 | Pan      | Noticed Kivoadawn the pandemonium lord
104586 | Pan      | Reached skill level 18 in Ranged Weapons
105074 | Pan      | Killed a dread lich
105398 | Pan      | Killed Hetiecs the pandemonium lord
105408 | Pan      | Found Kivoadawn's Book Shop.
105425 | Pan      | Bought 3 potions of mutation for 456 gold pieces
105425 | Pan      | Bought a potion of mutation for 152 gold pieces
105425 | Pan      | Bought a potion of mutation for 152 gold pieces
105425 | Pan      | Bought a potion of mutation for 152 gold pieces
105425 | Pan      | Bought a potion of heal wounds for 95 gold pieces
105425 | Pan      | Bought a potion of brilliance for 76 gold pieces
105425 | Pan      | Bought a potion of invisibility for 152 gold pieces
105425 | Pan      | Bought 2 potions of invisibility for 304 gold pieces
105425 | Pan      | Bought a potion of heal wounds for 95 gold pieces
105428 | Pan      | Found Kivoadawn's Rarities Depot.
105441 | Pan      | Bought the ring "Titewyif" {rElec Will+ Str+4 Dex+5} for
                  | 1215 gold pieces
105455 | Pan      | Found an opulent altar of Gozag.
105495 | Pan      | Bought a Grand Grimoire for 748 gold pieces
105505 | Pan      | Learned a level 8 spell: Summon Horrible Things
105508 | Pan      | Found Kivoadawn's Assorted Sundries.
105750 | Pan      | Lost mutation: You have hidden genetic potential. [potion
                  | of mutation]
105750 | Pan      | Lost mutation: You are very dopey. (Int -4) [potion of
                  | mutation]
105750 | Pan      | Lost mutation: You are dopey. (Int -2) [potion of mutation]
105750 | Pan      | Gained mutation: You have large cloven feet. [potion of
                  | mutation]
105750 | Pan      | Gained mutation: Your muscles are strong. (Str +4, Int/Dex
                  | -1) [potion of mutation]
106043 | Depths:2 | You pass through the gate.
106043 | Depths:2 | Escaped Pandemonium
106083 | Pan      | Entered Pandemonium
106097 | Pan      | Identified the +3 hat "Moemas" {Int+3}
106844 | Pan      | Reached skill level 19 in Long Blades
107026 | Pan      | Noticed Qupa Ziwk the pandemonium lord
107029 | Pan      | Killed Qupa Ziwk the pandemonium lord
107342 | Pan      | Reached skill level 19 in Fighting
107748 | Pan      | Found an exit through the horrors of the Abyss.
107780 | Pan      | Found the +6 sword of Cerebov {flame}
107780 | Pan      | Noticed Cerebov
107805 | Pan      | Identified the +2 leather armour "Jouclicw" {Will+ rCorr
                  | Int+3}
107811 | Pan      | Reached skill level 19 in Ranged Weapons
107990 | Pan      | Noticed Qatumij the pandemonium lord
107991 | Pan      | Killed Qatumij the pandemonium lord
108618 | Pan      | Killed Cerebov
108868 | Depths:2 | You pass through the gate.
108868 | Depths:2 | Escaped Pandemonium
108875 | Pan      | Entered Pandemonium
109040 | Pan      | Found an exit through the horrors of the Abyss.
109520 | Pan      | Noticed Peruk the pandemonium lord
109523 | Pan      | Killed Peruk the pandemonium lord
109642 | Pan      | Reached skill level 20 in Fighting
110371 | Pan      | Identified the +0 ring mail of the Evening {rF+}
110598 | Pan      | Reached skill level 20 in Ranged Weapons
110902 | Pan      | Identified the +0 helmet "Ummunucae" {rPois}
110938 | Pan      | Noticed Tasmedej the pandemonium lord
110999 | Pan      | Killed Tasmedej the pandemonium lord
111255 | Pan      | Found an exit through the horrors of the Abyss.
111607 | Depths:2 | You pass through the gate.
111607 | Depths:2 | Escaped Pandemonium
111614 | Pan      | Entered Pandemonium
111644 | Pan      | Found an exit through the horrors of the Abyss.
111757 | Pan      | Found a transporter.
111860 | Pan      | Found a transporter.
112403 | Pan      | Reached skill level 23 in Stealth
112603 | Pan      | Identified the amulet of Zutukom {Reflect rPois Int+2 SH+5}
112629 | Pan      | Identified the ring of Caqeucli {rF+ rN+}
112691 | Depths:2 | You pass through the gate.
112691 | Depths:2 | Escaped Pandemonium
112699 | Pan      | Entered Pandemonium
113057 | Pan      | Gained mutation: You are vulnerable to heat. (rF-) [a
                  | neqoxec]
113065 | Pan      | Lost mutation: You have large cloven feet. [potion of
                  | mutation]
113065 | Pan      | Lost mutation: Your muscles are strong. (Str +4, Int/Dex
                  | -1) [potion of mutation]
113065 | Pan      | Gained mutation: You have large cloven feet. [potion of
                  | mutation]
113065 | Pan      | Gained mutation: You have hoof-like feet. [potion of
                  | mutation]
113066 | Pan      | Lost mutation: You are vulnerable to heat. (rF-) [potion of
                  | mutation]
113066 | Pan      | Lost mutation: You have hoof-like feet. [potion of
                  | mutation]
113066 | Pan      | Lost mutation: You have large cloven feet. [potion of
                  | mutation]
113066 | Pan      | Gained mutation: You are vulnerable to heat. (rF-) [potion
                  | of mutation]
113066 | Pan      | Gained mutation: You have large cloven feet. [potion of
                  | mutation]
113067 | Pan      | Lost mutation: You have large cloven feet. [potion of
                  | mutation]
113067 | Pan      | Lost mutation: You are vulnerable to heat. (rF-) [potion of
                  | mutation]
113067 | Pan      | Gained mutation: You have a pair of small antennae on your
                  | head. [potion of mutation]
113067 | Pan      | Gained mutation: You are covered in fur. (AC +1) [potion of
                  | mutation]
113067 | Pan      | Gained mutation: You sometimes lose your temper in combat.
                  | [potion of mutation]
113068 | Pan      | Lost mutation: You have a pair of small antennae on your
                  | head. [potion of mutation]
113068 | Pan      | Lost mutation: You are covered in fur. (AC +1) [potion of
                  | mutation]
113068 | Pan      | Lost mutation: You sometimes lose your temper in combat.
                  | [potion of mutation]
113068 | Pan      | Gained mutation: You have a pair of small antennae on your
                  | head. [potion of mutation]
113068 | Pan      | Gained mutation: You are frail. (-10% HP) [potion of
                  | mutation]
113068 | Pan      | Gained mutation: Your muscles are strong. (Str +4, Int/Dex
                  | -1) [potion of mutation]
113069 | Pan      | Lost mutation: You are frail. (-10% HP) [potion of
                  | mutation]
113069 | Pan      | Lost mutation: You have a pair of small antennae on your
                  | head. [potion of mutation]
113069 | Pan      | Gained mutation: A frigid envelope surrounds you and
                  | freezes all who hurt you. [potion of mutation]
113202 | Pan      | Noticed Ihucuoh the pandemonium lord
113204 | Pan      | Killed Ihucuoh the pandemonium lord
113738 | Depths:2 | You pass through the gate.
113738 | Depths:2 | Escaped Pandemonium
113744 | Pan      | Entered Pandemonium
113840 | Pan      | Noticed Uturor the pandemonium lord
113854 | Pan      | Killed Uturor the pandemonium lord
114031 | Pan      | Reached skill level 21 in Fighting
114384 | Pan      | Reached skill level 24 in Stealth
115090 | Pan      | Found an exit through the horrors of the Abyss.
115192 | Pan      | Found an exit through the horrors of the Abyss.
115193 | Pan      | Identified the +1 cloak of Impermeability {Harm rCorr}
115208 | Pan      | Gained mutation: You occasionally lose the ability to read
                  | scrolls when taking damage. [a neqoxec]
115282 | Pan      | HP: 17/183 [demonspawn black sun/dispel undead (25)]
115440 | Pan      | Lost mutation: You occasionally lose the ability to read
                  | scrolls when taking damage. [potion of mutation]
115440 | Pan      | Lost mutation: Your muscles are strong. (Str +4, Int/Dex
                  | -1) [potion of mutation]
115440 | Pan      | Lost mutation: A frigid envelope surrounds you and freezes
                  | all who hurt you. [potion of mutation]
115440 | Pan      | Gained mutation: You are weak. (Str -2) [potion of
                  | mutation]
115656 | Pan      | Reached skill level 21 in Ranged Weapons
115873 | Pan      | Noticed Eryucs the pandemonium lord
115905 | Pan      | Killed Eryucs the pandemonium lord
116332 | Pan      | Found an exit through the horrors of the Abyss.
116851 | Pan      | Found a transporter.
116894 | Pan      | Found a transporter.
117126 | Pan      | Reached skill level 22 in Fighting
117127 | Pan      | Reached skill level 23 in Dodging
117131 | Pan      | Reached skill level 25 in Stealth
117181 | Pan      | Identified the ring "Namol" {rC+ Int+3 Dex+3 Slay+2 Stlth+}
117196 | Pan      | Identified the ring of Olepeunk {rPois rF+ rCorr Int+6
                  | Slay-5}
117369 | Pan      | Found an exit through the horrors of the Abyss.
117658 | Pan      | Acquired 699 gold pieces
117789 | Pan      | Noticed Wehe the pandemonium lord
117807 | Pan      | Killed Wehe the pandemonium lord
118059 | Depths:2 | You pass through the gate.
118059 | Depths:2 | Escaped Pandemonium
118067 | Pan      | Entered Pandemonium
118072 | Pan      | Gained mutation: You occasionally lose the ability to drink
                  | potions when taking damage. [a cacodemon]
118342 | Pan      | Found an exit through the horrors of the Abyss.
118367 | Pan      | Found a runed translucent door.
118627 | Pan      | Found a runed translucent door.
118635 | Pan      | Found a runed translucent door.
118638 | Pan      | Found a runed translucent door.
118941 | Pan      | Noticed Ceczef the pandemonium lord
118956 | Pan      | Killed Ceczef the pandemonium lord
119466 | Pan      | Noticed Zialul the pandemonium lord
119474 | Pan      | Killed Zialul the pandemonium lord
119584 | Pan      | Found an exit through the horrors of the Abyss.
120188 | Pan      | Reached skill level 26 in Stealth
120220 | Depths:2 | You pass through the gate.
120220 | Depths:2 | Escaped Pandemonium
120225 | Depths:2 | Upgraded the game from 0.30-a0-840-ga523dec638 to
                  | 0.30-a0-845-g7c6808c8ce
120228 | Pan      | Entered Pandemonium
120269 | Pan      | Noticed Rucuc the pandemonium lord
120287 | Pan      | Killed Rucuc the pandemonium lord
120288 | Pan      | Reached skill level 23 in Fighting
120454 | Pan      | Found an exit through the horrors of the Abyss.
120998 | Pan      | Noticed Quthuvop the pandemonium lord
121016 | Pan      | Killed Quthuvop the pandemonium lord
121908 | Depths:2 | You pass through the gate.
121908 | Depths:2 | Escaped Pandemonium
122243 | Pan      | Entered Pandemonium
122534 | Pan      | Found an exit through the horrors of the Abyss.
122645 | Pan      | Reached skill level 24 in Dodging
123242 | Pan      | Found an exit through the horrors of the Abyss.
123439 | Pan      | Identified the +3 quarterstaff "Nisazet" {drain, Will++
                  | Str+3 Stlth+}
123722 | Pan      | Noticed Obeol the pandemonium lord
123734 | Pan      | Killed Obeol the pandemonium lord
123749 | Pan      | Reached skill level 27 in Stealth
124118 | Pan      | Found an exit through the horrors of the Abyss.
124272 | Pan      | Reached skill level 19 in Spellcasting
124402 | Pan      | Noticed Qaes the pandemonium lord
124411 | Pan      | Killed Qaes the pandemonium lord
124789 | Pan      | Reached skill level 24 in Fighting
125057 | Pan      | Noticed Ysaal the pandemonium lord
125085 | Pan      | Killed Ysaal the pandemonium lord
125405 | Pan      | Found an exit through the horrors of the Abyss.
125438 | Pan      | Identified the +6 chain mail "Fustredey" {rF+}
125788 | Pan      | Gained mutation: Your spells are a little easier to cast,
                  | but a little less powerful. [a neqoxec]
125812 | Pan      | Lost mutation: Your spells are a little easier to cast, but
                  | a little less powerful. [potion of mutation]
125812 | Pan      | Lost mutation: You are weak. (Str -2) [potion of mutation]
125812 | Pan      | Gained mutation: You are robust. (+10% HP) [potion of
                  | mutation]
125812 | Pan      | Gained mutation: You have a pair of small antennae on your
                  | head. [potion of mutation]
125813 | Pan      | Lost mutation: You occasionally lose the ability to drink
                  | potions when taking damage. [potion of mutation]
125813 | Pan      | Lost mutation: You are robust. (+10% HP) [potion of
                  | mutation]
125813 | Pan      | Lost mutation: You have a pair of small antennae on your
                  | head. [potion of mutation]
125813 | Pan      | Gained mutation: You passively map a small area around you.
                  | [potion of mutation]
125813 | Pan      | Gained mutation: You are weak. (Str -2) [potion of
                  | mutation]
126104 | Pan      | Noticed Qerijaez the pandemonium lord
126117 | Pan      | Identified the amulet "Meteas" {RegenMP Regen+ MP+9 Str+4
                  | Int-3}
126132 | Pan      | Killed Qerijaez the pandemonium lord
126389 | Pan      | Reached skill level 27 in Summonings
126501 | Pan      | Found an exit through the horrors of the Abyss.
126770 | Pan      | Found an exit through the horrors of the Abyss.
126928 | Pan      | Noticed Seawut Cuuji the pandemonium lord
126963 | Pan      | Killed Seawut Cuuji the pandemonium lord
127447 | Pan      | Noticed Lesagria the pandemonium lord
127461 | Pan      | Killed Lesagria the pandemonium lord
127507 | Pan      | Reached skill level 25 in Dodging
127666 | Pan      | Reached skill level 25 in Fighting
127875 | Pan      | Found an exit through the horrors of the Abyss.
128233 | Pan      | Found an exit through the horrors of the Abyss.
128781 | Pan      | Identified the +0 leather armour of the Valley {Str+4
                  | Dex+2}
128822 | Pan      | Noticed Kaofawio the pandemonium lord
128825 | Pan      | Killed Kaofawio the pandemonium lord
128931 | Pan      | Reached skill level 20 in Spellcasting
129561 | Pan      | Found an exit through the horrors of the Abyss.
129813 | Pan      | Noticed Georecul the pandemonium lord
129832 | Pan      | Killed Georecul the pandemonium lord
130247 | Pan      | Found an exit through the horrors of the Abyss.
130437 | Pan      | Reached skill level 23 in Hexes
130531 | Pan      | Noticed Wounoh the pandemonium lord
130806 | Pan      | Killed Wounoh the pandemonium lord
131760 | Pan      | Found an exit through the horrors of the Abyss.
132022 | Pan      | Noticed Kotud the pandemonium lord
132028 | Pan      | Killed Kotud the pandemonium lord
132523 | Pan      | Gained mutation: You are frail. (-10% HP) [a neqoxec]
132596 | Pan      | Reached skill level 26 in Fighting
132725 | Pan      | Noticed Aguev the pandemonium lord
132727 | Pan      | Killed Aguev the pandemonium lord
132835 | Pan      | Identified a +2 robe of the Archmagi
133096 | Pan      | Found an exit through the horrors of the Abyss.
133219 | Pan      | Gained mutation: You occasionally lose the ability to drink
                  | potions when taking damage. [a neqoxec]
133863 | Pan      | Found an exit through the horrors of the Abyss.
134343 | Pan      | Reached skill level 24 in Hexes
134345 | Pan      | Noticed Hint the pandemonium lord
134348 | Pan      | Killed Hint the pandemonium lord
134352 | Pan      | Reached skill level 26 in Dodging
134609 | Pan      | Found an exit through the horrors of the Abyss.
134983 | Pan      | Noticed Cucso the pandemonium lord
134988 | Pan      | Killed Cucso the pandemonium lord
135427 | Pan      | Noticed Momp the pandemonium lord
135433 | Pan      | Killed Momp the pandemonium lord
136221 | Pan      | Found an exit through the horrors of the Abyss.
136497 | Pan      | Reached skill level 21 in Spellcasting
136626 | Pan      | Reached skill level 7 in Armour
136779 | Pan      | Noticed Anin the pandemonium lord
136780 | Pan      | Killed Anin the pandemonium lord
136797 | Pan      | Identified the +6 dagger of Zevven {freeze, Fragile Int+3
                  | SInv}
137177 | Depths:2 | You pass through the gate.
137177 | Depths:2 | Escaped Pandemonium
137183 | Pan      | Entered Pandemonium
137251 | Pan      | Noticed Maef the pandemonium lord
137255 | Pan      | Killed Maef the pandemonium lord
137256 | Pan      | Reached skill level 27 in Fighting
137464 | Pan      | Reached skill level 25 in Hexes
137928 | Pan      | Identified the ring "Hiak" {rCorr MP+9 Slay+3}
138197 | Pan      | Noticed Hitzul the pandemonium lord
138200 | Pan      | Killed Hitzul the pandemonium lord
138208 | Pan      | Reached skill level 8 in Armour
138450 | Pan      | Found an exit through the horrors of the Abyss.
138770 | Pan      | Identified the +3 quarterstaff of Ezing {pain, *Slow rPois
                  | rF++ MP+9}
139036 | Pan      | Found an exit through the horrors of the Abyss.
139327 | Pan      | Noticed Suihakhli the pandemonium lord
139336 | Pan      | Gained mutation: You sometimes lose the ability to drink
                  | potions when taking damage. [a neqoxec]
139349 | Pan      | Killed Suihakhli the pandemonium lord
139990 | Pan      | Reached skill level 9 in Armour
140005 | Pan      | Reached skill level 27 in Dodging
140339 | Pan      | Found an exit through the horrors of the Abyss.
140352 | Pan      | Reached skill level 26 in Hexes
140720 | Pan      | Found a huge runed translucent gate.
140720 | Pan      | Found a huge runed translucent gate.
140722 | Pan      | Found a huge runed translucent gate.
140741 | Pan      | Found a huge runed translucent gate.
140741 | Pan      | Found a huge runed translucent gate.
140741 | Pan      | Found a huge runed translucent gate.
140741 | Pan      | Found a huge runed translucent gate.
140745 | Pan      | Noticed Umuriat the pandemonium lord
141034 | Pan      | Killed Umuriat the pandemonium lord
141201 | Depths:2 | You pass through the gate.
141201 | Depths:2 | Escaped Pandemonium
141207 | Depths:2 | Lost mutation: You are frail. (-10% HP) [potion of
                  | mutation]
141207 | Depths:2 | Lost mutation: You sometimes lose the ability to drink
                  | potions when taking damage. [potion of mutation]
141207 | Depths:2 | Lost mutation: You passively map a small area around you.
                  | [potion of mutation]
141207 | Depths:2 | Lost mutation: You are weak. (Str -2) [potion of mutation]
141207 | Depths:2 | Gained mutation: Your spells are a little harder to cast,
                  | but a little more powerful. [potion of mutation]
141207 | Depths:2 | Gained mutation: You are frail. (-10% HP) [potion of
                  | mutation]
141208 | Depths:2 | Lost mutation: You are frail. (-10% HP) [potion of
                  | mutation]
141208 | Depths:2 | Lost mutation: Your spells are a little harder to cast, but
                  | a little more powerful. [potion of mutation]
141208 | Depths:2 | Lost mutation: You occasionally lose the ability to drink
                  | potions when taking damage. [potion of mutation]
141208 | Depths:2 | Gained mutation: You are vulnerable to heat. (rF-) [potion
                  | of mutation]
141209 | Depths:2 | Lost mutation: You are vulnerable to heat. (rF-) [potion of
                  | mutation]
141209 | Depths:2 | Gained mutation: You occasionally lose the ability to read
                  | scrolls when taking damage. [potion of mutation]
141209 | Depths:2 | Gained mutation: You are agile. (Dex +4, Str/Int -1)
                  | [potion of mutation]
141210 | Depths:2 | Lost mutation: You occasionally lose the ability to read
                  | scrolls when taking damage. [potion of mutation]
141210 | Depths:2 | Lost mutation: You are agile. (Dex +4, Str/Int -1) [potion
                  | of mutation]
141210 | Depths:2 | Gained mutation: You are dopey. (Int -2) [potion of
                  | mutation]
141210 | Depths:2 | Gained mutation: You expend magic power (3 MP) to
                  | strengthen your wands. [potion of mutation]
141375 | Zot:5    | Entered Level 5 of the Realm of Zot
141447 | Zot:5    | Reached skill level 22 in Spellcasting
141743 | Zot:5    | Reached skill level 10 in Armour
141770 | Zot:5    | Noticed an ancient lich
141788 | Zot:5    | Killed an ancient lich
141841 | Zot:5    | Noticed an orb of fire
141860 | Zot:5    | Killed an orb of fire
141935 | Zot:5    | Noticed an orb of fire
141940 | Zot:5    | Gained mutation: You sometimes lose your temper in combat.
                  | [an orb of fire]
141941 | Zot:5    | Gained mutation: You are clumsy. (Dex -2) [an orb of fire]
141952 | Zot:5    | Killed an orb of fire
142269 | Zot:5    | Noticed an ancient lich
142281 | Zot:5    | Noticed an electric golem
142289 | Zot:5    | Noticed an electric golem
142294 | Zot:5    | Killed an ancient lich
142302 | Zot:5    | Killed an electric golem
142306 | Zot:5    | Reached skill level 27 in Hexes
142307 | Zot:5    | Noticed an orb of fire
142310 | Zot:5    | Killed an electric golem
142311 | Zot:5    | Noticed an ancient lich
142320 | Zot:5    | Gained mutation: You have hidden genetic defects. [an orb
                  | of fire]
142337 | Zot:5    | HP: 1/199 [purple draconian/bolt of dispelling energy (38)]
142480 | Zot:5    | Noticed a dread lich
142491 | Zot:5    | Killed a dread lich
142506 | Zot:5    | Reached skill level 11 in Armour
142662 | Zot:5    | Killed an orb of fire
142771 | Zot:4    | Lost mutation: You are dopey. (Int -2) [potion of mutation]
142771 | Zot:4    | Lost mutation: You sometimes lose your temper in combat.
                  | [potion of mutation]
142771 | Zot:4    | Gained mutation: Potions are less effective at restoring
                  | your health. [potion of mutation]
142772 | Zot:4    | Lost mutation: Potions are less effective at restoring your
                  | health. [potion of mutation]
142772 | Zot:4    | Lost mutation: You expend magic power (3 MP) to strengthen
                  | your wands. [potion of mutation]
142772 | Zot:4    | Lost mutation: You have hidden genetic defects. [potion of
                  | mutation]
142772 | Zot:4    | Gained mutation: You sometimes lose your temper in combat.
                  | [potion of mutation]
142772 | Zot:4    | Lost mutation: You are clumsy. (Dex -2) [potion of
                  | mutation]
143150 | Zot:5    | Killed an ancient lich
143749 | Tomb:1   | Noticed a royal mummy
143755 | Tomb:1   | Noticed a royal mummy
143758 | Tomb:1   | Killed a royal mummy
143772 | Tomb:1   | Killed a royal mummy
143849 | Tomb:1   | Noticed a royal mummy
143853 | Tomb:1   | Killed a royal mummy
143856 | Tomb:1   | Noticed a royal mummy
143868 | Tomb:1   | Killed a royal mummy
143869 | Tomb:1   | Reached skill level 22 in Ranged Weapons
143885 | Tomb:1   | Noticed a royal mummy
143887 | Tomb:1   | Noticed a royal mummy
143893 | Tomb:1   | Killed a royal mummy
143902 | Tomb:1   | Killed a royal mummy
143938 | Tomb:1   | Noticed a royal mummy
143938 | Tomb:1   | Noticed a royal mummy
143939 | Tomb:1   | Noticed a royal mummy
143940 | Tomb:1   | Killed a royal mummy
143941 | Tomb:1   | Reached skill level 23 in Spellcasting
143941 | Tomb:1   | Killed a royal mummy
143945 | Tomb:1   | Noticed a royal mummy
143946 | Tomb:1   | Noticed a royal mummy
143947 | Tomb:1   | Killed a royal mummy
143949 | Tomb:1   | Killed a royal mummy
143950 | Tomb:1   | Killed a royal mummy
143995 | Tomb:1   | Noticed a royal mummy
143999 | Tomb:1   | Killed a royal mummy
144014 | Tomb:1   | Noticed a royal mummy
144021 | Tomb:1   | Killed a royal mummy
144042 | Tomb:1   | Noticed a royal mummy
144042 | Tomb:1   | Noticed a royal mummy
144044 | Tomb:1   | Killed a royal mummy
144045 | Tomb:1   | Killed a royal mummy
144148 | Tomb:2   | Noticed a royal mummy
144150 | Tomb:2   | Killed a royal mummy
144170 | Tomb:2   | Noticed a royal mummy
144188 | Tomb:2   | Killed a royal mummy
144195 | Tomb:2   | Noticed a royal mummy
144228 | Tomb:2   | Noticed a royal mummy
144236 | Tomb:2   | Killed a royal mummy
144242 | Tomb:2   | Killed a royal mummy
144573 | Tomb:2   | Identified the +3 chain mail of Articulation {rElec rC+
                  | Int+2}
144703 | Tomb:1   | Upgraded the game from 0.30-a0-845-g7c6808c8ce to
                  | 0.30-a0-847-g17996783a1
145009 | Tomb:3   | Entered Level 3 of the Tomb of the Ancients
145052 | Tomb:3   | Noticed a royal mummy
145052 | Tomb:3   | Killed a royal mummy
145062 | Tomb:3   | Killed a royal mummy
145065 | Tomb:3   | Noticed a royal mummy
145080 | Tomb:3   | Killed a royal mummy
145095 | Tomb:3   | Noticed a royal mummy
145116 | Tomb:3   | Killed a royal mummy
145121 | Tomb:3   | Noticed a royal mummy
145125 | Tomb:3   | Reached skill level 19 in Evocations
145125 | Tomb:3   | Noticed a royal mummy
145129 | Tomb:3   | Reached skill level 24 in Spellcasting
145131 | Tomb:3   | Noticed a royal mummy
145131 | Tomb:3   | Noticed a royal mummy
145133 | Tomb:3   | Reached skill level 23 in Ranged Weapons
145338 | Tomb:3   | Killed a royal mummy
145341 | Tomb:3   | Killed a royal mummy
145346 | Tomb:3   | Killed a royal mummy
145364 | Tomb:3   | Killed a royal mummy
145674 | Tomb:3   | Got a golden rune of Zot
145748 | Tomb:3   | Noticed a royal mummy
145756 | Tomb:3   | Killed a royal mummy
145785 | Tomb:3   | Identified the amulet of Miracles {RegenMP rElec rPois
                  | Will++ Slay-3}
145790 | Tomb:3   | Identified the +4 short sword of Fatigue {venom, rElec
                  | Dex+4 Stlth-}
145797 | Tomb:3   | Identified the ring of Butchery {rElec MP+9 Str+4 Dex+2}
145828 | Tomb:3   | Identified the ring "Araex" {Ice Str+7}
145860 | Tomb:3   | Identified the +7 shortbow of the Hidden Priests {flame,
                  | rCorr Str+2}
146598 | Depths:4 | Learned a level 4 spell: Manifold Assault
146599 | Zig:1    | Entered Level 1 of a ziggurat
146617 | Zig:2    | Entered Level 2 of a ziggurat
146618 | Zig:2    | Noticed Miumir the pandemonium lord
146622 | Zig:2    | Killed Miumir the pandemonium lord
146627 | Zig:2    | Identified the amulet "Ruvaott" {RegenMP Stlth+}
146636 | Zig:3    | Entered Level 3 of a ziggurat
146695 | Zig:4    | Entered Level 4 of a ziggurat
146703 | Zig:4    | Noticed a royal mummy
146871 | Zig:4    | Identified the ring "Xulyn" {rCorr Str+5 Dex-4}
146879 | Zig:4    | Identified the +1 leather armour of Amympubu {-Cast rPois
                  | Dex+4}
146889 | Zig:5    | Entered Level 5 of a ziggurat
146897 | Zig:5    | Noticed Kempiahigg the pandemonium lord
146906 | Zig:5    | Killed Kempiahigg the pandemonium lord
146995 | Zig:6    | Entered Level 6 of a ziggurat
147003 | Zig:6    | Identified a potion of experience
147025 | Zig:6    | Identified the ring "Ylilodunk" {MP+9 Str+3 Int+5}
147041 | Zig:6    | Reached skill level 6 in Translocations
147046 | Zig:7    | Entered Level 7 of a ziggurat
147057 | Zig:7    | Noticed a juggernaut
147067 | Zig:7    | Killed a juggernaut
147138 | Zig:7    | Identified the ring "Seghen" {rPois rN+}
147153 | Zig:8    | Entered Level 8 of a ziggurat
147164 | Zig:8    | Noticed a dread lich
147170 | Zig:8    | Noticed an ancient lich
147171 | Zig:8    | Killed a dread lich
147174 | Zig:8    | Noticed an ancient lich
147183 | Zig:8    | Killed an ancient lich
147190 | Zig:8    | Killed an ancient lich
147196 | Zig:8    | Found the dreamshard necklace {*Dream Drain}
147340 | Zig:9    | Entered Level 9 of a ziggurat
147414 | Zig:9    | Found the +3 pair of mountain boots {steadfast, rC+}
147426 | Zig:9    | Identified the ring of the Middle {Fly rC+ Will+ rCorr}
147459 | Zig:10   | Entered Level 10 of a ziggurat
147474 | Zig:10   | Found the amulet of the Four Winds {rN+ Will+++ Clar}
147488 | Zig:10   | Reached skill level 7 in Translocations
147578 | Zig:11   | Entered Level 11 of a ziggurat
147601 | Zig:11   | Reached skill level 24 in Ranged Weapons
147668 | Zig:11   | Identified the +6 rapier "Joangoax" {freeze, rElec Will+
                  | Str+5}
147677 | Zig:11   | Identified the +1 pair of gloves "Foaliokh" {rF- rN++ Will+
                  | Str+4}
147725 | Zig:12   | Entered Level 12 of a ziggurat
147751 | Zig:12   | Found the +8 trishula "Condemnation" {holy, anguish, *Noise
                  | Fly rN+}
147766 | Zig:12   | Reached skill level 8 in Translocations
147838 | Zig:12   | Identified the +1 robe of Glamorous Music {rElec Str+2}
147839 | Zig:12   | Identified the +9 shortbow of Uncomfortable Rashes {freeze,
                  | rElec rC- Int+5}
147868 | Zig:13   | Entered Level 13 of a ziggurat
147887 | Zig:13   | Reached skill level 20 in Evocations
148021 | Zig:13   | Identified the +0 plate armour of Limited Liability {Harm
                  | rPois rCorr}
148043 | Zig:14   | Entered Level 14 of a ziggurat
148065 | Zig:14   | Noticed a royal mummy
148066 | Zig:14   | Noticed a royal mummy
148066 | Zig:14   | Noticed a royal mummy
148066 | Zig:14   | Noticed a royal mummy
148066 | Zig:14   | Noticed a royal mummy
148066 | Zig:14   | Found the necklace of Bloodlust {Fury *Rage Will++ Int-3
                  | Slay+6}
148074 | Zig:14   | Killed a royal mummy
148092 | Zig:14   | Killed a royal mummy
148099 | Zig:14   | Killed a royal mummy
148100 | Zig:14   | Killed a royal mummy
148101 | Zig:14   | Reached skill level 9 in Translocations
148103 | Zig:14   | Killed a royal mummy
148375 | Zig:14   | Identified the +3 fire dragon scales of Zioconebe {rPois
                  | rF++ rC- Str+2}
148398 | Zig:14   | Identified the ring of Eternal Night {rN+ Int-2 Slay+5
                  | SInv}
148443 | Zig:15   | Entered Level 15 of a ziggurat
148537 | Zig:15   | Identified the +0 dagger "Wesh" {vamp, +Blink rN+ Str+5}
148538 | Zig:15   | Identified the +5 rapier of the Soft God {speed, *Noise rF+
                  | Will+ Int+2}
148547 | Zig:15   | Identified the +1 chain mail of Shielding {Will+ Str-3
                  | Slay+4}
149701 | Coc:1    | Entered Level 1 of Cocytus
149749 | Coc:1    | Reached skill level 25 in Spellcasting
149989 | Coc:2    | Reached skill level 25 in Ranged Weapons
151231 | Coc:6    | Reached skill level 10 in Translocations
151267 | Coc:6    | Paralysed by a wendigo for 1 turns
151581 | Coc:7    | Entered Level 7 of Cocytus
151876 | Coc:7    | Reached skill level 21 in Evocations
152366 | Coc:7    | Reached skill level 26 in Ranged Weapons
152497 | Coc:7    | Reached skill level 11 in Translocations
152603 | Coc:7    | Identified a +0 crystal plate armour
152706 | Coc:7    | Noticed Antaeus
152718 | Coc:7    | Got an icy rune of Zot
152835 | Coc:7    | Identified the ring of Akeon {rC+ rN+ rCorr Stlth-}
153102 | Coc:7    | Killed Antaeus
153388 | Hell     | Lost mutation: You sometimes lose your temper in combat.
                  | [potion of mutation]
153388 | Hell     | Gained mutation: You have large cloven feet. [potion of
                  | mutation]
153388 | Hell     | Gained mutation: You are partially covered in iridescent
                  | scales. (AC +2) [potion of mutation]
153388 | Hell     | Gained mutation: Your body sometimes deteriorates upon
                  | taking damage. [potion of mutation]
153389 | Hell     | Lost mutation: You have large cloven feet. [potion of
                  | mutation]
153389 | Hell     | Lost mutation: Your body sometimes deteriorates upon taking
                  | damage. [potion of mutation]
153389 | Hell     | Lost mutation: You are partially covered in iridescent
                  | scales. (AC +2) [potion of mutation]
153389 | Hell     | Gained mutation: You occasionally lose the ability to read
                  | scrolls when taking damage. [potion of mutation]
153390 | Hell     | Lost mutation: You occasionally lose the ability to read
                  | scrolls when taking damage. [potion of mutation]
153390 | Hell     | Gained mutation: You are dopey. (Int -2) [potion of
                  | mutation]
153390 | Hell     | Gained mutation: You have an increased reservoir of magic.
                  | (+10% MP) [potion of mutation]
153390 | Hell     | Gained mutation: You are somewhat resistant to further
                  | mutation. [potion of mutation]
153391 | Hell     | Lost mutation: You have an increased reservoir of magic.
                  | (+10% MP) [potion of mutation]
153391 | Hell     | Lost mutation: You are somewhat resistant to further
                  | mutation. [potion of mutation]
153391 | Hell     | Lost mutation: You are dopey. (Int -2) [potion of mutation]
153391 | Hell     | Gained mutation: You are robust. (+10% HP) [potion of
                  | mutation]
153717 | Tar:1    | Entered Level 1 of Tartarus
154112 | Tar:1    | You fall into a shaft and drop 1 floor!
154749 | Tar:4    | Reached skill level 26 in Spellcasting
154824 | Tar:4    | Reached skill level 11 in Short Blades
155165 | Tar:5    | Noticed an ancient lich
155177 | Tar:5    | Reached skill level 12 in Translocations
155195 | Tar:5    | Killed an ancient lich
155245 | Tar:5    | Reached skill level 12 in Short Blades
155719 | Tar:6    | Reached skill level 27 in Ranged Weapons
155798 | Tar:7    | Entered Level 7 of Tartarus
155800 | Tar:7    | Reached skill level 13 in Short Blades
156225 | Tar:7    | Reached skill level 14 in Short Blades
156496 | Tar:7    | Reached skill level 15 in Short Blades
157431 | Tar:7    | Reached skill level 16 in Short Blades
157520 | Tar:7    | Identified the +10 battleaxe of the Dancing Soothsayer
                  | {freeze, *Rage rC- Str+8 Dex+9}
157809 | Tar:7    | Reached skill level 17 in Short Blades
158205 | Tar:7    | Reached skill level 27 in Spellcasting
158241 | Tar:7    | Identified the +7 falchion of the Beastly God {protect,
                  | Dex+2}
158284 | Tar:7    | Noticed Ereshkigal
158286 | Tar:7    | Killed Ereshkigal
158349 | Tar:7    | Reached skill level 18 in Short Blades
158468 | Tar:7    | Identified the +0 plate armour of Kikubaaqudgha's Fury
                  | {rPois rN+}
158479 | Tar:7    | Got a bone rune of Zot
158481 | Tar:7    | Identified the +1 robe of Nomod {*Corrode rF- Dex+6 SInv}
158482 | Tar:7    | Identified the +5 shadow dragon scales of Satisfaction
                  | {Rampage rCorr Stlth++++}
159611 | Geh:1    | Entered Level 1 of Gehenna
159668 | Geh:1    | Reached skill level 22 in Evocations
160935 | Geh:4    | Reached skill level 19 in Short Blades
162412 | Geh:7    | Entered Level 7 of Gehenna
162643 | Geh:7    | Reached skill level 20 in Short Blades
162643 | Geh:7    | Reached skill level 23 in Evocations
163997 | Geh:7    | Noticed an ancient lich
164054 | Geh:7    | Killed an ancient lich
164290 | Geh:7    | Found the +7 sceptre of Asmodeus
164290 | Geh:7    | Noticed Asmodeus
164294 | Geh:7    | Killed Asmodeus
164296 | Geh:7    | Got an obsidian rune of Zot
165085 | Dis:1    | Entered Level 1 of the Iron City of Dis
165106 | Dis:1    | Reached skill level 21 in Short Blades
165716 | Dis:4    | Noticed a caustic shrike
165716 | Dis:4    | Noticed a caustic shrike
165716 | Dis:4    | Noticed a caustic shrike
165718 | Dis:4    | Killed a caustic shrike
165719 | Dis:4    | Killed a caustic shrike
165721 | Dis:4    | Killed a caustic shrike
165874 | Dis:4    | Noticed an ancient lich
165878 | Dis:4    | Killed an ancient lich
165960 | Dis:4    | Noticed a caustic shrike
165960 | Dis:4    | Noticed a caustic shrike
165962 | Dis:4    | Killed a caustic shrike
165963 | Dis:4    | Noticed a caustic shrike
165963 | Dis:4    | Noticed a caustic shrike
165967 | Dis:4    | Killed a caustic shrike
165969 | Dis:4    | Killed a caustic shrike
165972 | Dis:4    | Killed a caustic shrike
166082 | Dis:5    | Noticed a caustic shrike
166082 | Dis:5    | Noticed a caustic shrike
166082 | Dis:5    | Noticed a caustic shrike
166083 | Dis:5    | Noticed a caustic shrike
166095 | Dis:5    | Killed a caustic shrike
166102 | Dis:5    | Killed a caustic shrike
166104 | Dis:5    | Killed a caustic shrike
166109 | Dis:5    | Killed a caustic shrike
166111 | Dis:5    | Killed a caustic shrike
166117 | Dis:5    | Killed a caustic shrike
166240 | Dis:5    | Reached skill level 24 in Evocations
166676 | Dis:6    | Reached skill level 13 in Translocations
166679 | Dis:6    | Reached skill level 20 in Long Blades
167130 | Dis:7    | Entered Level 7 of the Iron City of Dis
167133 | Dis:7    | Noticed a caustic shrike
167134 | Dis:7    | Noticed a caustic shrike
167134 | Dis:7    | Noticed a caustic shrike
167302 | Dis:7    | Killed a caustic shrike
167306 | Dis:7    | Killed a caustic shrike
167312 | Dis:7    | Killed a caustic shrike
167527 | Dis:7    | Noticed a caustic shrike
167531 | Dis:7    | Killed a caustic shrike
167694 | Dis:7    | Noticed a caustic shrike
167695 | Dis:7    | Noticed a caustic shrike
167695 | Dis:7    | Noticed a caustic shrike
167696 | Dis:7    | Noticed a caustic shrike
167697 | Dis:7    | Noticed a caustic shrike
167698 | Dis:7    | Noticed a caustic shrike
167700 | Dis:7    | Killed a caustic shrike
167701 | Dis:7    | Killed a caustic shrike
167702 | Dis:7    | Killed a caustic shrike
167705 | Dis:7    | Killed a caustic shrike
167728 | Dis:7    | Noticed a caustic shrike
167732 | Dis:7    | Killed a caustic shrike
167825 | Dis:7    | Noticed a caustic shrike
167828 | Dis:7    | Killed a caustic shrike
167831 | Dis:7    | Killed a caustic shrike
167832 | Dis:7    | Killed a caustic shrike
167890 | Dis:7    | Noticed a caustic shrike
167895 | Dis:7    | Noticed a caustic shrike
167897 | Dis:7    | Killed a caustic shrike
167898 | Dis:7    | Killed a caustic shrike
168011 | Dis:7    | Reached skill level 14 in Translocations
168068 | Dis:7    | Identified the +7 chain mail of Light {Harm Regen+}
168086 | Dis:7    | Acquired the +3 pair of gauntlets of War {Slay+5}
168086 | Dis:7    | Found the +3 pair of gauntlets of War {Slay+5}
168117 | Dis:7    | Noticed a caustic shrike
168122 | Dis:7    | Killed a caustic shrike
168167 | Dis:7    | Noticed a caustic shrike
168174 | Dis:7    | Killed a caustic shrike
168391 | Dis:7    | Reached skill level 21 in Long Blades
168451 | Dis:7    | Noticed a juggernaut
168453 | Dis:7    | Killed a juggernaut
168503 | Dis:7    | Noticed a juggernaut
168639 | Dis:7    | Killed a juggernaut
168738 | Dis:7    | Noticed a caustic shrike
168738 | Dis:7    | Noticed a caustic shrike
168738 | Dis:7    | Noticed a caustic shrike
168740 | Dis:7    | Noticed a caustic shrike
168742 | Dis:7    | Killed a caustic shrike
168743 | Dis:7    | Noticed a caustic shrike
168751 | Dis:7    | Killed a caustic shrike
168754 | Dis:7    | Killed a caustic shrike
168757 | Dis:7    | Killed a caustic shrike
168758 | Dis:7    | Reached skill level 25 in Evocations
168781 | Dis:7    | Killed a caustic shrike
169010 | Dis:7    | Noticed a caustic shrike
169014 | Dis:7    | Noticed a caustic shrike
169015 | Dis:7    | Killed a caustic shrike
169027 | Dis:7    | Killed a caustic shrike
169107 | Dis:7    | Noticed the Serpent of Hell
169108 | Dis:7    | Noticed a caustic shrike
169109 | Dis:7    | Killed the Serpent of Hell
169110 | Dis:7    | Killed a caustic shrike
169149 | Dis:7    | Noticed a juggernaut
169180 | Dis:7    | Killed a juggernaut
169181 | Dis:7    | Reached skill level 15 in Translocations
169212 | Dis:7    | Found the orb of Dispater {+Damnation *Corrode AC+5}
169212 | Dis:7    | Noticed Dispater
169213 | Dis:7    | Noticed a caustic shrike
169228 | Dis:7    | Killed a caustic shrike
169239 | Dis:7    | Killed Dispater
169272 | Dis:7    | Got an iron rune of Zot
169273 | Dis:7    | Identified the amulet of Luemacie {Faith Harm Will+ rCorr
                  | Dex+7}
169723 | Zot:5    | Got the Orb of Zot
169823 | Zot:2    | Identified the +0 tower shield of the Lion {rC+}
170257 | D:1      | Reached skill level 22 in Long Blades
170307 | D:$      | Escaped with the Orb!

Vanquished Creatures
  Asmodeus (Geh:7)
  the Royal Jelly (Slime:5)
  the Serpent of Hell (Dis:7)
  Gloorx Vloq (Pan)
  Ereshkigal (Tar:7)
  Mnoleg (Pan)
  Lom Lobon (Pan)
  Tiamat (Zot:3)
  6 dread liches (Vaults:5 Pan Zot:5 Zig:8)
  4 orbs of fire (Zot:1 Zot:5)
  10 ancient liches (Vaults:5 Zot:5 Zig:8 Tar:5 Geh:7)
  Dispater (Dis:7)
  Mennas (Crypt:3)
  3 juggernauts (Dis:7)
  The ghost of Dawneret the Gnoll Aeon, a master GnFi of Cheibriados (Zot:1)
  29 royal mummies (Tomb:1 Tomb:2 Tomb:3 Zig:14)
  40 pandemonium lords (Pan Zig:2 Zig:5)
  Josephina (Crypt:1)
  Parghit (Zot:4)
  6 Killer Klowns (Zot:5)
  Bai Suzhen (Spider:3)
  16 shard shrikes (IceCv Zig:12 Coc:1 Coc:3 Coc:4)
  Margery (Depths:3)
  34 caustic shrikes (Depths:1 Dis:4 Dis:5 Dis:7)
  4 curse toes (Zot:1 Zot:2 Zot:4)
  Geryon (Hell)
  Xtahua (Crypt:1)
  16 golden dragons (Depths:4 Zot:1 Zot:2 Zot:3 Zot:4)
  Jory (Crypt:3)
  22 profane servitors (Tar:1 Tar:2 Tar:3 Tar:6 Tar:7)
  20 bone dragons (Abyss:3 Zig:6 Tar:3 Tar:4 Tar:5)
  50 Tzitzimimeh (Pan Tar:1 Tar:5 Tar:6 Tar:7)
  2 electric golems (Zot:5)
  10 iron giants (Hell Dis:1 Dis:6 Dis:7)
  14 doom hounds (Zig:6 Tar:1 Tar:2 Tar:3 Tar:4)
  2 spectral shard shrikes (Tar:6 Tar:7)
  38 Brimstone Fiends (Pan Geh:5 Geh:6 Geh:7 Zot:1)
  18 tentacled monstrosities (Depths:2 Depths:3 Zot:1 Zot:2 Zot:4)
  20 hellephants (Pan Zig:11 Geh:3 Geh:5 Geh:6)
  A walking crystal tome (Depths:2)
  11 titans (Depths:2 Vaults:5 Coc:5 Coc:6 Coc:7)
  37 Hell Sentinels (Pan Dis:2 Dis:3 Dis:4 Dis:5)
  35 Ice Fiends (Pan Zig:12 Coc:2 Coc:6 Coc:7)
  28 tainted leviathans (Tar:3 Tar:4 Tar:5 Tar:6 Tar:7)
  Asterion (Elf:3)
  2 walking frostbound tomes (Depths:2 Depths:3)
  7 liches (Depths:2 Tomb:1 Pan Tomb:2 Tomb:3)
  8 quicksilver dragons (Zot:1 Zot:2 Zot:3 Zot:4 Zot:5)
  4 deep elf blademasters (Elf:3 Elf:2)
  24 Orb Guardians (Zot:5 Depths:3 D:11 D:1)
  The ghost of Iich the Axe Maniac, an adept HOFi of Gozag (Swamp:1)
  22 acid blobs (Lair:4 Slime:1 Slime:2 Slime:3 Slime:4)
  15 searing wretches (Geh:2 Geh:3 Geh:4 Geh:5 Geh:6)
  3 deep elf master archers (Elf:3)
  34 ancient champions (Crypt:2 Tomb:1 Hell Tomb:3 Geh:5)
  9 death cobs (Zot:1 Zot:2 Zot:3 Zot:4 Zot:5)
  9 sphinxes (Vaults:2 Vaults:3 Vaults:4 Tomb:1 Zig:8)
  5 tentacled starspawn (Abyss:1 Abyss:2 Abyss:3)
  14 tengu reavers (Vaults:2 Vaults:3 Depths:1 Depths:2 Depths:3)
  82 Executioners (Pan Zig:2 Depths:4)
  Kirke (D:14)
  Agnes (Elf:1)
  5 draconian monks (Depths:4 Zot:1 Zot:2 Zot:3)
  18 storm dragons (Depths:3 Zot:1 Zot:2 Zot:3 Zot:4)
  6 revenants (Crypt:2 Crypt:3 Tomb:1 Tomb:2)
  14 rockslimes (Lair:4 Slime:3 Slime:2 Slime:4 Slime:5)
  Donald (Vaults:3)
  8 shadow dragons (Depths:3 Depths:4 Zot:1 Vaults:5)
  A fenstrider witch (Swamp:3)
  6 draconian knights (WizLab Depths:4 Zot:2 Zot:3)
  Roxanne (Swamp:1)
  A nagaraja (Zig:15)
  The ghost of cforsyth the Unseen, an adept KoBr of Hepliaklqana (Spider:3)
  16 azure jellies (Lair:4 Slime:2 Slime:3 Slime:4 Slime:5)
  2 daevas (Pan Zot:2)
  53 demonspawn warmongers (Pan)
  16 narguns (Coc:1 Coc:2 Coc:3 Coc:4 Coc:5)
  6 deep elf sorcerers (Elf:3 Vaults:5)
  5 quicksilver elementals (Dis:2 Dis:3 Dis:4 Dis:7)
  13 iron dragons (Vaults:5 Dis:1 Dis:5 Dis:7)
  15 fire giants (Vaults:4 Depths:2 Vaults:5 Geh:1 Geh:2)
  6 draconian scorchers (Zot:3 Zot:4 Zot:5)
  11 vault wardens (Vaults:2 Vaults:4 Vaults:5 Zig:8)
  5 ghost moths (Spider:2 Zot:1 Zot:2 Zot:4 Zot:5)
  9 frost giants (Vaults:3 Depths:2 Depths:3 Vaults:5 Coc:1)
  85 balrugs (Depths:3 Hell Pan Zig:11 Geh:4)
  7 emperor scorpions (Spider:1 Spider:3 Spider:2 Spider:4)
  5 draconian shifters (Zot:1 Zot:2 Zot:3 Zig:10)
  6 orc warlords (Orc:2 Vaults:1 Vaults:2 Vaults:4 Zig:7)
  3 curse skulls (Vaults:3 Pan)
  A caustic shrike zombie (Tomb:2)
  10 shard shrike simulacra (Coc:2 Coc:3 Coc:4 Coc:5 Coc:6)
  5 deep elf elementalists (Elf:3)
  11 ghouls (Crypt:1 Crypt:2 Crypt:3)
  21 ironbound preservers (Vaults:1 Vaults:2 Vaults:3 Vaults:4 Vaults:5)
  7 draconian annihilators (Zot:1 Zot:2 Zot:3 Pan Zot:5)
  62 cacodemons (Pan D:1)
  3 draconian stormcallers (Zot:2 Zot:4)
  4 broodmothers (Spider:4)
  39 war gargoyles (Vaults:5 Dis:1 Dis:2 Dis:4 Dis:6)
  45 demonspawn blood saints (Pan)
  9 quicksilver oozes (Lair:4 Slime:3 Slime:4 Slime:5)
  56 reapers (Hell Pan)
  13 ironbound thunderhulks (Vaults:1 Vaults:2 Vaults:3 Vaults:4 Vaults:5)
  A caustic shrike skeleton (Depths:2)
  31 very ugly things (Vaults:2 Vaults:3 Vaults:4 Depths:2 Depths:3)
  57 demonspawn corrupters (Pan D:1)
  3 juggernaut skeletons (Crypt:2 Tomb:1 Hell)
  A spriggan defender (Depths:3)
  15 stone giants (D:14 Depths:1 Depths:2 Depths:4 Vaults:5)
  10 black draconians (Depths:4 Zot:1 Zot:2 Zot:3 Zot:4)
  13 vampire knights (Crypt:2 Crypt:3 Depths:1 Depths:2 Depths:3)
  3 green draconians (Zot:2 Zot:3 Zig:10)
  27 putrid mouths (Zig:6 Tar:2 Tar:4 Tar:5 Tar:7)
  57 demonspawn black suns (Pan Zig:5)
  5 bunyips (Swamp:1 Swamp:3 Swamp:4)
  Nessos (D:12)
  16 elemental wellsprings (Coc:1 Coc:3 Coc:4 Coc:5 Coc:6)
  A spectral titan (Tar:2)
  58 lorocyprocas (Abyss:2 Abyss:3 Hell Pan)
  10 deep elf annihilators (Elf:3 Vaults:5 Pan)
  11 dire elephants (Vaults:1 Vaults:2 Vaults:3)
  8 deep elf demonologists (Elf:2 Elf:3 Vaults:5 Pan)
  5 bennus (Tomb:1 Tomb:3 Zig:14)
  10 starcursed masses (Abyss:2 Abyss:3)
  22 purple draconians (WizLab Zot:1 Zot:2 Zot:3 Zot:4)
  6 eidola (Crypt:2 Crypt:3 Tar:1)
  5 spark wasps (Spider:1 Spider:2 Spider:3 Depths:1 Depths:2)
  2 yellow draconians (Zot:2 Zot:3)
  The ghost of bmack86 the Cleaver, a journeyman MiFi of Okawaru (Lair:4)
  6 white draconians (IceCv Depths:4 Zot:1 Zot:2 Zot:4)
  7 red draconians (Depths:4 Zot:1 Zot:2 Zot:4 Zot:5)
  58 blizzard demons (Hell Pan)
  9 statues (WizLab)
  A quicksilver dragon zombie (Depths:2)
  15 wendigos (Coc:1 Coc:2 Coc:3 Coc:4 Coc:6)
  8 ettins (Vaults:4 Depths:2 Vaults:5)
  8 deep elf death magi (Elf:1 Elf:3 Crypt:1 Crypt:3 Vaults:5)
  A spectral quicksilver dragon (Tar:3)
  23 iron golems (Hell Dis:1 Dis:2 Dis:3 Dis:4)
  16 mummy priests (Tomb:1 Tomb:2 Tomb:3)
  2 spectral krakens (Tar:7)
  2 merfolk javelineers (Depths:1 Depths:3)
  A spectral iron giant (Tar:6)
  71 green deaths (Swamp:4 Pan)
  A crystal guardian (Vaults:4)
  7 entropy weavers (Spider:2 Spider:3 Spider:4)
  6 jiangshi (Crypt:1 Crypt:2 Crypt:3)
  12 fire dragons (Depths:1 Depths:2 Depths:4 Zot:4)
  3 spectral spriggans (Tar:1 Tar:2 Tar:7)
  The ghost of Fitul the Thaumaturge, a journeyman DjHW of Ashenzari (Lair:2)
  14 yaktaur captains (Vaults:1 Vaults:2 Vaults:3 Vaults:4 Vaults:5)
  A deep elf high priest (Vaults:5)
  A spectral shadow dragon (Tar:1)
  16 great orbs of eyes (Swamp:4 Vaults:1 Vaults:2 Vaults:3 Vaults:4)
  10 salamander tyrants (Geh:2 Geh:5 Geh:7)
  15 hydras (Lair:3 Lair:4 Lair:5 D:13 Swamp:1)
  12 ice dragons (D:13 Depths:1 Depths:2 Depths:3 Depths:4)
  A spriggan zombie (Crypt:3)
  Fannar (D:12)
  2 peacekeepers (Vaults:3 Vaults:4)
  4 vault guards (Vaults:4 Vaults:5)
  2 spriggan air magi (Depths:2 Depths:3)
  18 hell beasts (Swamp:4 Depths:2 Pan)
  10 juggernaut simulacra (Pan Coc:1 Coc:6 Coc:7)
  6 rakshasas (Depths:2 Pan)
  An ogre mage (Vaults:4)
  2 ghost crabs (Lair:2 Swamp:1)
  10 ironbound frosthearts (IceCv Vaults:1 Vaults:2 Vaults:3 Vaults:4)
  8 caustic shrike simulacra (Coc:5 Coc:6 Coc:7)
  A spectral tengu (Depths:1)
  2 spriggan skeletons (Pan Tomb:2)
  A hydra (shapeshifter) (Vaults:5)
  10 jorogumos (Spider:2 Spider:3 Spider:4)
  4 boulder beetles (D:13 D:14 Spider:2 Spider:3)
  10 alligators (Swamp:1 Swamp:2 Swamp:3 Swamp:4)
  A radroach (Spider:4)
  19 two-headed ogres (D:7 D:10 D:11 D:13 D:14)
  2 death knights (Crypt:1 Crypt:3)
  4 death yaks (Lair:5)
  14 centaur warriors (D:7 D:13 D:14 D:15 Vaults:1)
  A spectral stone giant (Tar:1)
  2 deep troll earth magi (Depths:2 Depths:4)
  6 stokers (Geh:1 Geh:4 Geh:5 Geh:7)
  30 dancing weapons (Swamp:1 Elf:1 Elf:2 Elf:3 Crypt:3)
  39 death scarabs (Tomb:2 Tomb:3)
  3 deep troll shamans (Depths:2)
  4 tengu warriors (D:15 Depths:1 Depths:3)
  3 titan zombies (Crypt:2 Crypt:3)
  14 vampire magi (Crypt:1 Crypt:2 Crypt:3)
  A bennu skeleton (Crypt:3)
  A spectral dire elephant (Tar:1)
  36 hell hogs (Lair:2 Hell Geh:1 Geh:2 Geh:3)
  4 spectral nagas (Tar:1 Tar:2 Tar:3)
  3 thrashing horrors (Abyss:1 Abyss:2 Abyss:3)
  4 spriggan berserkers (Depths:1 Depths:2 Depths:3 Depths:4)
  146 soul eaters (Crypt:2 Crypt:3 Depths:2 Hell Pan)
  2 orc high priests (Orc:2 Zig:9)
  15 hell knights (Depths:1 Depths:2 Depths:3 Depths:4 Zig:11)
  20 crystal echidnas (Dis:3 Dis:4 Dis:5 Dis:6 Dis:7)
  Sonja (Lair:5)
  16 deep elf knights (Elf:1 Elf:2 Elf:3)
  4 titan skeletons (Crypt:1 Hell Pan)
  4 iron trolls (Depths:4 Hell)
  2 wretched stars (Abyss:1 Abyss:3)
  8 shadow wraiths (Pan Tar:3)
  264 sun demons (Depths:3 Depths:4 Hell Pan)
  4 skysharks (Lair:4 Lair:5)
  5 sun moths (Spider:4)
  84 sixfirhies (Abyss:1 Pan)
  3 storm dragon zombies (Crypt:1 Crypt:3)
  A bunyip zombie (Hell)
  5 cherubim (Pan Zot:2)
  9 goliath frogs (Lair:4 Lair:5 Swamp:1 Swamp:2 Swamp:3)
  2 salamander mystics (Depths:4)
  2 death drakes (Zig:13)
  A spectral bunyip (Tar:2)
  53 deep trolls (Vaults:1 Vaults:2 Vaults:3 Vaults:4 Depths:2)
  A golden dragon zombie (Tomb:1)
  2 anaconda zombies (Crypt:3 Hell)
  A spectral anaconda (Tar:1)
  6 pharaoh ants (Spider:1 Spider:2 Spider:3 Spider:4)
  57 shadow demons (Pan Zig:5)
  11 bog bodies (Swamp:1 Swamp:2 Swamp:4 Crypt:1 Crypt:2)
  30 skeletal warriors (D:13 Crypt:1 Crypt:2 Crypt:3 Tomb:1)
  15 ironbound convokers (Vaults:1 Vaults:2 Vaults:3 Vaults:4 Vaults:5)
  9 orb spiders (Spider:1 Spider:2 Spider:3 Spider:4 Zig:1)
  6 quicksilver dragon simulacra (Coc:5 Coc:6 Coc:7)
  A flayed ghost (Crypt:2)
  6 spriggan simulacra (Crypt:1 Abyss:2 Coc:4 Coc:6 Coc:7)
  2 anaconda skeletons (Crypt:2 Pan)
  11 deep elf archers (Elf:1 Elf:2 Elf:3)
  10 glowing orange brains (Vaults:1 Depths:1 Depths:4 Slime:2 Pan)
  3 orange crystal statues (IceCv Zig:4 Zig:13)
  2 spriggan druids (Swamp:3 Zig:13)
  6 swamp dragons (Swamp:4 Zig:13)
  11 wizards (D:13 D:15 Vaults:4 Depths:1 Pan)
  2 obsidian statues (Vaults:4 Zig:4)
  A bunyip skeleton (Pan)
  13 necromancers (Lair:3 D:15 Elf:1 Vaults:3 Crypt:2)
  Pikel (D:7)
  4 steelbarb worms (Spider:3 Spider:4)
  19 phantasmal warriors (Vaults:3 Crypt:1 Crypt:2 Crypt:3 Vaults:5)
  3 fenstrider witch simulacra (Crypt:1 Coc:1)
  12 lindwurms (Vaults:1 Vaults:2)
  A spectral hydra (Lair:2)
  15 deep elf zephyrmancers (D:15 Elf:1 Elf:2 Elf:3)
  4 harpies (Vaults:1)
  An iron giant skeleton (Crypt:3)
  26 deep elf pyromancers (D:12 D:15 Elf:1 Elf:2 Elf:3)
  7 shining eyes (Slime:3 Slime:2 Slime:4 Slime:5 Pan)
  19 wolf spiders (Spider:1 Spider:2 Spider:3 Spider:4 Zig:1)
  17 orc knights (D:11 Orc:1 Orc:2 D:15 Vaults:1)
  2 shadow dragon skeletons (Crypt:2 Pan)
  41 ugly things (Lair:2 IceCv Swamp:4 Vaults:3 Vaults:4)
  A mana viper (Zig:15)
  7 orc sorcerers (Orc:1 Orc:2 Elf:2 Pan)
  A spectral boulder beetle (Lair:2)
  An iron dragon zombie (Depths:2)
  2 manticores (D:12 D:14)
  A spectral centaur (Tar:1)
  11 will-o-the-wisps (Swamp:1 Swamp:2 Swamp:3 Swamp:4 Zig:13)
  36 moths of wrath (Spider:3 Zot:1 Zot:2 Zot:3 Zot:4)
  A draconian zombie (Crypt:3)
  A frost giant zombie (Depths:2)
  7 elephants (D:10 Lair:4)
  3 worldbinders (Abyss:1 Abyss:2 Abyss:3)
  A toenail golem (Abyss:2)
  9 cyclopes (D:14 Orc:1 D:15)
  A centaur zombie (Crypt:3)
  5 salamanders (Depths:2 Depths:4)
  11 vault sentinels (Vaults:2 Vaults:4 Vaults:5)
  A jorogumo skeleton (Crypt:1)
  2 moths of wrath (shapeshifter) (D:15 Vaults:5)
  2 black mambas (Lair:4 Lair:5)
  An eleionoma skeleton (Crypt:1)
  2 stone giant skeletons (Crypt:3 Hell)
  10 rust devils (Hell Pan)
  14 molten gargoyles (Hell Geh:7)
  An iron dragon skeleton (Zig:14)
  A naga mage (D:15)
  4 naga skeletons (Crypt:2 Pan Tomb:3)
  A titan simulacrum (Coc:7)
  221 smoke demons (Depths:3 Depths:4 Abyss:1 Hell Pan)
  4 torpor snails (Spider:4)
  16 cane toads (Lair:2 Lair:3 Lair:4 Lair:5)
  6 eyes of devastation (Slime:2 Pan)
  13 ice statues (Swamp:4 Hell Pan Zig:4 Zig:8)
  A gargoyle (D:11)
  109 demonic crawlers (Spider:1 Spider:2 Spider:3 Pan)
  101 orange demons (Swamp:4 Abyss:1 Pan)
  3 dire elephant skeletons (Hell Pan)
  2 centaur skeletons (D:15)
  87 hellions (Pan Coc:2 Tar:1 Tar:3 Tar:5)
  16 rime drakes (Lair:4 IceCv)
  9 spectral swamp worms (Tar:7)
  An elephant slug zombie (Crypt:1)
  35 yaktaurs (Vaults:1 Vaults:2 Vaults:3 Vaults:4 Vaults:5)
  A grey draconian zombie (Crypt:3)
  An alligator snapping turtle skeleton (Crypt:2)
  3 efreet (D:14 Pan)
  5 freezing wraiths (D:15 Crypt:2 Coc:1 Coc:2)
  A bunyip simulacrum (Coc:1)
  A sea snake zombie (Hell)
  7 komodo dragons (D:12 Lair:2 Lair:3 Lair:4 Lair:5)
  A kobold demonologist (Pan)
  2 golden dragon simulacra (Coc:7)
  54 tormentors (Hell Pan Coc:6 Tar:5 Tar:6)
  A spectral skyshark (Lair:2)
  A pale draconian skeleton (Crypt:3)
  2 iron giant simulacra (Coc:3 Coc:7)
  29 ice devils (Hell Pan Zig:5 Zig:12)
  33 guardian mummies (Tomb:1 Tomb:2 Tomb:3 Zig:4)
  A sea snake skeleton (Hell)
  6 ancient zymes (Lair:2 Abyss:1 Abyss:2 Abyss:3)
  7 anaconda simulacra (Hell Coc:3 Coc:6 Coc:7)
  19 tengu conjurers (D:14 WizLab Depths:2 Depths:3)
  73 hellwings (Pan Zig:5)
  7 trolls (D:7 D:10 D:11 Orc:2 Zig:9)
  3 hydra zombies (Hell)
  A purple draconian skeleton (Crypt:1)
  3 harpy zombies (Crypt:2 Crypt:3 Tomb:1)
  2 bloated husks (Swamp:2)
  4 meliai (Spider:2 Spider:4)
  7 tyrant leeches (Lair:5 Swamp:2 Swamp:3 Swamp:4)
  8 raiju (Lair:2 Abyss:1 Abyss:2 Abyss:3)
  19 polar bears (Lair:4 Lair:5 IceCv)
  24 red devils (Depths:2 Pan)
  A queen bee (Lair:1)
  A wolf spider simulacrum (D:15)
  Grinder (D:5)
  25 tarantellas (Spider:1 Spider:2 Spider:3 Spider:4)
  32 blink frogs (Lair:2 Lair:3 Lair:4 Lair:5)
  9 hornets (Swamp:1 Swamp:2 Depths:3)
  6 saltlings (Orc:2)
  A spectral elephant (Lair:2)
  An iron dragon simulacrum (Coc:3)
  5 nameless horrors (Zot:1 Pan)
  A raiju (shapeshifter) (Vaults:5)
  2 alligator zombies (Crypt:3 Hell)
  A death drake skeleton (Crypt:3)
  4 harpy skeletons (D:15 Crypt:2 Hell Pan)
  3 ettin zombies (Crypt:3 Tomb:2)
  A dream sheep (shapeshifter) (Depths:3)
  106 slime creatures (D:12 D:13 D:14 Lair:4 Swamp:4)
  31 jumping spiders (Spider:1 Spider:2 Spider:3 Spider:4)
  24 flying skulls (Crypt:1 Crypt:2 Tomb:1 Tomb:2 Tomb:3)
  2 hydra skeletons (Hell)
  5 stone giant simulacra (Coc:1 Coc:2 Coc:3 Coc:7)
  A black mamba zombie (Tomb:3)
  A frost giant simulacrum (Zig:12)
  10 spriggans (Lair:2 Swamp:1 Swamp:2 Depths:3)
  3 air elementals (Elf:1 Elf:3)
  3 wyverns (D:10 Lair:1 Lair:3)
  A fire dragon skeleton (Crypt:1)
  145 ynoxinuls (Abyss:1 Abyss:3 Pan Trove Zig:5)
  4 naga simulacra (Crypt:1 Coc:1 Coc:2 Coc:7)
  An alligator skeleton (Hell)
  A centaur simulacrum (D:15)
  A spectral black mamba (Tar:1)
  26 vampires (D:10 D:12 Crypt:3)
  An ettin skeleton (Pan)
  2 shadows (Swamp:4)
  A black mamba skeleton (Pan)
  3 basilisks (D:10 Lair:1 Lair:4)
  20 culicivoras (Lair:2 Spider:1 Spider:2 Spider:3 Spider:4)
  3 fire bats (Pan)
  A wyvern (shapeshifter) (D:15)
  7 small abominations (Abyss:1 Abyss:2)
  8 water elementals (D:12 Elf:1 Elf:2 Depths:1 Depths:3)
  2 fire elementals (Elf:2 Elf:3)
  2 hogs (D:14)
  49 yaks (D:7 D:9 D:10 Lair:2 Lair:1)
  10 ushabtiu (Tomb:1 Tomb:2)
  10 wraiths (D:5 D:10 D:12 Crypt:1 Crypt:2)
  12 vampire mosquitoes (D:7 D:10 Lair:5 Swamp:2 Swamp:3)
  5 dire elephant simulacra (Crypt:1 Hell Coc:4 Coc:7)
  17 golden eyes (Slime:1 Slime:2 Slime:5 Pan)
  2 alligator snapping turtle simulacra (Coc:2 Coc:3)
  A fire bat (shapeshifter) (Elf:2)
  82 neqoxecs (Abyss:3 Pan)
  A steam dragon (D:7)
  118 chaos spawn (Depths:2 Pan)
  37 redbacks (Spider:1 Spider:2 Spider:3 Spider:4)
  213 large abominations (Swamp:4 Elf:1 Abyss:1 Abyss:2 Pan)
  19 harpy simulacra (Coc:1 Coc:2 Coc:3 Coc:4 Coc:6)
  A swamp worm (shapeshifter) (Vaults:1)
  17 swamp worms (Swamp:1 Swamp:2 Swamp:3 Swamp:4)
  5 wargs (D:11 Orc:2)
  3 acid dragons (D:10 D:11 D:12)
  13 water moccasins (D:6 D:7 Lair:2 Lair:3 Lair:4)
  5 floating eyes (Slime:2 Pan)
  3 hell hounds (Pan)
  4 swamp drakes (Swamp:1 Swamp:3)
  A deep troll skeleton (Pan)
  4 hydra simulacra (Coc:1 Coc:4)
  4 black bears (D:6 D:7 D:8 D:10)
  A fire dragon simulacrum (Coc:1)
  4 ice beasts (D:5 D:6 D:7 Zig:12)
  2 merfolk skeletons (Crypt:3 Tomb:2)
  2 sky beasts (D:6 D:7)
  5 ettin simulacra (Coc:2 Coc:4 Coc:5 Coc:6)
  29 orc warriors (D:6 D:10 D:11 Orc:1 Orc:2)
  A blink frog zombie (Crypt:2)
  A lindwurm zombie (Crypt:2)
  13 ogres (D:4 D:6 D:7 D:14 D:11)
  6 wolves (Lair:2 Lair:3)
  A boggart (Vaults:1)
  A lemure (D:7)
  14 centaurs (D:10 D:12 D:15)
  2 phantoms (D:4 D:5)
  A hog skeleton (Crypt:2)
  23 bullfrogs (D:7 D:8 D:9 Lair:1 Lair:2)
  An elf zombie (Crypt:2)
  10 necrophages (D:4 D:5 D:8 Crypt:1 Crypt:2)
  2 kobold brigands (D:7 D:11)
  4 earth elementals (Elf:1 Elf:2 Elf:3)
  2 scorpions (D:5)
  2 gnoll sergeants (D:7 D:11)
  A cyclops zombie (Crypt:2)
  A hornet simulacrum (D:15)
  6 wights (D:9 D:10)
  A swamp dragon simulacrum (Coc:2)
  A polar bear skeleton (Crypt:2)
  33 killer bees (D:7 D:9 D:10 Lair:1)
  8 howler monkeys (D:5 D:9 D:13 D:14)
  3 electric eels (Spider:1 Spider:4 Elf:3)
  3 hounds (D:5 D:6)
  A quasit (Abyss:1)
  4 jellies (D:4 D:6 D:7)
  A gnoll bouda (D:3)
  20 orc priests (D:5 D:7 D:8 D:9 D:10)
  A basilisk zombie (Crypt:3)
  3 iguanas (D:5 D:6)
  Jessica (D:2)
  A boggart zombie (Crypt:2)
  6 hell rats (Lair:4)
  Natasha (thrice) (D:2)
  26 orc wizards (D:4 D:5 D:6 D:8 D:9)
  3 yak simulacra (Lair:3)
  3 polar bear simulacra (Lair:3)
  4 wolf simulacra (Lair:3)
  An ogre zombie (Crypt:1)
  An acid dragon skeleton (Crypt:1)
  26 mummies (Tomb:1 Tomb:2 Tomb:3 Zig:4)
  13 gnolls (D:3 D:4 D:5 D:11)
  7 adders (D:2 D:3 D:4 D:5)
  A shadow imp (Pan)
  5 white imps (D:5 D:6 D:7)
  An ufetubus (D:6)
  A worm (D:4)
  70 orcs (D:4 D:5 D:6 D:7 D:8)
  11 endoplasms (D:1 D:2 D:3 D:4)
  3 giant cockroaches (D:1 D:4)
  12 goblins (D:1 D:2 D:4)
  4 hobgoblins (D:2 D:4)
  8 kobolds (D:1 D:2 D:11)
  4 quokkas (D:1 D:2 D:4)
  8 ball pythons (D:1 D:3 D:4)
  10 bats (D:1 D:2 D:3)
  3 frilled lizards (D:1 D:3)
  An orc zombie (Crypt:1)
  6 rats (D:1 D:2 D:3)
  A river rat simulacrum (Lair:3)
  9 creeping infernos (Geh:2 Geh:3 Geh:5 Geh:6 Geh:7)
  32 fire vortices (Pan Geh:1 Geh:2 Geh:4 Geh:5)
  2 starspawn tentacles (Abyss:1)
6100 creatures vanquished.

Vanquished Creatures (collateral kills)
  Cerebov (Pan)
  11 pandemonium lords (Pan)
  Antaeus (Coc:7)
  An ancient lich (Zig:8)
  2 juggernauts (Depths:3 Zig:7)
  6 royal mummies (Tomb:2 Tomb:3 Zig:14)
  7 shard shrikes (Zig:12 Coc:3 Coc:4)
  A Killer Klown (Zot:5)
  4 caustic shrikes (Dis:5)
  4 bone dragons (Tar:4 Tar:5)
  5 Brimstone Fiends (Pan Zig:11)
  A doom hound (Tar:4)
  5 Tzitzimimeh (Pan)
  9 Ice Fiends (Pan Coc:3 Coc:5 Coc:7)
  5 Hell Sentinels (Pan Dis:7)
  A tentacled monstrosity (Zot:2)
  3 searing wretches (Zig:11 Geh:4)
  2 liches (Hell Tomb:3)
  A titan (Coc:4)
  3 death cobs (Zot:2 Zot:3)
  5 acid blobs (Slime:3 Slime:5)
  5 ancient champions (Tomb:2 Tomb:3 Dis:5)
  4 Orb Guardians (Zot:5)
  6 Executioners (Pan)
  2 shadow dragons (Zot:1 Zot:3)
  4 demonspawn warmongers (Pan)
  2 draconian monks (Zot:3)
  2 rockslimes (Slime:1 Slime:5)
  A storm dragon (Zot:3)
  3 azure jellies (Slime:5)
  3 nagarajas (Zig:15)
  2 narguns (Coc:5)
  A frost giant (Zig:12)
  3 draconian knights (Zot:1 Zot:3 Zig:12)
  3 draconian scorchers (Zot:1 Zot:3)
  A vault warden (Zig:8)
  A quicksilver elemental (Dis:5)
  10 balrugs (Pan Zig:11 Geh:1)
  3 orc warlords (Zig:7 Zig:9)
  A shard shrike simulacrum (Coc:5)
  10 reapers (Hell Pan Tar:5)
  5 draconian annihilators (Zot:2 Zot:3 Zig:10)
  2 demonspawn corrupters (Pan)
  An ironbound preserver (Vaults:4)
  A war gargoyle (Dis:7)
  A draconian stormcaller (Zot:3)
  A juggernaut skeleton (Zig:4)
  6 cacodemons (Pan)
  4 demonspawn blood saints (Pan)
  A stone giant (Depths:4)
  A vampire knight (Depths:4)
  8 black draconians (Zot:3 Zig:10)
  4 demonspawn black suns (Pan)
  An eleionoma (Zig:13)
  3 lorocyprocas (Pan)
  2 putrid mouths (Tar:4 Tar:5)
  4 green draconians (Zot:2 Zot:3 Zig:10)
  2 elemental wellsprings (Coc:5)
  2 wendigos (Coc:4 Coc:5)
  3 white draconians (Zot:1 Zot:3 Zot:5)
  5 yellow draconians (Zot:2 Zot:3 Zig:10)
  A bennu (Zig:14)
  6 purple draconians (Zot:3 Zot:5)
  4 red draconians (Zot:3 Zig:10)
  10 blizzard demons (Pan Zig:12)
  5 green deaths (Pan Zig:13)
  7 mummy priests (Tomb:2 Tomb:3 Zig:14)
  A yaktaur captain (Vaults:5)
  A hydra (Zig:13)
  A spriggan zombie (Zig:14)
  22 vault guards (Vaults:5)
  3 hell beasts (Depths:4 Pan)
  A ghost crab (Zig:13)
  An alligator (Zig:13)
  7 salamander tyrants (Zig:15 Geh:1)
  An anaconda (Zig:15)
  An ice dragon (Zot:4)
  A dancing weapon (Elf:1)
  13 death scarabs (Tomb:3 Zig:14)
  A two-headed ogre (Zig:9)
  A tengu warrior (Depths:4)
  A deep troll shaman (Depths:4)
  6 hell hogs (Depths:4 Zig:11 Geh:1 Geh:4)
  A naga warrior (Zig:15)
  3 naga sharpshooters (Zig:15)
  14 soul eaters (Depths:4 Hell Pan)
  4 hell knights (Depths:4)
  2 titan skeletons (Pan Zig:14)
  3 crystal echidnas (Dis:2 Dis:4 Dis:5)
  38 sun demons (Depths:4 Pan)
  5 skeletal warriors (Hell Tomb:2 Tomb:3)
  5 sixfirhies (Pan)
  A salamander mystic (Zig:15)
  3 deep trolls (Depths:4)
  A spriggan druid (Zig:13)
  2 swamp dragons (Zig:13)
  An orc knight (Vaults:5)
  4 shadow demons (Pan)
  3 naga ritualists (Zig:15)
  An ironbound convoker (Vaults:2)
  A phantasmal warrior (Hell)
  A golden dragon skeleton (Zig:14)
  4 spriggan simulacra (Coc:3 Coc:4)
  2 necromancers (Depths:4 Hell)
  2 mana vipers (Zig:15)
  A will-o-the-wisp (Zig:13)
  3 orc sorcerers (Vaults:5 Zig:3 Zig:7)
  2 shining eyes (Slime:5)
  5 moths of wrath (Zot:1 Zot:2 Zot:3 Zot:5 Zig:9)
  2 salamanders (Depths:4)
  2 cyclopes (Zig:7 Zig:9)
  A guardian serpent (Zig:15)
  2 rust devils (Pan)
  4 ice statues (Zig:8 Zig:13)
  An eye of devastation (Slime:3)
  4 demonic crawlers (Hell Pan)
  5 black mambas (Zig:15)
  20 smoke demons (Depths:4 Pan)
  4 naga magi (Zig:15)
  7 orange demons (Pan)
  2 titan simulacra (Coc:4 Coc:5)
  14 hellions (Pan Zig:11 Coc:3)
  A centaur skeleton (Hell)
  5 efreet (Pan)
  5 ice devils (Pan Zig:12)
  6 tormentors (Pan Coc:4)
  3 freezing wraiths (Zig:8 Coc:3 Coc:4)
  A red devil (Pan)
  3 golden dragon simulacra (Zig:12 Coc:4 Coc:6)
  24 guardian mummies (Tomb:2 Tomb:3 Zig:14)
  2 trolls (Zig:9)
  6 hellwings (Pan)
  2 tyrant leeches (Zig:13)
  A harpy skeleton (Hell)
  An iron dragon simulacrum (Coc:3)
  10 large abominations (Pan)
  7 flying skulls (Tomb:2 Tomb:3)
  8 slime creatures (Slime:3 Slime:2 Slime:5)
  10 ynoxinuls (Pan Trove)
  A fire bat (Pan)
  4 ushabtiu (Tomb:2 Zig:14)
  2 dire elephant simulacra (Coc:3 Coc:5)
  A golden eye (Slime:1)
  3 neqoxecs (Pan)
  16 chaos spawn (Pan)
  3 nagas (Zig:15)
  A warg (Zig:7)
  4 harpy simulacra (Coc:3 Coc:5 Coc:6)
  2 hydra simulacra (Coc:5)
  A hell hound (Hell)
  12 orc warriors (Vaults:5 Zig:3 Zig:7 Zig:9)
  An ice beast (Zig:12)
  4 ogres (Zig:3 Zig:7 Zig:9)
  4 orc priests (Vaults:5 Zig:3 Zig:7 Zig:9)
  3 orc wizards (Zig:7 Zig:9)
  23 mummies (Tomb:1 Tomb:2 Tomb:3 Zig:14)
  An orc (Vaults:5)
  2 fire vortices (Pan)
660 creatures vanquished.

Vanquished Creatures (others)
  A caustic shrike (Dis:5)
  A tainted leviathan (Tar:7)
  3 eldritch tentacles (Pan)
  A death cob (Zot:1)
  A draconian monk (Zot:3)
  A draconian knight (Zot:3)
  A cacodemon (Pan)
  An orc warlord (Zig:9)
  2 shard shrike simulacra (Coc:6)
  A reaper (Hell)
  A draconian shifter (Zot:2)
  A war gargoyle (Dis:7)
  A demonspawn blood saint (Pan)
  A draconian annihilator (Pan)
  2 elemental wellsprings (Coc:5 Coc:6)
  2 red draconians (Zot:2 Zot:3)
  A green draconian (Zot:1)
  A wendigo (Coc:3)
  2 yellow draconians (Zot:2)
  A purple draconian (Zot:3)
  2 white draconians (Zot:3)
  2 blizzard demons (Pan)
  2 vault guards (Vaults:5)
  An ice dragon (Zig:12)
  A caustic shrike simulacrum (Coc:3)
  2 hydras (Zig:13)
  A centaur warrior (Vaults:2)
  2 juggernaut simulacra (Coc:3)
  3 death scarabs (Tomb:3 Zig:14)
  A hell hog (Zig:11)
  A sun demon (Depths:4)
  A soul eater (Pan)
  3 skeletal warriors (Hell Tomb:3)
  A quicksilver dragon simulacrum (Coc:4)
  A deep troll (Depths:4)
  A wizard (Pan)
  A swamp dragon (Zig:13)
  2 moths of wrath (Zot:1 Zot:2)
  A black mamba (Zig:15)
  A titan simulacrum (Coc:7)
  4 hellions (Pan Zig:11 Geh:4)
  A golden dragon simulacrum (Coc:6)
  2 anaconda simulacra (Coc:7)
  10 guardian mummies (Tomb:3 Zig:14)
  A bloated husk (Swamp:2)
  A stone giant simulacrum (Coc:7)
  A large abomination (Pan)
  An iron dragon simulacrum (Coc:7)
  4 flying skulls (Tomb:2 Zig:14)
  A dire elephant simulacrum (Coc:3)
  A chaos spawn (Pan)
  A neqoxec (Pan)
  A warg (Zig:9)
  3 harpy simulacra (Coc:3 Coc:6)
  2 hell hounds (Hell)
  4 dancing weapons (D:4 D:7 D:11 Lair:5)
  An ettin simulacrum (Crypt:1)
  An ogre (Zig:9)
  2 mummies (Zig:14)
  An orc (Orc:1)
  3 ball lightnings (Pan)
  A creeping inferno (Geh:4)
  4 demonic plants (Pan)
  2 fire vortices (Pan)
  12 foxfires (Swamp:1 Swamp:2 Zig:13)
  21 fungi (Lair:2 Lair:3 Lair:4 Lair:5)
  2 pillars of salt (Orc:2)
  92 plants (Lair:1 Lair:2 Lair:4 Lair:5 D:14)
  6 starspawn tentacles (Abyss:3 Pan)
  12 tentacles (Tar:7)
254 creatures vanquished.

Grand Total: 7014 creatures vanquished

Table legend: (Time is in decaauts)
 A = Elapsed time spent in this place.
 B = Non-inter-level travel time spent in this place.
 C = Inter-level travel time spent in this place.
 D = Time resting spent in this place.
 E = Time spent auto-exploring this place.
 F = Levels seen in this place.
 G = Mean time per level.
                   A        B        C        D        E       F      G
               +--------+--------+--------+--------+--------+-----+--------+
         Total | 158066 | 136611 |  21455 |  22146 |  52367 | 168 |  940.9 |
       Dungeon |  19893 |  14360 |   5533 |   1678 |   8519 |  15 | 1326.2 |
        Temple |    221 |    199 |     22 |      0 |    184 |   1 |  221.0 |
          Lair |   9427 |   6911 |   2516 |   1147 |   3985 |   5 | 1885.4 |
         Swamp |   2507 |   2233 |    274 |    147 |   1258 |   4 |  626.8 |
   Spider Nest |   4080 |   3680 |    400 |    244 |   2275 |   4 | 1020.0 |
    Slime Pits |   4071 |   3388 |    683 |    434 |   1710 |   5 |  814.2 |
  Orcish Mines |   2484 |   1495 |    989 |     93 |    802 |   2 | 1242.0 |
   Elven Halls |   5019 |   3924 |   1095 |    944 |   1625 |   3 | 1673.0 |
        Vaults |   8570 |   6021 |   2549 |    294 |   3728 |   5 | 1714.0 |
         Crypt |   4493 |   3573 |    920 |    467 |   1186 |   3 | 1497.7 |
          Tomb |   3320 |   2750 |    570 |    643 |    606 |   3 | 1106.7 |
        Depths |   7901 |   4566 |   3335 |    786 |   2090 |   4 | 1975.2 |
          Hell |   1454 |   1326 |    128 |    100 |    273 |   1 | 1454.0 |
           Dis |   3848 |   3544 |    304 |   1159 |    271 |   7 |  549.7 |
       Gehenna |   4613 |   4349 |    264 |   1394 |   1135 |   7 |  659.0 |
       Cocytus |   3377 |   3237 |    140 |    846 |    615 |   7 |  482.4 |
      Tartarus |   4424 |   3947 |    477 |    752 |    867 |   7 |  632.0 |
           Zot |   8194 |   6943 |   1251 |   1872 |   1972 |   5 | 1638.8 |
         Abyss |    820 |    820 |      0 |     36 |    439 |   3 |  273.3 |
   Pandemonium |  55903 |  55903 |      0 |   8203 |  18341 |  59 |  947.5 |
      Ziggurat |   1855 |   1855 |      0 |    628 |     51 |  15 |  123.7 |
         Trove |    250 |    250 |      0 |      0 |      0 |   1 |  250.0 |
      Ice Cave |    529 |    529 |      0 |     29 |    276 |   1 |  529.0 |
        Wizlab |    803 |    803 |      0 |    243 |    157 |   1 |  803.0 |
               +--------+--------+--------+--------+--------+-----+--------+

Top non-repeatable levels by time:
  Lair:4: 3013 daAuts
   Tar:7: 2593 daAuts
Depths:2: 2448 daAuts
   Zot:1: 2261 daAuts
Depths:1: 2232 daAuts
    D:15: 2080 daAuts
 Crypt:3: 2067 daAuts
   Dis:7: 2061 daAuts
Vaults:1: 2049 daAuts
     D:7: 2032 daAuts
Vaults:3: 2009 daAuts
   Geh:7: 1969 daAuts
  Lair:3: 1924 daAuts
   Elf:3: 1915 daAuts
    D:13: 1900 daAuts

Table legend:
 A = Non-vault XP
 B = Vault XP
 C = Vault XP percentage of total XP
 D = Non-vault monster count
 E = Vault monster count
 F = Vault count percentage of total count
                 A         B        C        D         E       F
            +---------+---------+-------+---------+---------+-------
      Total | 3154763 | 2133545 |  40.3 |    4546 |    2188 |  32.5
            +---------+---------+-------+---------+---------+-------
        D:1 |      38 |       0 |   0.0 |      24 |       0 |   0.0
        D:2 |     124 |      80 |  39.2 |      16 |       6 |  27.3
        D:3 |      78 |       0 |   0.0 |      10 |       0 |   0.0
        D:4 |     490 |       0 |   0.0 |      29 |       0 |   0.0
        D:5 |     910 |     658 |  42.0 |      22 |       7 |  24.1
        D:6 |    1136 |       0 |   0.0 |      23 |       0 |   0.0
        D:7 |    1132 |    4499 |  79.9 |      14 |      13 |  48.1
        D:8 |     768 |       0 |   0.0 |      22 |       0 |   0.0
        D:9 |    2509 |       0 |   0.0 |      26 |       0 |   0.0
       D:10 |    1464 |    4059 |  73.5 |      10 |      18 |  64.3
       D:11 |    3328 |    1049 |  24.0 |      37 |       9 |  19.6
       D:12 |    4097 |    1892 |  31.6 |      15 |       2 |  11.8
       D:13 |    9741 |    5570 |  36.4 |      19 |       7 |  26.9
       D:14 |    6524 |   11177 |  63.1 |      16 |      18 |  52.9
       D:15 |    8128 |    4487 |  35.6 |      25 |      10 |  28.6
     Lair:1 |     983 |    1851 |  65.3 |       6 |      26 |  81.2
     Lair:2 |    3008 |    7028 |  70.0 |      14 |      14 |  50.0
     Lair:3 |    4784 |     968 |  16.8 |      18 |      12 |  40.0
     Lair:4 |   10659 |   20818 |  66.1 |      45 |      25 |  35.7
     Lair:5 |   10331 |   13126 |  56.0 |      30 |      41 |  57.7
    Swamp:1 |   13384 |    4175 |  23.8 |      23 |       6 |  20.7
    Swamp:2 |   10926 |       0 |   0.0 |      28 |       0 |   0.0
    Swamp:3 |   13687 |       0 |   0.0 |      23 |       0 |   0.0
    Swamp:4 |    8973 |   20257 |  69.3 |      20 |      34 |  63.0
   Spider:1 |   13959 |       0 |   0.0 |      39 |       0 |   0.0
   Spider:2 |   16088 |       0 |   0.0 |      38 |       0 |   0.0
   Spider:3 |   18575 |    4310 |  18.8 |      41 |       2 |   4.7
   Spider:4 |   12691 |   30712 |  70.8 |      30 |      56 |  65.1
    Slime:1 |   14393 |       0 |   0.0 |      17 |       0 |   0.0
    Slime:2 |   11194 |    4021 |  26.4 |      25 |       8 |  24.2
    Slime:3 |   16008 |    3468 |  17.8 |      26 |       4 |  13.3
    Slime:4 |   12254 |    7788 |  38.9 |      20 |       6 |  23.1
    Slime:5 |    3242 |   23325 |  87.8 |      10 |      17 |  63.0
      Orc:1 |    2510 |       0 |   0.0 |      16 |       0 |   0.0
      Orc:2 |    5492 |   10225 |  65.1 |      53 |      27 |  33.8
      Elf:1 |    7332 |   11407 |  60.9 |      12 |      18 |  60.0
      Elf:2 |   13294 |   21829 |  62.2 |      23 |      28 |  54.9
      Elf:3 |   21106 |   35296 |  62.6 |      35 |      29 |  45.3
   Vaults:1 |   21090 |   22066 |  51.1 |      33 |      30 |  47.6
   Vaults:2 |   30779 |   19798 |  39.1 |      47 |      24 |  33.8
   Vaults:3 |   21228 |   23263 |  52.3 |      28 |      26 |  48.1
   Vaults:4 |   33437 |   30099 |  47.4 |      42 |      37 |  46.8
   Vaults:5 |   25732 |  105630 |  80.4 |      34 |      83 |  70.9
    Crypt:1 |   17811 |    7597 |  29.9 |      33 |       6 |  15.4
    Crypt:2 |   44896 |       0 |   0.0 |      69 |       0 |   0.0
    Crypt:3 |   17722 |   40385 |  69.5 |      28 |      63 |  69.2
     Tomb:1 |    9347 |   79436 |  89.5 |      28 |      47 |  62.7
     Tomb:2 |   15932 |   30354 |  65.6 |      39 |      41 |  51.2
     Tomb:3 |   14137 |   85919 |  85.9 |      31 |      88 |  73.9
   Depths:1 |   13279 |   12246 |  48.0 |      18 |      10 |  35.7
   Depths:2 |   46037 |   19732 |  30.0 |      51 |      20 |  28.2
   Depths:3 |   24052 |   23309 |  49.2 |      31 |      19 |  38.0
   Depths:4 |   22250 |   22183 |  49.9 |      31 |      25 |  44.6
       Hell |   17529 |   37879 |  68.4 |      28 |      58 |  67.4
      Dis:1 |    9476 |       0 |   0.0 |       8 |       0 |   0.0
      Dis:2 |   17498 |       0 |   0.0 |      14 |       0 |   0.0
      Dis:3 |    7500 |       0 |   0.0 |       7 |       0 |   0.0
      Dis:4 |   39058 |       0 |   0.0 |      22 |       0 |   0.0
      Dis:5 |   25780 |    4743 |  15.5 |      14 |       5 |  26.3
      Dis:6 |   12853 |    8837 |  40.7 |      13 |       5 |  27.8
      Dis:7 |   56202 |  134955 |  70.6 |      28 |      83 |  74.8
      Geh:1 |   12681 |       0 |   0.0 |      14 |       0 |   0.0
      Geh:2 |   13494 |       0 |   0.0 |      15 |       0 |   0.0
      Geh:3 |   11543 |       0 |   0.0 |      10 |       0 |   0.0
      Geh:4 |   13209 |       0 |   0.0 |      12 |       0 |   0.0
      Geh:5 |   11838 |   17978 |  60.3 |       9 |      14 |  60.9
      Geh:6 |   20290 |       0 |   0.0 |      15 |       0 |   0.0
      Geh:7 |   21012 |   49979 |  70.4 |      13 |      43 |  76.8
      Coc:1 |   17817 |       0 |   0.0 |      20 |       0 |   0.0
      Coc:2 |    9760 |       0 |   0.0 |      16 |       0 |   0.0
      Coc:3 |   18994 |       0 |   0.0 |      26 |       0 |   0.0
      Coc:4 |   28542 |       0 |   0.0 |      35 |       0 |   0.0
      Coc:5 |   23049 |       0 |   0.0 |      24 |       0 |   0.0
      Coc:6 |   30033 |       0 |   0.0 |      28 |       0 |   0.0
      Coc:7 |   35566 |   69048 |  66.0 |      37 |      50 |  57.5
      Tar:1 |   13867 |       0 |   0.0 |      14 |       0 |   0.0
      Tar:2 |   12921 |       0 |   0.0 |      10 |       0 |   0.0
      Tar:3 |   12896 |       0 |   0.0 |       9 |       0 |   0.0
      Tar:4 |   23366 |       0 |   0.0 |      13 |       0 |   0.0
      Tar:5 |   32219 |    4480 |  12.2 |      16 |       5 |  23.8
      Tar:6 |   17585 |       0 |   0.0 |      10 |       0 |   0.0
      Tar:7 |   40595 |  114905 |  73.9 |      23 |      71 |  75.5
      Zot:1 |   45957 |   18379 |  28.6 |      39 |      12 |  23.5
      Zot:2 |   41369 |   23259 |  36.0 |      37 |      20 |  35.1
      Zot:3 |   43163 |   28519 |  39.8 |      40 |      24 |  37.5
      Zot:4 |   27526 |   11488 |  29.4 |      21 |       9 |  30.0
      Zot:5 |   24697 |  104823 |  80.9 |      17 |      43 |  71.7
    Abyss:1 |   10513 |       0 |   0.0 |      25 |       0 |   0.0
    Abyss:2 |    7760 |       0 |   0.0 |      13 |       0 |   0.0
    Abyss:3 |    6236 |    7861 |  55.8 |      14 |       9 |  39.1
        Pan | 1518409 |  665421 |  30.5 |    2180 |     678 |  23.7
      Zig:1 |    1239 |       0 |   0.0 |       2 |       0 |   0.0
      Zig:2 |    4031 |       0 |   0.0 |       2 |       0 |   0.0
      Zig:3 |    1530 |       0 |   0.0 |       9 |       0 |   0.0
      Zig:4 |    3442 |    2180 |  38.8 |       5 |       4 |  44.4
      Zig:5 |    6149 |       0 |   0.0 |       7 |       0 |   0.0
      Zig:6 |    9196 |       0 |   0.0 |       5 |       0 |   0.0
      Zig:7 |    8636 |       0 |   0.0 |      14 |       0 |   0.0
      Zig:8 |   18480 |    1821 |   9.0 |       7 |       4 |  36.4
      Zig:9 |    7839 |       0 |   0.0 |      22 |       0 |   0.0
     Zig:10 |   12994 |       0 |   0.0 |      13 |       0 |   0.0
     Zig:11 |   16776 |       0 |   0.0 |      16 |       0 |   0.0
     Zig:12 |   20701 |       0 |   0.0 |      18 |       0 |   0.0
     Zig:13 |   17424 |    2087 |  10.7 |      22 |       4 |  15.4
     Zig:14 |   27412 |       0 |   0.0 |      36 |       0 |   0.0
     Zig:15 |   23042 |       0 |   0.0 |      36 |       0 |   0.0
      Trove |       0 |     826 | 100.0 |       0 |       4 | 100.0
      IceCv |       0 |   22001 | 100.0 |       0 |      45 | 100.0
     WizLab |       0 |   25984 | 100.0 |       0 |      36 | 100.0
            +---------+---------+-------+---------+---------+-------
